Workbook
Name About_AI: #REF!
Name About_AI: #REF!
Name About_AI: #REF!
Name About_AI: #REF!
Name About_AI: #REF!
Name About_AI: #REF!
Name About_AI: #REF!
Name About_AI_Summ: #REF!
Name About_AI_Summ: #REF!
Name AI_Version: [1]Опции!$B$5
Name AI_Version: [1]Опции!$B$5
Name AI_Version: [1]Опции!$B$5
Name AI_Version: [1]Опции!$B$5
Name bc0yield: '[2]Базовая информация'!#REF!
Name bc0yield: '[2]Базовая информация'!#REF!
Name bc0yield: '[2]Базовая информация'!#REF!
Name bc10yield: '[2]Базовая информация'!#REF!
Name bc10yield: '[2]Базовая информация'!#REF!
Name bc10yield: '[2]Базовая информация'!#REF!
Name bc11yield: '[2]Базовая информация'!#REF!
Name bc11yield: '[2]Базовая информация'!#REF!
Name bc11yield: '[2]Базовая информация'!#REF!
Name bc12yield: '[2]Базовая информация'!#REF!
Name bc12yield: '[2]Базовая информация'!#REF!
Name bc12yield: '[2]Базовая информация'!#REF!
Name bc1yield: '[2]Базовая информация'!#REF!
Name bc1yield: '[2]Базовая информация'!#REF!
Name bc1yield: '[2]Базовая информация'!#REF!
Name bc2yield: '[2]Базовая информация'!#REF!
Name bc2yield: '[2]Базовая информация'!#REF!
Name bc2yield: '[2]Базовая информация'!#REF!
Name bc3yield: '[2]Базовая информация'!#REF!
Name bc3yield: '[2]Базовая информация'!#REF!
Name bc3yield: '[2]Базовая информация'!#REF!
Name bc4yield: '[2]Базовая информация'!#REF!
Name bc4yield: '[2]Базовая информация'!#REF!
Name bc4yield: '[2]Базовая информация'!#REF!
Name bc5yield: '[2]Базовая информация'!#REF!
Name bc5yield: '[2]Базовая информация'!#REF!
Name bc5yield: '[2]Базовая информация'!#REF!
Name bc6yield: '[2]Базовая информация'!#REF!
Name bc6yield: '[2]Базовая информация'!#REF!
Name bc6yield: '[2]Базовая информация'!#REF!
Name bc7yield: '[2]Базовая информация'!#REF!
Name bc7yield: '[2]Базовая информация'!#REF!
Name bc7yield: '[2]Базовая информация'!#REF!
Name bc8yield: '[2]Базовая информация'!#REF!
Name bc8yield: '[2]Базовая информация'!#REF!
Name bc8yield: '[2]Базовая информация'!#REF!
Name bc9yield: '[2]Базовая информация'!#REF!
Name bc9yield: '[2]Базовая информация'!#REF!
Name bc9yield: '[2]Базовая информация'!#REF!
Name bcplants: '[2]Базовая информация'!#REF!
Name bcplants: '[2]Базовая информация'!#REF!
Name bcplants: '[2]Базовая информация'!#REF!
Name bcy0: '[2]Базовая информация'!#REF!
Name bcy0: '[2]Базовая информация'!#REF!
Name bcy0: '[2]Базовая информация'!#REF!
Name CalcMethod: [1]Проект!$F$34
Name CalcMethod: [1]Проект!$F$34

Sheet Допущения
A1: Заказчик: ИП Глава крестьянско-фермерского хозяйства Жирова Вера Валериевна
A2: Ввод объекта | C2: Этапы развития проекта | E2: Ввод в действие (запуск) | F2: Продолжительность запуска, мес.
C3: начало | D3: окончание
A4: Ввод объекта | C4: 45901 | D4: =EDATE(C4,F4) -> 45992 | E4: =DATE(YEAR(D4),MONTH(D4)+0,1) -> 45992 | F4: 3
A6: Наименование | B6: Ед. изм. | C6: Значение | D6: Примечание
A7: Объем производства
A8: Свиные полутуши | B8: кг/мес. | C8: 240000
A9: Говядина четверти | B9: кг/мес. | C9: 120000
A10: Тушки куриные | B10: кг/мес. | C10: 120000
A11: Тушки индейки | B11: кг/мес. | C11: 120000
A12: Котлеты замороженные | B12: кг/мес. | C12: 105000
A13: Шашлык маринованный | B13: кг/мес. | C13: 150000
A14: Фрикадельки | B14: кг/мес. | C14: 105000
A15: Пельмени | B15: кг/мес. | C15: 100000
A16: - | B16: кг/мес. | C16: 0
A17: - | B17: кг/мес. | C17: 0
A19: Стоимость реализации, с НДС
A20: =A8 -> Свиные полутуши | B20: руб./кг | C20: 202
A21: =A9 -> Говядина четверти | B21: руб./кг | C21: 475
A22: =A10 -> Тушки куриные | B22: руб./кг | C22: 190
A23: =A11 -> Тушки индейки | B23: руб./кг | C23: 250
A24: =A12 -> Котлеты замороженные | B24: руб./кг | C24: 300
A25: =A13 -> Шашлык маринованный | B25: руб./кг | C25: 280
A26: =A14 -> Фрикадельки | B26: руб./кг | C26: 280
A27: =A15 -> Пельмени | B27: руб./кг | C27: 290
A28: =A16 -> - | B28: руб./кг | C28: 0
A29: =A17 -> - | B29: руб./кг | C29: 0
A31: Себестоимость, с НДС
A32: =A20 -> Свиные полутуши | B32: руб./ед. | C32: 160
A33: =A21 -> Говядина четверти | B33: руб./ед. | C33: 160
A34: =A22 -> Тушки куриные | B34: руб./ед. | C34: 110
A35: =A23 -> Тушки индейки | B35: руб./ед. | C35: 120
A36: =A24 -> Котлеты замороженные | B36: руб./ед. | C36: 190
A37: =A25 -> Шашлык маринованный | B37: руб./ед. | C37: 190
A38: =A26 -> Фрикадельки | B38: руб./ед. | C38: 170
A39: =A27 -> Пельмени | B39: руб./ед. | C39: 170
A40: =A28 -> - | B40: руб./ед. | C40: 0
A41: =A29 -> - | B41: руб./ед. | C41: 0
A43: Условно постоянные расходы, с НДС
A44: Производственные
A45: Э/э | B45: руб./мес. | C45: 1108800
A46: Коммунальные платежи | B46: руб./мес. | C46: 60000
A47: ГСМ | B47: руб./мес. | C47: 50000
A48: - | B48: руб./мес.
A49: - | B49: руб./мес.
A50: - | B50: руб./мес.
A51: - | B51: руб./мес.
A52: Маркетинговые
A53: Онлайн-реклама | B53: руб./мес. | C53: 150000
A54: Оффлайн-реклама | B54: руб./мес. | C54: 50000
A55: Управление
A56: Банковские услуги | B56: руб./мес. | C56: 10000
A57: Интернет и связь | B57: руб./мес. | C57: 10000
A58: Дезинфекция | B58: руб./мес. | C58: 12000
A59: Канцелярские товары | B59: руб./мес. | C59: 5000
A60: Расходы на поддержку сайта | B60: руб./мес. | C60: 1500
A61: - | B61: руб./мес. | C61: 0
A62: - | B62: руб./мес. | C62: 0
A63: - | B63: руб./мес. | C63: 0
A64: - | B64: руб./мес. | C64: 0
A66: Прочие допущения
A67: Процент на прочие расходы | B67: % | C67: 0.03
A68: НДС | B68: % | C68: 0.2
A69: Ставка налога на прибыль | B69: % | C69: 0.25
A70: Процент налоговых отчислений на зарплату сотрудников | B70: % | C70: 0.43
A71: Ставка дисконтирования годовая | B71: % | C71: =WACC!$D$21*'Анализ чувствительности'!$B$16/100 -> 0.23440044

Sheet Сезонность
A1: Порядковый № месяца в году | B1: 1 | C1: 2 | D1: 3 | E1: 4 | F1: 5 | G1: 6 | H1: 7 | I1: 8 | J1: 9 | K1: 10 | L1: 11 | M1: 12
A2: Загрузка, % от максимальной за год | B2: янв. | C2: фев. | D2: мар. | E2: апр. | F2: май | G2: июнь | H2: июль | I2: авг. | J2: сен. | K2: окт. | L2: нояб. | M2: дек.
A3: Сезонность продаж | B3: 1 | C3: 1 | D3: 1 | E3: 1 | F3: 1 | G3: 1 | H3: 1 | I3: 1 | J3: 1 | K3: 1 | L3: 1 | M3: 1
A5: Средний чек, % от максимальной за год | B5: янв. | C5: фев. | D5: мар. | E5: апр. | F5: май | G5: июнь | H5: июль | I5: авг. | J5: сен. | K5: окт. | L5: нояб. | M5: дек.
A6: Сезонность цен | B6: 1 | C6: 1 | D6: 1 | E6: 1 | F6: 1 | G6: 1 | H6: 1 | I6: 1 | J6: 1 | K6: 1 | L6: 1 | M6: 1

Sheet Цены
A1: Квартал (порядковый № в году) | L1: =IF(OR(MONTH(L3)=1,MONTH(L3)=2,MONTH(L3)=3),1,IF(OR(MONTH(L3)=4,MONTH(L3)=5,MONTH(L3)=6),2,IF(OR(MONTH(L3)=7,MONTH(L3)=8,MONTH(L3)=9),3,4))) -> 3 | M1: =IF(OR(MONTH(M3)=1,MONTH(M3)=2,MONTH(M3)=3),1,IF(OR(MONTH(M3)=4,MONTH(M3)=5,MONTH(M3)=6),2,IF(OR(MONTH(M3)=7,MONTH(M3)=8,MONTH(M3)=9),3,4))) -> 4 | N1: =IF(OR(MONTH(N3)=1,MONTH(N3)=2,MONTH(N3)=3),1,IF(OR(MONTH(N3)=4,MONTH(N3)=5,MONTH(N3)=6),2,IF(OR(MONTH(N3)=7,MONTH(N3)=8,MONTH(N3)=9),3,4))) -> 4 | O1: =IF(OR(MONTH(O3)=1,MONTH(O3)=2,MONTH(O3)=3),1,IF(OR(MONTH(O3)=4,MONTH(O3)=5,MONTH(O3)=6),2,IF(OR(MONTH(O3)=7,MONTH(O3)=8,MONTH(O3)=9),3,4))) -> 4 | P1: =IF(OR(MONTH(P3)=1,MONTH(P3)=2,MONTH(P3)=3),1,IF(OR(MONTH(P3)=4,MONTH(P3)=5,MONTH(P3)=6),2,IF(OR(MONTH(P3)=7,MONTH(P3)=8,MONTH(P3)=9),3,4))) -> 1 | Q1: =IF(OR(MONTH(Q3)=1,MONTH(Q3)=2,MONTH(Q3)=3),1,IF(OR(MONTH(Q3)=4,MONTH(Q3)=5,MONTH(Q3)=6),2,IF(OR(MONTH(Q3)=7,MONTH(Q3)=8,MONTH(Q3)=9),3,4))) -> 1 | R1: =IF(OR(MONTH(R3)=1,MONTH(R3)=2,MONTH(R3)=3),1,IF(OR(MONTH(R3)=4,MONTH(R3)=5,MONTH(R3)=6),2,IF(OR(MONTH(R3)=7,MONTH(R3)=8,MONTH(R3)=9),3,4))) -> 1 | S1: =IF(OR(MONTH(S3)=1,MONTH(S3)=2,MONTH(S3)=3),1,IF(OR(MONTH(S3)=4,MONTH(S3)=5,MONTH(S3)=6),2,IF(OR(MONTH(S3)=7,MONTH(S3)=8,MONTH(S3)=9),3,4))) -> 2 | ... BS1: =IF(OR(MONTH(BS3)=1,MONTH(BS3)=2,MONTH(BS3)=3),1,IF(OR(MONTH(BS3)=4,MONTH(BS3)=5,MONTH(BS3)=6),2,IF(OR(MONTH(BS3)=7,MONTH(BS3)=8,MONTH(BS3)=9),3,4))) -> 3
A2: Год | E2: =L2 -> 2025 | F2: =E2+1 -> 2026 | G2: =F2+1 -> 2027 | H2: =G2+1 -> 2028 | I2: =H2+1 -> 2029 | J2: =I2+1 -> 2030 | L2: =YEAR(L3) -> 2025 | M2: =YEAR(M3) -> 2025 | N2: =YEAR(N3) -> 2025 | O2: =YEAR(O3) -> 2025 | P2: =YEAR(P3) -> 2026 | Q2: =YEAR(Q3) -> 2026 | R2: =YEAR(R3) -> 2026 | S2: =YEAR(S3) -> 2026 | ... BS2: =YEAR(BS3) -> 2030
A3: Месяц | L3: =Допущения!C4 -> 45901 | M3: =DATE(YEAR(L3),MONTH(L3)+1,1) -> 45931 | N3: =DATE(YEAR(M3),MONTH(M3)+1,1) -> 45962 | O3: =DATE(YEAR(N3),MONTH(N3)+1,1) -> 45992 | P3: =DATE(YEAR(O3),MONTH(O3)+1,1) -> 46023 | Q3: =DATE(YEAR(P3),MONTH(P3)+1,1) -> 46054 | R3: =DATE(YEAR(Q3),MONTH(Q3)+1,1) -> 46082 | S3: =DATE(YEAR(R3),MONTH(R3)+1,1) -> 46113 | T3: =DATE(YEAR(S3),MONTH(S3)+1,1) -> 46143 | ... BT3: =DATE(YEAR(BS3),MONTH(BS3)+1,1) -> 47727
A4: К-во дней в месяце | L4: =M3-L3 -> 30 | M4: =N3-M3 -> 31 | N4: =O3-N3 -> 30 | O4: =P3-O3 -> 31 | P4: =Q3-P3 -> 31 | Q4: =R3-Q3 -> 28 | R4: =S3-R3 -> 31 | S4: =T3-S3 -> 30 | ... BS4: =BT3-BS3 -> 31
A5: Порядковый № периода | L5: 1 | M5: =L5+1 -> 2 | N5: =M5+1 -> 3 | O5: =N5+1 -> 4 | P5: =O5+1 -> 5 | Q5: =P5+1 -> 6 | R5: =Q5+1 -> 7 | S5: =R5+1 -> 8 | T5: =S5+1 -> 9 | ... BS5: =BR5+1 -> 60
A7: Стоимость реализации | B7: Ед. изм. | C7: без НДС
A8: =Допущения!A20 -> Свиные полутуши | B8: =Допущения!B20 -> руб./кг | C8: =Допущения!$C20/(1+Допущения!$C$68)*'Анализ чувствительности'!$B$1/100 -> 168.33333 | E8: =AVERAGEIF($L$2:$BS$2,E$2,$L8:$BS8) -> 168.33333 | F8: =AVERAGEIF($L$2:$BS$2,F$2,$L8:$BS8) -> 176.75 | G8: =AVERAGEIF($L$2:$BS$2,G$2,$L8:$BS8) -> 185.5875 | H8: =AVERAGEIF($L$2:$BS$2,H$2,$L8:$BS8) -> 194.86688 | I8: =AVERAGEIF($L$2:$BS$2,I$2,$L8:$BS8) -> 204.61022 | J8: =AVERAGEIF($L$2:$BS$2,J$2,$L8:$BS8) -> 214.84073 | L8: =$C8*L$21 -> 168.33333 | M8: =$C8*M$21 -> 168.33333 | N8: =$C8*N$21 -> 168.33333 | O8: =$C8*O$21 -> 168.33333 | P8: =$C8*P$21 -> 176.75 | Q8: =$C8*Q$21 -> 176.75 | R8: =$C8*R$21 -> 176.75 | S8: =$C8*S$21 -> 176.75 | ... BS8: =$C8*BS$21 -> 214.84073
A9: =Допущения!A21 -> Говядина четверти | B9: =Допущения!B21 -> руб./кг | C9: =Допущения!$C21/(1+Допущения!$C$68)*'Анализ чувствительности'!$B$1/100 -> 395.83333 | E9: =AVERAGEIF($L$2:$BS$2,E$2,$L9:$BS9) -> 395.83333 | F9: =AVERAGEIF($L$2:$BS$2,F$2,$L9:$BS9) -> 415.625 | G9: =AVERAGEIF($L$2:$BS$2,G$2,$L9:$BS9) -> 436.40625 | H9: =AVERAGEIF($L$2:$BS$2,H$2,$L9:$BS9) -> 458.22656 | I9: =AVERAGEIF($L$2:$BS$2,I$2,$L9:$BS9) -> 481.13789 | J9: =AVERAGEIF($L$2:$BS$2,J$2,$L9:$BS9) -> 505.19479 | L9: =$C9*L$21 -> 395.83333 | M9: =$C9*M$21 -> 395.83333 | N9: =$C9*N$21 -> 395.83333 | O9: =$C9*O$21 -> 395.83333 | P9: =$C9*P$21 -> 415.625 | Q9: =$C9*Q$21 -> 415.625 | R9: =$C9*R$21 -> 415.625 | S9: =$C9*S$21 -> 415.625 | ... BS9: =$C9*BS$21 -> 505.19479
A10: =Допущения!A22 -> Тушки куриные | B10: =Допущения!B22 -> руб./кг | C10: =Допущения!$C22/(1+Допущения!$C$68)*'Анализ чувствительности'!$B$1/100 -> 158.33333 | E10: =AVERAGEIF($L$2:$BS$2,E$2,$L10:$BS10) -> 158.33333 | F10: =AVERAGEIF($L$2:$BS$2,F$2,$L10:$BS10) -> 166.25 | G10: =AVERAGEIF($L$2:$BS$2,G$2,$L10:$BS10) -> 174.5625 | H10: =AVERAGEIF($L$2:$BS$2,H$2,$L10:$BS10) -> 183.29063 | I10: =AVERAGEIF($L$2:$BS$2,I$2,$L10:$BS10) -> 192.45516 | J10: =AVERAGEIF($L$2:$BS$2,J$2,$L10:$BS10) -> 202.07791 | L10: =$C10*L$21 -> 158.33333 | M10: =$C10*M$21 -> 158.33333 | N10: =$C10*N$21 -> 158.33333 | O10: =$C10*O$21 -> 158.33333 | P10: =$C10*P$21 -> 166.25 | Q10: =$C10*Q$21 -> 166.25 | R10: =$C10*R$21 -> 166.25 | S10: =$C10*S$21 -> 166.25 | ... BS10: =$C10*BS$21 -> 202.07791
A11: =Допущения!A23 -> Тушки индейки | B11: =Допущения!B23 -> руб./кг | C11: =Допущения!$C23/(1+Допущения!$C$68)*'Анализ чувствительности'!$B$1/100 -> 208.33333 | E11: =AVERAGEIF($L$2:$BS$2,E$2,$L11:$BS11) -> 208.33333 | F11: =AVERAGEIF($L$2:$BS$2,F$2,$L11:$BS11) -> 218.75 | G11: =AVERAGEIF($L$2:$BS$2,G$2,$L11:$BS11) -> 229.6875 | H11: =AVERAGEIF($L$2:$BS$2,H$2,$L11:$BS11) -> 241.17188 | I11: =AVERAGEIF($L$2:$BS$2,I$2,$L11:$BS11) -> 253.23047 | J11: =AVERAGEIF($L$2:$BS$2,J$2,$L11:$BS11) -> 265.89199 | L11: =$C11*L$21 -> 208.33333 | M11: =$C11*M$21 -> 208.33333 | N11: =$C11*N$21 -> 208.33333 | O11: =$C11*O$21 -> 208.33333 | P11: =$C11*P$21 -> 218.75 | Q11: =$C11*Q$21 -> 218.75 | R11: =$C11*R$21 -> 218.75 | S11: =$C11*S$21 -> 218.75 | ... BS11: =$C11*BS$21 -> 265.89199
A12: =Допущения!A24 -> Котлеты замороженные | B12: =Допущения!B24 -> руб./кг | C12: =Допущения!$C24/(1+Допущения!$C$68)*'Анализ чувствительности'!$B$1/100 -> 250 | E12: =AVERAGEIF($L$2:$BS$2,E$2,$L12:$BS12) -> 250 | F12: =AVERAGEIF($L$2:$BS$2,F$2,$L12:$BS12) -> 262.5 | G12: =AVERAGEIF($L$2:$BS$2,G$2,$L12:$BS12) -> 275.625 | H12: =AVERAGEIF($L$2:$BS$2,H$2,$L12:$BS12) -> 289.40625 | I12: =AVERAGEIF($L$2:$BS$2,I$2,$L12:$BS12) -> 303.87656 | J12: =AVERAGEIF($L$2:$BS$2,J$2,$L12:$BS12) -> 319.07039 | L12: =$C12*L$21 -> 250 | M12: =$C12*M$21 -> 250 | N12: =$C12*N$21 -> 250 | O12: =$C12*O$21 -> 250 | P12: =$C12*P$21 -> 262.5 | Q12: =$C12*Q$21 -> 262.5 | R12: =$C12*R$21 -> 262.5 | S12: =$C12*S$21 -> 262.5 | ... BS12: =$C12*BS$21 -> 319.07039
A13: =Допущения!A25 -> Шашлык маринованный | B13: =Допущения!B25 -> руб./кг | C13: =Допущения!$C25/(1+Допущения!$C$68)*'Анализ чувствительности'!$B$1/100 -> 233.33333 | E13: =AVERAGEIF($L$2:$BS$2,E$2,$L13:$BS13) -> 233.33333 | F13: =AVERAGEIF($L$2:$BS$2,F$2,$L13:$BS13) -> 245 | G13: =AVERAGEIF($L$2:$BS$2,G$2,$L13:$BS13) -> 257.25 | H13: =AVERAGEIF($L$2:$BS$2,H$2,$L13:$BS13) -> 270.1125 | I13: =AVERAGEIF($L$2:$BS$2,I$2,$L13:$BS13) -> 283.61813 | J13: =AVERAGEIF($L$2:$BS$2,J$2,$L13:$BS13) -> 297.79903 | L13: =$C13*L$21 -> 233.33333 | M13: =$C13*M$21 -> 233.33333 | N13: =$C13*N$21 -> 233.33333 | O13: =$C13*O$21 -> 233.33333 | P13: =$C13*P$21 -> 245 | Q13: =$C13*Q$21 -> 245 | R13: =$C13*R$21 -> 245 | S13: =$C13*S$21 -> 245 | ... BS13: =$C13*BS$21 -> 297.79903
A14: =Допущения!A26 -> Фрикадельки | B14: =Допущения!B26 -> руб./кг | C14: =Допущения!$C26/(1+Допущения!$C$68)*'Анализ чувствительности'!$B$1/100 -> 233.33333 | E14: =AVERAGEIF($L$2:$BS$2,E$2,$L14:$BS14) -> 233.33333 | F14: =AVERAGEIF($L$2:$BS$2,F$2,$L14:$BS14) -> 245 | G14: =AVERAGEIF($L$2:$BS$2,G$2,$L14:$BS14) -> 257.25 | H14: =AVERAGEIF($L$2:$BS$2,H$2,$L14:$BS14) -> 270.1125 | I14: =AVERAGEIF($L$2:$BS$2,I$2,$L14:$BS14) -> 283.61813 | J14: =AVERAGEIF($L$2:$BS$2,J$2,$L14:$BS14) -> 297.79903 | L14: =$C14*L$21 -> 233.33333 | M14: =$C14*M$21 -> 233.33333 | N14: =$C14*N$21 -> 233.33333 | O14: =$C14*O$21 -> 233.33333 | P14: =$C14*P$21 -> 245 | Q14: =$C14*Q$21 -> 245 | R14: =$C14*R$21 -> 245 | S14: =$C14*S$21 -> 245 | ... BS14: =$C14*BS$21 -> 297.79903
A15: =Допущения!A27 -> Пельмени | B15: =Допущения!B27 -> руб./кг | C15: =Допущения!$C27/(1+Допущения!$C$68)*'Анализ чувствительности'!$B$1/100 -> 241.66667 | E15: =AVERAGEIF($L$2:$BS$2,E$2,$L15:$BS15) -> 241.66667 | F15: =AVERAGEIF($L$2:$BS$2,F$2,$L15:$BS15) -> 253.75 | G15: =AVERAGEIF($L$2:$BS$2,G$2,$L15:$BS15) -> 266.4375 | H15: =AVERAGEIF($L$2:$BS$2,H$2,$L15:$BS15) -> 279.75938 | I15: =AVERAGEIF($L$2:$BS$2,I$2,$L15:$BS15) -> 293.74734 | J15: =AVERAGEIF($L$2:$BS$2,J$2,$L15:$BS15) -> 308.43471 | L15: =$C15*L$21 -> 241.66667 | M15: =$C15*M$21 -> 241.66667 | N15: =$C15*N$21 -> 241.66667 | O15: =$C15*O$21 -> 241.66667 | P15: =$C15*P$21 -> 253.75 | Q15: =$C15*Q$21 -> 253.75 | R15: =$C15*R$21 -> 253.75 | S15: =$C15*S$21 -> 253.75 | ... BS15: =$C15*BS$21 -> 308.43471
A16: =Допущения!A28 -> - | B16: =Допущения!B28 -> руб./кг | C16: =Допущения!$C28/(1+Допущения!$C$68)*'Анализ чувствительности'!$B$1/100 -> 0 | E16: =AVERAGEIF($L$2:$BS$2,E$2,$L16:$BS16) -> 0 | F16: =AVERAGEIF($L$2:$BS$2,F$2,$L16:$BS16) -> 0 | G16: =AVERAGEIF($L$2:$BS$2,G$2,$L16:$BS16) -> 0 | H16: =AVERAGEIF($L$2:$BS$2,H$2,$L16:$BS16) -> 0 | I16: =AVERAGEIF($L$2:$BS$2,I$2,$L16:$BS16) -> 0 | J16: =AVERAGEIF($L$2:$BS$2,J$2,$L16:$BS16) -> 0 | L16: =$C16*L$21 -> 0 | M16: =$C16*M$21 -> 0 | N16: =$C16*N$21 -> 0 | O16: =$C16*O$21 -> 0 | P16: =$C16*P$21 -> 0 | Q16: =$C16*Q$21 -> 0 | R16: =$C16*R$21 -> 0 | S16: =$C16*S$21 -> 0 | ... BS16: =$C16*BS$21 -> 0
A17: =Допущения!A29 -> - | B17: =Допущения!B29 -> руб./кг | C17: =Допущения!$C29/(1+Допущения!$C$68)*'Анализ чувствительности'!$B$1/100 -> 0 | E17: =AVERAGEIF($L$2:$BS$2,E$2,$L17:$BS17) -> 0 | F17: =AVERAGEIF($L$2:$BS$2,F$2,$L17:$BS17) -> 0 | G17: =AVERAGEIF($L$2:$BS$2,G$2,$L17:$BS17) -> 0 | H17: =AVERAGEIF($L$2:$BS$2,H$2,$L17:$BS17) -> 0 | I17: =AVERAGEIF($L$2:$BS$2,I$2,$L17:$BS17) -> 0 | J17: =AVERAGEIF($L$2:$BS$2,J$2,$L17:$BS17) -> 0 | L17: =$C17*L$21 -> 0 | M17: =$C17*M$21 -> 0 | N17: =$C17*N$21 -> 0 | O17: =$C17*O$21 -> 0 | P17: =$C17*P$21 -> 0 | Q17: =$C17*Q$21 -> 0 | R17: =$C17*R$21 -> 0 | S17: =$C17*S$21 -> 0 | ... BS17: =$C17*BS$21 -> 0
A19: Макроиндексы по стоимости реализации | E19: =L2 -> 2025 | F19: =E19+1 -> 2026 | G19: =F19+1 -> 2027 | H19: =G19+1 -> 2028 | I19: =H19+1 -> 2029 | J19: =I19+1 -> 2030
A20: Среднегодовая инфляция | E20: 0.05 | F20: 0.05 | G20: 0.05 | H20: 0.05 | I20: 0.05 | J20: 0.05 | L20: =SUMIF($E$19:$J$19,L$2,$E20:$J20) -> 0.05 | M20: =SUMIF($E$19:$J$19,M$2,$E20:$J20) -> 0.05 | N20: =SUMIF($E$19:$J$19,N$2,$E20:$J20) -> 0.05 | O20: =SUMIF($E$19:$J$19,O$2,$E20:$J20) -> 0.05 | P20: =SUMIF($E$19:$J$19,P$2,$E20:$J20) -> 0.05 | Q20: =SUMIF($E$19:$J$19,Q$2,$E20:$J20) -> 0.05 | R20: =SUMIF($E$19:$J$19,R$2,$E20:$J20) -> 0.05 | S20: =SUMIF($E$19:$J$19,S$2,$E20:$J20) -> 0.05 | ... BS20: =SUMIF($E$19:$J$19,BS$2,$E20:$J20) -> 0.05
A21: Индекс цен по отношению к началу проекта | E21: 1 | F21: =E21*(1+E20) -> 1.05 | G21: =F21*(1+F20) -> 1.1025 | H21: =G21*(1+G20) -> 1.157625 | I21: =H21*(1+H20) -> 1.2155063 | J21: =I21*(1+I20) -> 1.2762816 | L21: =SUMIF($E$19:$J$19,L$2,$E21:$J21) -> 1 | M21: =SUMIF($E$19:$J$19,M$2,$E21:$J21) -> 1 | N21: =SUMIF($E$19:$J$19,N$2,$E21:$J21) -> 1 | O21: =SUMIF($E$19:$J$19,O$2,$E21:$J21) -> 1 | P21: =SUMIF($E$19:$J$19,P$2,$E21:$J21) -> 1.05 | Q21: =SUMIF($E$19:$J$19,Q$2,$E21:$J21) -> 1.05 | R21: =SUMIF($E$19:$J$19,R$2,$E21:$J21) -> 1.05 | S21: =SUMIF($E$19:$J$19,S$2,$E21:$J21) -> 1.05 | ... BS21: =SUMIF($E$19:$J$19,BS$2,$E21:$J21) -> 1.2762816
A24: Расходы | B24: Ед. изм. | C24: без НДС
A25: =Допущения!A32 -> Свиные полутуши | B25: =Допущения!B32 -> руб./ед. | C25: =Допущения!$C32/(1+Допущения!$C$68) -> 133.33333 | E25: =AVERAGEIF($L$2:$BS$2,E$2,$L25:$BS25) -> 133.33333 | F25: =AVERAGEIF($L$2:$BS$2,F$2,$L25:$BS25) -> 140 | G25: =AVERAGEIF($L$2:$BS$2,G$2,$L25:$BS25) -> 147 | H25: =AVERAGEIF($L$2:$BS$2,H$2,$L25:$BS25) -> 154.35 | I25: =AVERAGEIF($L$2:$BS$2,I$2,$L25:$BS25) -> 162.0675 | J25: =AVERAGEIF($L$2:$BS$2,J$2,$L25:$BS25) -> 170.17088 | L25: =$C25*L$59 -> 133.33333 | M25: =$C25*M$59 -> 133.33333 | N25: =$C25*N$59 -> 133.33333 | O25: =$C25*O$59 -> 133.33333 | P25: =$C25*P$59 -> 140 | Q25: =$C25*Q$59 -> 140 | R25: =$C25*R$59 -> 140 | S25: =$C25*S$59 -> 140 | ... BS25: =$C25*BS$59 -> 170.17088
A26: =Допущения!A33 -> Говядина четверти | B26: =Допущения!B33 -> руб./ед. | C26: =Допущения!$C33/(1+Допущения!$C$68) -> 133.33333 | E26: =AVERAGEIF($L$2:$BS$2,E$2,$L26:$BS26) -> 133.33333 | F26: =AVERAGEIF($L$2:$BS$2,F$2,$L26:$BS26) -> 140 | G26: =AVERAGEIF($L$2:$BS$2,G$2,$L26:$BS26) -> 147 | H26: =AVERAGEIF($L$2:$BS$2,H$2,$L26:$BS26) -> 154.35 | I26: =AVERAGEIF($L$2:$BS$2,I$2,$L26:$BS26) -> 162.0675 | J26: =AVERAGEIF($L$2:$BS$2,J$2,$L26:$BS26) -> 170.17088 | L26: =$C26*L$59 -> 133.33333 | M26: =$C26*M$59 -> 133.33333 | N26: =$C26*N$59 -> 133.33333 | O26: =$C26*O$59 -> 133.33333 | P26: =$C26*P$59 -> 140 | Q26: =$C26*Q$59 -> 140 | R26: =$C26*R$59 -> 140 | S26: =$C26*S$59 -> 140 | ... BS26: =$C26*BS$59 -> 170.17088
A27: =Допущения!A34 -> Тушки куриные | B27: =Допущения!B34 -> руб./ед. | C27: =Допущения!$C34/(1+Допущения!$C$68) -> 91.666667 | E27: =AVERAGEIF($L$2:$BS$2,E$2,$L27:$BS27) -> 91.666667 | F27: =AVERAGEIF($L$2:$BS$2,F$2,$L27:$BS27) -> 96.25 | G27: =AVERAGEIF($L$2:$BS$2,G$2,$L27:$BS27) -> 101.0625 | H27: =AVERAGEIF($L$2:$BS$2,H$2,$L27:$BS27) -> 106.11563 | I27: =AVERAGEIF($L$2:$BS$2,I$2,$L27:$BS27) -> 111.42141 | J27: =AVERAGEIF($L$2:$BS$2,J$2,$L27:$BS27) -> 116.99248 | L27: =$C27*L$59 -> 91.666667 | M27: =$C27*M$59 -> 91.666667 | N27: =$C27*N$59 -> 91.666667 | O27: =$C27*O$59 -> 91.666667 | P27: =$C27*P$59 -> 96.25 | Q27: =$C27*Q$59 -> 96.25 | R27: =$C27*R$59 -> 96.25 | S27: =$C27*S$59 -> 96.25 | ... BS27: =$C27*BS$59 -> 116.99248
A28: =Допущения!A35 -> Тушки индейки | B28: =Допущения!B35 -> руб./ед. | C28: =Допущения!$C35/(1+Допущения!$C$68) -> 100 | E28: =AVERAGEIF($L$2:$BS$2,E$2,$L28:$BS28) -> 100 | F28: =AVERAGEIF($L$2:$BS$2,F$2,$L28:$BS28) -> 105 | G28: =AVERAGEIF($L$2:$BS$2,G$2,$L28:$BS28) -> 110.25 | H28: =AVERAGEIF($L$2:$BS$2,H$2,$L28:$BS28) -> 115.7625 | I28: =AVERAGEIF($L$2:$BS$2,I$2,$L28:$BS28) -> 121.55063 | J28: =AVERAGEIF($L$2:$BS$2,J$2,$L28:$BS28) -> 127.62816 | L28: =$C28*L$59 -> 100 | M28: =$C28*M$59 -> 100 | N28: =$C28*N$59 -> 100 | O28: =$C28*O$59 -> 100 | P28: =$C28*P$59 -> 105 | Q28: =$C28*Q$59 -> 105 | R28: =$C28*R$59 -> 105 | S28: =$C28*S$59 -> 105 | ... BS28: =$C28*BS$59 -> 127.62816
A29: =Допущения!A36 -> Котлеты замороженные | B29: =Допущения!B36 -> руб./ед. | C29: =Допущения!$C36/(1+Допущения!$C$68) -> 158.33333 | E29: =AVERAGEIF($L$2:$BS$2,E$2,$L29:$BS29) -> 158.33333 | F29: =AVERAGEIF($L$2:$BS$2,F$2,$L29:$BS29) -> 166.25 | G29: =AVERAGEIF($L$2:$BS$2,G$2,$L29:$BS29) -> 174.5625 | H29: =AVERAGEIF($L$2:$BS$2,H$2,$L29:$BS29) -> 183.29063 | I29: =AVERAGEIF($L$2:$BS$2,I$2,$L29:$BS29) -> 192.45516 | J29: =AVERAGEIF($L$2:$BS$2,J$2,$L29:$BS29) -> 202.07791 | L29: =$C29*L$59 -> 158.33333 | M29: =$C29*M$59 -> 158.33333 | N29: =$C29*N$59 -> 158.33333 | O29: =$C29*O$59 -> 158.33333 | P29: =$C29*P$59 -> 166.25 | Q29: =$C29*Q$59 -> 166.25 | R29: =$C29*R$59 -> 166.25 | S29: =$C29*S$59 -> 166.25 | ... BS29: =$C29*BS$59 -> 202.07791
A30: =Допущения!A37 -> Шашлык маринованный | B30: =Допущения!B37 -> руб./ед. | C30: =Допущения!$C37/(1+Допущения!$C$68) -> 158.33333 | E30: =AVERAGEIF($L$2:$BS$2,E$2,$L30:$BS30) -> 158.33333 | F30: =AVERAGEIF($L$2:$BS$2,F$2,$L30:$BS30) -> 166.25 | G30: =AVERAGEIF($L$2:$BS$2,G$2,$L30:$BS30) -> 174.5625 | H30: =AVERAGEIF($L$2:$BS$2,H$2,$L30:$BS30) -> 183.29063 | I30: =AVERAGEIF($L$2:$BS$2,I$2,$L30:$BS30) -> 192.45516 | J30: =AVERAGEIF($L$2:$BS$2,J$2,$L30:$BS30) -> 202.07791 | L30: =$C30*L$59 -> 158.33333 | M30: =$C30*M$59 -> 158.33333 | N30: =$C30*N$59 -> 158.33333 | O30: =$C30*O$59 -> 158.33333 | P30: =$C30*P$59 -> 166.25 | Q30: =$C30*Q$59 -> 166.25 | R30: =$C30*R$59 -> 166.25 | S30: =$C30*S$59 -> 166.25 | ... BS30: =$C30*BS$59 -> 202.07791
A31: =Допущения!A38 -> Фрикадельки | B31: =Допущения!B38 -> руб./ед. | C31: =Допущения!$C38/(1+Допущения!$C$68) -> 141.66667 | E31: =AVERAGEIF($L$2:$BS$2,E$2,$L31:$BS31) -> 141.66667 | F31: =AVERAGEIF($L$2:$BS$2,F$2,$L31:$BS31) -> 148.75 | G31: =AVERAGEIF($L$2:$BS$2,G$2,$L31:$BS31) -> 156.1875 | H31: =AVERAGEIF($L$2:$BS$2,H$2,$L31:$BS31) -> 163.99688 | I31: =AVERAGEIF($L$2:$BS$2,I$2,$L31:$BS31) -> 172.19672 | J31: =AVERAGEIF($L$2:$BS$2,J$2,$L31:$BS31) -> 180.80655 | L31: =$C31*L$59 -> 141.66667 | M31: =$C31*M$59 -> 141.66667 | N31: =$C31*N$59 -> 141.66667 | O31: =$C31*O$59 -> 141.66667 | P31: =$C31*P$59 -> 148.75 | Q31: =$C31*Q$59 -> 148.75 | R31: =$C31*R$59 -> 148.75 | S31: =$C31*S$59 -> 148.75 | ... BS31: =$C31*BS$59 -> 180.80655
A32: =Допущения!A39 -> Пельмени | B32: =Допущения!B39 -> руб./ед. | C32: =Допущения!$C39/(1+Допущения!$C$68) -> 141.66667 | E32: =AVERAGEIF($L$2:$BS$2,E$2,$L32:$BS32) -> 141.66667 | F32: =AVERAGEIF($L$2:$BS$2,F$2,$L32:$BS32) -> 148.75 | G32: =AVERAGEIF($L$2:$BS$2,G$2,$L32:$BS32) -> 156.1875 | H32: =AVERAGEIF($L$2:$BS$2,H$2,$L32:$BS32) -> 163.99688 | I32: =AVERAGEIF($L$2:$BS$2,I$2,$L32:$BS32) -> 172.19672 | J32: =AVERAGEIF($L$2:$BS$2,J$2,$L32:$BS32) -> 180.80655 | L32: =$C32*L$59 -> 141.66667 | M32: =$C32*M$59 -> 141.66667 | N32: =$C32*N$59 -> 141.66667 | O32: =$C32*O$59 -> 141.66667 | P32: =$C32*P$59 -> 148.75 | Q32: =$C32*Q$59 -> 148.75 | R32: =$C32*R$59 -> 148.75 | S32: =$C32*S$59 -> 148.75 | ... BS32: =$C32*BS$59 -> 180.80655
A33: =Допущения!A40 -> - | B33: =Допущения!B40 -> руб./ед. | C33: =Допущения!$C40/(1+Допущения!$C$68) -> 0 | E33: =AVERAGEIF($L$2:$BS$2,E$2,$L33:$BS33) -> 0 | F33: =AVERAGEIF($L$2:$BS$2,F$2,$L33:$BS33) -> 0 | G33: =AVERAGEIF($L$2:$BS$2,G$2,$L33:$BS33) -> 0 | H33: =AVERAGEIF($L$2:$BS$2,H$2,$L33:$BS33) -> 0 | I33: =AVERAGEIF($L$2:$BS$2,I$2,$L33:$BS33) -> 0 | J33: =AVERAGEIF($L$2:$BS$2,J$2,$L33:$BS33) -> 0 | L33: =$C33*L$59 -> 0 | M33: =$C33*M$59 -> 0 | N33: =$C33*N$59 -> 0 | O33: =$C33*O$59 -> 0 | P33: =$C33*P$59 -> 0 | Q33: =$C33*Q$59 -> 0 | R33: =$C33*R$59 -> 0 | S33: =$C33*S$59 -> 0 | ... BS33: =$C33*BS$59 -> 0
A34: =Допущения!A41 -> - | B34: =Допущения!B41 -> руб./ед. | C34: =Допущения!$C41/(1+Допущения!$C$68) -> 0 | E34: =AVERAGEIF($L$2:$BS$2,E$2,$L34:$BS34) -> 0 | F34: =AVERAGEIF($L$2:$BS$2,F$2,$L34:$BS34) -> 0 | G34: =AVERAGEIF($L$2:$BS$2,G$2,$L34:$BS34) -> 0 | H34: =AVERAGEIF($L$2:$BS$2,H$2,$L34:$BS34) -> 0 | I34: =AVERAGEIF($L$2:$BS$2,I$2,$L34:$BS34) -> 0 | J34: =AVERAGEIF($L$2:$BS$2,J$2,$L34:$BS34) -> 0 | L34: =$C34*L$59 -> 0 | M34: =$C34*M$59 -> 0 | N34: =$C34*N$59 -> 0 | O34: =$C34*O$59 -> 0 | P34: =$C34*P$59 -> 0 | Q34: =$C34*Q$59 -> 0 | R34: =$C34*R$59 -> 0 | S34: =$C34*S$59 -> 0 | ... BS34: =$C34*BS$59 -> 0
A35: =Допущения!A44 -> Производственные
A36: =Допущения!A45 -> Э/э | B36: =Допущения!B45 -> руб./мес. | C36: =Допущения!$C45/(1+Допущения!$C$68) -> 924000 | E36: =AVERAGEIF($L$2:$BS$2,E$2,$L36:$BS36) -> 924000 | F36: =AVERAGEIF($L$2:$BS$2,F$2,$L36:$BS36) -> 970200 | G36: =AVERAGEIF($L$2:$BS$2,G$2,$L36:$BS36) -> 1018710 | H36: =AVERAGEIF($L$2:$BS$2,H$2,$L36:$BS36) -> 1069645.5 | I36: =AVERAGEIF($L$2:$BS$2,I$2,$L36:$BS36) -> 1123127.8 | J36: =AVERAGEIF($L$2:$BS$2,J$2,$L36:$BS36) -> 1179284.2 | L36: =$C36*L$59 -> 924000 | M36: =$C36*M$59 -> 924000 | N36: =$C36*N$59 -> 924000 | O36: =$C36*O$59 -> 924000 | P36: =$C36*P$59 -> 970200 | Q36: =$C36*Q$59 -> 970200 | R36: =$C36*R$59 -> 970200 | S36: =$C36*S$59 -> 970200 | ... BS36: =$C36*BS$59 -> 1179284.2
A37: =Допущения!A46 -> Коммунальные платежи | B37: =Допущения!B46 -> руб./мес. | C37: =Допущения!$C46/(1+Допущения!$C$68) -> 50000 | E37: =AVERAGEIF($L$2:$BS$2,E$2,$L37:$BS37) -> 50000 | F37: =AVERAGEIF($L$2:$BS$2,F$2,$L37:$BS37) -> 52500 | G37: =AVERAGEIF($L$2:$BS$2,G$2,$L37:$BS37) -> 55125 | H37: =AVERAGEIF($L$2:$BS$2,H$2,$L37:$BS37) -> 57881.25 | I37: =AVERAGEIF($L$2:$BS$2,I$2,$L37:$BS37) -> 60775.313 | J37: =AVERAGEIF($L$2:$BS$2,J$2,$L37:$BS37) -> 63814.078 | L37: =$C37*L$59 -> 50000 | M37: =$C37*M$59 -> 50000 | N37: =$C37*N$59 -> 50000 | O37: =$C37*O$59 -> 50000 | P37: =$C37*P$59 -> 52500 | Q37: =$C37*Q$59 -> 52500 | R37: =$C37*R$59 -> 52500 | S37: =$C37*S$59 -> 52500 | ... BS37: =$C37*BS$59 -> 63814.078
A38: =Допущения!A47 -> ГСМ | B38: =Допущения!B47 -> руб./мес. | C38: =Допущения!$C47/(1+Допущения!$C$68) -> 41666.667 | E38: =AVERAGEIF($L$2:$BS$2,E$2,$L38:$BS38) -> 41666.667 | F38: =AVERAGEIF($L$2:$BS$2,F$2,$L38:$BS38) -> 43750 | G38: =AVERAGEIF($L$2:$BS$2,G$2,$L38:$BS38) -> 45937.5 | H38: =AVERAGEIF($L$2:$BS$2,H$2,$L38:$BS38) -> 48234.375 | I38: =AVERAGEIF($L$2:$BS$2,I$2,$L38:$BS38) -> 50646.094 | J38: =AVERAGEIF($L$2:$BS$2,J$2,$L38:$BS38) -> 53178.398 | L38: =$C38*L$59 -> 41666.667 | M38: =$C38*M$59 -> 41666.667 | N38: =$C38*N$59 -> 41666.667 | O38: =$C38*O$59 -> 41666.667 | P38: =$C38*P$59 -> 43750 | Q38: =$C38*Q$59 -> 43750 | R38: =$C38*R$59 -> 43750 | S38: =$C38*S$59 -> 43750 | ... BS38: =$C38*BS$59 -> 53178.398
A39: =Допущения!A48 -> - | B39: =Допущения!B48 -> руб./мес. | C39: =Допущения!$C48/(1+Допущения!$C$68) -> 0 | E39: =AVERAGEIF($L$2:$BS$2,E$2,$L39:$BS39) -> 0 | F39: =AVERAGEIF($L$2:$BS$2,F$2,$L39:$BS39) -> 0 | G39: =AVERAGEIF($L$2:$BS$2,G$2,$L39:$BS39) -> 0 | H39: =AVERAGEIF($L$2:$BS$2,H$2,$L39:$BS39) -> 0 | I39: =AVERAGEIF($L$2:$BS$2,I$2,$L39:$BS39) -> 0 | J39: =AVERAGEIF($L$2:$BS$2,J$2,$L39:$BS39) -> 0 | L39: =$C39*L$59 -> 0 | M39: =$C39*M$59 -> 0 | N39: =$C39*N$59 -> 0 | O39: =$C39*O$59 -> 0 | P39: =$C39*P$59 -> 0 | Q39: =$C39*Q$59 -> 0 | R39: =$C39*R$59 -> 0 | S39: =$C39*S$59 -> 0 | ... BS39: =$C39*BS$59 -> 0
A40: =Допущения!A49 -> - | B40: =Допущения!B49 -> руб./мес. | C40: =Допущения!$C49/(1+Допущения!$C$68) -> 0 | E40: =AVERAGEIF($L$2:$BS$2,E$2,$L40:$BS40) -> 0 | F40: =AVERAGEIF($L$2:$BS$2,F$2,$L40:$BS40) -> 0 | G40: =AVERAGEIF($L$2:$BS$2,G$2,$L40:$BS40) -> 0 | H40: =AVERAGEIF($L$2:$BS$2,H$2,$L40:$BS40) -> 0 | I40: =AVERAGEIF($L$2:$BS$2,I$2,$L40:$BS40) -> 0 | J40: =AVERAGEIF($L$2:$BS$2,J$2,$L40:$BS40) -> 0 | L40: =$C40*L$59 -> 0 | M40: =$C40*M$59 -> 0 | N40: =$C40*N$59 -> 0 | O40: =$C40*O$59 -> 0 | P40: =$C40*P$59 -> 0 | Q40: =$C40*Q$59 -> 0 | R40: =$C40*R$59 -> 0 | S40: =$C40*S$59 -> 0 | ... BS40: =$C40*BS$59 -> 0
A41: =Допущения!A50 -> - | B41: =Допущения!B50 -> руб./мес. | C41: =Допущения!$C50/(1+Допущения!$C$68) -> 0 | E41: =AVERAGEIF($L$2:$BS$2,E$2,$L41:$BS41) -> 0 | F41: =AVERAGEIF($L$2:$BS$2,F$2,$L41:$BS41) -> 0 | G41: =AVERAGEIF($L$2:$BS$2,G$2,$L41:$BS41) -> 0 | H41: =AVERAGEIF($L$2:$BS$2,H$2,$L41:$BS41) -> 0 | I41: =AVERAGEIF($L$2:$BS$2,I$2,$L41:$BS41) -> 0 | J41: =AVERAGEIF($L$2:$BS$2,J$2,$L41:$BS41) -> 0 | L41: =$C41*L$59 -> 0 | M41: =$C41*M$59 -> 0 | N41: =$C41*N$59 -> 0 | O41: =$C41*O$59 -> 0 | P41: =$C41*P$59 -> 0 | Q41: =$C41*Q$59 -> 0 | R41: =$C41*R$59 -> 0 | S41: =$C41*S$59 -> 0 | ... BS41: =$C41*BS$59 -> 0
A42: =Допущения!A51 -> - | B42: =Допущения!B51 -> руб./мес. | C42: =Допущения!$C51/(1+Допущения!$C$68) -> 0 | E42: =AVERAGEIF($L$2:$BS$2,E$2,$L42:$BS42) -> 0 | F42: =AVERAGEIF($L$2:$BS$2,F$2,$L42:$BS42) -> 0 | G42: =AVERAGEIF($L$2:$BS$2,G$2,$L42:$BS42) -> 0 | H42: =AVERAGEIF($L$2:$BS$2,H$2,$L42:$BS42) -> 0 | I42: =AVERAGEIF($L$2:$BS$2,I$2,$L42:$BS42) -> 0 | J42: =AVERAGEIF($L$2:$BS$2,J$2,$L42:$BS42) -> 0 | L42: =$C42*L$59 -> 0 | M42: =$C42*M$59 -> 0 | N42: =$C42*N$59 -> 0 | O42: =$C42*O$59 -> 0 | P42: =$C42*P$59 -> 0 | Q42: =$C42*Q$59 -> 0 | R42: =$C42*R$59 -> 0 | S42: =$C42*S$59 -> 0 | ... BS42: =$C42*BS$59 -> 0
A43: =Допущения!A52 -> Маркетинговые
A44: =Допущения!A53 -> Онлайн-реклама | B44: =Допущения!B53 -> руб./мес. | C44: =Допущения!$C53/(1+Допущения!$C$68) -> 125000 | E44: =AVERAGEIF($L$2:$BS$2,E$2,$L44:$BS44) -> 125000 | F44: =AVERAGEIF($L$2:$BS$2,F$2,$L44:$BS44) -> 131250 | G44: =AVERAGEIF($L$2:$BS$2,G$2,$L44:$BS44) -> 137812.5 | H44: =AVERAGEIF($L$2:$BS$2,H$2,$L44:$BS44) -> 144703.13 | I44: =AVERAGEIF($L$2:$BS$2,I$2,$L44:$BS44) -> 151938.28 | J44: =AVERAGEIF($L$2:$BS$2,J$2,$L44:$BS44) -> 159535.2 | L44: =$C44*L$59 -> 125000 | M44: =$C44*M$59 -> 125000 | N44: =$C44*N$59 -> 125000 | O44: =$C44*O$59 -> 125000 | P44: =$C44*P$59 -> 131250 | Q44: =$C44*Q$59 -> 131250 | R44: =$C44*R$59 -> 131250 | S44: =$C44*S$59 -> 131250 | ... BS44: =$C44*BS$59 -> 159535.2
A45: =Допущения!A54 -> Оффлайн-реклама | B45: =Допущения!B54 -> руб./мес. | C45: =Допущения!$C54/(1+Допущения!$C$68) -> 41666.667 | E45: =AVERAGEIF($L$2:$BS$2,E$2,$L45:$BS45) -> 41666.667 | F45: =AVERAGEIF($L$2:$BS$2,F$2,$L45:$BS45) -> 43750 | G45: =AVERAGEIF($L$2:$BS$2,G$2,$L45:$BS45) -> 45937.5 | H45: =AVERAGEIF($L$2:$BS$2,H$2,$L45:$BS45) -> 48234.375 | I45: =AVERAGEIF($L$2:$BS$2,I$2,$L45:$BS45) -> 50646.094 | J45: =AVERAGEIF($L$2:$BS$2,J$2,$L45:$BS45) -> 53178.398 | L45: =$C45*L$59 -> 41666.667 | M45: =$C45*M$59 -> 41666.667 | N45: =$C45*N$59 -> 41666.667 | O45: =$C45*O$59 -> 41666.667 | P45: =$C45*P$59 -> 43750 | Q45: =$C45*Q$59 -> 43750 | R45: =$C45*R$59 -> 43750 | S45: =$C45*S$59 -> 43750 | ... BS45: =$C45*BS$59 -> 53178.398
A46: =Допущения!A55 -> Управление
A47: =Допущения!A56 -> Банковские услуги | B47: =Допущения!B56 -> руб./мес. | C47: =Допущения!$C56/(1+Допущения!$C$68) -> 8333.3333 | E47: =AVERAGEIF($L$2:$BS$2,E$2,$L47:$BS47) -> 8333.3333 | F47: =AVERAGEIF($L$2:$BS$2,F$2,$L47:$BS47) -> 8750 | G47: =AVERAGEIF($L$2:$BS$2,G$2,$L47:$BS47) -> 9187.5 | H47: =AVERAGEIF($L$2:$BS$2,H$2,$L47:$BS47) -> 9646.875 | I47: =AVERAGEIF($L$2:$BS$2,I$2,$L47:$BS47) -> 10129.219 | J47: =AVERAGEIF($L$2:$BS$2,J$2,$L47:$BS47) -> 10635.68 | L47: =$C47*L$59 -> 8333.3333 | M47: =$C47*M$59 -> 8333.3333 | N47: =$C47*N$59 -> 8333.3333 | O47: =$C47*O$59 -> 8333.3333 | P47: =$C47*P$59 -> 8750 | Q47: =$C47*Q$59 -> 8750 | R47: =$C47*R$59 -> 8750 | S47: =$C47*S$59 -> 8750 | ... BS47: =$C47*BS$59 -> 10635.68
A48: =Допущения!A57 -> Интернет и связь | B48: =Допущения!B57 -> руб./мес. | C48: =Допущения!$C57/(1+Допущения!$C$68) -> 8333.3333 | E48: =AVERAGEIF($L$2:$BS$2,E$2,$L48:$BS48) -> 8333.3333 | F48: =AVERAGEIF($L$2:$BS$2,F$2,$L48:$BS48) -> 8750 | G48: =AVERAGEIF($L$2:$BS$2,G$2,$L48:$BS48) -> 9187.5 | H48: =AVERAGEIF($L$2:$BS$2,H$2,$L48:$BS48) -> 9646.875 | I48: =AVERAGEIF($L$2:$BS$2,I$2,$L48:$BS48) -> 10129.219 | J48: =AVERAGEIF($L$2:$BS$2,J$2,$L48:$BS48) -> 10635.68 | L48: =$C48*L$59 -> 8333.3333 | M48: =$C48*M$59 -> 8333.3333 | N48: =$C48*N$59 -> 8333.3333 | O48: =$C48*O$59 -> 8333.3333 | P48: =$C48*P$59 -> 8750 | Q48: =$C48*Q$59 -> 8750 | R48: =$C48*R$59 -> 8750 | S48: =$C48*S$59 -> 8750 | ... BS48: =$C48*BS$59 -> 10635.68
A49: =Допущения!A58 -> Дезинфекция | B49: =Допущения!B58 -> руб./мес. | C49: =Допущения!$C58/(1+Допущения!$C$68) -> 10000 | E49: =AVERAGEIF($L$2:$BS$2,E$2,$L49:$BS49) -> 10000 | F49: =AVERAGEIF($L$2:$BS$2,F$2,$L49:$BS49) -> 10500 | G49: =AVERAGEIF($L$2:$BS$2,G$2,$L49:$BS49) -> 11025 | H49: =AVERAGEIF($L$2:$BS$2,H$2,$L49:$BS49) -> 11576.25 | I49: =AVERAGEIF($L$2:$BS$2,I$2,$L49:$BS49) -> 12155.063 | J49: =AVERAGEIF($L$2:$BS$2,J$2,$L49:$BS49) -> 12762.816 | L49: =$C49*L$59 -> 10000 | M49: =$C49*M$59 -> 10000 | N49: =$C49*N$59 -> 10000 | O49: =$C49*O$59 -> 10000 | P49: =$C49*P$59 -> 10500 | Q49: =$C49*Q$59 -> 10500 | R49: =$C49*R$59 -> 10500 | S49: =$C49*S$59 -> 10500 | ... BS49: =$C49*BS$59 -> 12762.816
A50: =Допущения!A59 -> Канцелярские товары | B50: =Допущения!B59 -> руб./мес. | C50: =Допущения!$C59/(1+Допущения!$C$68) -> 4166.6667 | E50: =AVERAGEIF($L$2:$BS$2,E$2,$L50:$BS50) -> 4166.6667 | F50: =AVERAGEIF($L$2:$BS$2,F$2,$L50:$BS50) -> 4375 | G50: =AVERAGEIF($L$2:$BS$2,G$2,$L50:$BS50) -> 4593.75 | H50: =AVERAGEIF($L$2:$BS$2,H$2,$L50:$BS50) -> 4823.4375 | I50: =AVERAGEIF($L$2:$BS$2,I$2,$L50:$BS50) -> 5064.6094 | J50: =AVERAGEIF($L$2:$BS$2,J$2,$L50:$BS50) -> 5317.8398 | L50: =$C50*L$59 -> 4166.6667 | M50: =$C50*M$59 -> 4166.6667 | N50: =$C50*N$59 -> 4166.6667 | O50: =$C50*O$59 -> 4166.6667 | P50: =$C50*P$59 -> 4375 | Q50: =$C50*Q$59 -> 4375 | R50: =$C50*R$59 -> 4375 | S50: =$C50*S$59 -> 4375 | ... BS50: =$C50*BS$59 -> 5317.8398
A51: =Допущения!A60 -> Расходы на поддержку сайта | B51: =Допущения!B60 -> руб./мес. | C51: =Допущения!$C60/(1+Допущения!$C$68) -> 1250 | E51: =AVERAGEIF($L$2:$BS$2,E$2,$L51:$BS51) -> 1250 | F51: =AVERAGEIF($L$2:$BS$2,F$2,$L51:$BS51) -> 1312.5 | G51: =AVERAGEIF($L$2:$BS$2,G$2,$L51:$BS51) -> 1378.125 | H51: =AVERAGEIF($L$2:$BS$2,H$2,$L51:$BS51) -> 1447.0313 | I51: =AVERAGEIF($L$2:$BS$2,I$2,$L51:$BS51) -> 1519.3828 | J51: =AVERAGEIF($L$2:$BS$2,J$2,$L51:$BS51) -> 1595.352 | L51: =$C51*L$59 -> 1250 | M51: =$C51*M$59 -> 1250 | N51: =$C51*N$59 -> 1250 | O51: =$C51*O$59 -> 1250 | P51: =$C51*P$59 -> 1312.5 | Q51: =$C51*Q$59 -> 1312.5 | R51: =$C51*R$59 -> 1312.5 | S51: =$C51*S$59 -> 1312.5 | ... BS51: =$C51*BS$59 -> 1595.352
A52: =Допущения!A61 -> - | B52: =Допущения!B61 -> руб./мес. | C52: =Допущения!$C61/(1+Допущения!$C$68) -> 0 | E52: =AVERAGEIF($L$2:$BS$2,E$2,$L52:$BS52) -> 0 | F52: =AVERAGEIF($L$2:$BS$2,F$2,$L52:$BS52) -> 0 | G52: =AVERAGEIF($L$2:$BS$2,G$2,$L52:$BS52) -> 0 | H52: =AVERAGEIF($L$2:$BS$2,H$2,$L52:$BS52) -> 0 | I52: =AVERAGEIF($L$2:$BS$2,I$2,$L52:$BS52) -> 0 | J52: =AVERAGEIF($L$2:$BS$2,J$2,$L52:$BS52) -> 0 | L52: =$C52*L$59 -> 0 | M52: =$C52*M$59 -> 0 | N52: =$C52*N$59 -> 0 | O52: =$C52*O$59 -> 0 | P52: =$C52*P$59 -> 0 | Q52: =$C52*Q$59 -> 0 | R52: =$C52*R$59 -> 0 | S52: =$C52*S$59 -> 0 | ... BS52: =$C52*BS$59 -> 0
A53: =Допущения!A62 -> - | B53: =Допущения!B62 -> руб./мес. | C53: =Допущения!$C62/(1+Допущения!$C$68) -> 0 | E53: =AVERAGEIF($L$2:$BS$2,E$2,$L53:$BS53) -> 0 | F53: =AVERAGEIF($L$2:$BS$2,F$2,$L53:$BS53) -> 0 | G53: =AVERAGEIF($L$2:$BS$2,G$2,$L53:$BS53) -> 0 | H53: =AVERAGEIF($L$2:$BS$2,H$2,$L53:$BS53) -> 0 | I53: =AVERAGEIF($L$2:$BS$2,I$2,$L53:$BS53) -> 0 | J53: =AVERAGEIF($L$2:$BS$2,J$2,$L53:$BS53) -> 0 | L53: =$C53*L$59 -> 0 | M53: =$C53*M$59 -> 0 | N53: =$C53*N$59 -> 0 | O53: =$C53*O$59 -> 0 | P53: =$C53*P$59 -> 0 | Q53: =$C53*Q$59 -> 0 | R53: =$C53*R$59 -> 0 | S53: =$C53*S$59 -> 0 | ... BS53: =$C53*BS$59 -> 0
A54: =Допущения!A63 -> - | B54: =Допущения!B63 -> руб./мес. | C54: =Допущения!$C63/(1+Допущения!$C$68) -> 0 | E54: =AVERAGEIF($L$2:$BS$2,E$2,$L54:$BS54) -> 0 | F54: =AVERAGEIF($L$2:$BS$2,F$2,$L54:$BS54) -> 0 | G54: =AVERAGEIF($L$2:$BS$2,G$2,$L54:$BS54) -> 0 | H54: =AVERAGEIF($L$2:$BS$2,H$2,$L54:$BS54) -> 0 | I54: =AVERAGEIF($L$2:$BS$2,I$2,$L54:$BS54) -> 0 | J54: =AVERAGEIF($L$2:$BS$2,J$2,$L54:$BS54) -> 0 | L54: =$C54*L$59 -> 0 | M54: =$C54*M$59 -> 0 | N54: =$C54*N$59 -> 0 | O54: =$C54*O$59 -> 0 | P54: =$C54*P$59 -> 0 | Q54: =$C54*Q$59 -> 0 | R54: =$C54*R$59 -> 0 | S54: =$C54*S$59 -> 0 | ... BS54: =$C54*BS$59 -> 0
A55: =Допущения!A64 -> - | B55: =Допущения!B64 -> руб./мес. | C55: =Допущения!$C64/(1+Допущения!$C$68) -> 0 | E55: =AVERAGEIF($L$2:$BS$2,E$2,$L55:$BS55) -> 0 | F55: =AVERAGEIF($L$2:$BS$2,F$2,$L55:$BS55) -> 0 | G55: =AVERAGEIF($L$2:$BS$2,G$2,$L55:$BS55) -> 0 | H55: =AVERAGEIF($L$2:$BS$2,H$2,$L55:$BS55) -> 0 | I55: =AVERAGEIF($L$2:$BS$2,I$2,$L55:$BS55) -> 0 | J55: =AVERAGEIF($L$2:$BS$2,J$2,$L55:$BS55) -> 0 | L55: =$C55*L$59 -> 0 | M55: =$C55*M$59 -> 0 | N55: =$C55*N$59 -> 0 | O55: =$C55*O$59 -> 0 | P55: =$C55*P$59 -> 0 | Q55: =$C55*Q$59 -> 0 | R55: =$C55*R$59 -> 0 | S55: =$C55*S$59 -> 0 | ... BS55: =$C55*BS$59 -> 0
A57: Макроиндексы по стоимости расходов | E57: =E2 -> 2025 | F57: =E57+1 -> 2026 | G57: =F57+1 -> 2027 | H57: =G57+1 -> 2028 | I57: =H57+1 -> 2029 | J57: =I57+1 -> 2030
A58: Среднегодовая инфляция | E58: 0.05 | F58: 0.05 | G58: 0.05 | H58: 0.05 | I58: 0.05 | J58: 0.05 | L58: =SUMIF($E$19:$J$19,L$2,$E58:$J58) -> 0.05 | M58: =SUMIF($E$19:$J$19,M$2,$E58:$J58) -> 0.05 | N58: =SUMIF($E$19:$J$19,N$2,$E58:$J58) -> 0.05 | O58: =SUMIF($E$19:$J$19,O$2,$E58:$J58) -> 0.05 | P58: =SUMIF($E$19:$J$19,P$2,$E58:$J58) -> 0.05 | Q58: =SUMIF($E$19:$J$19,Q$2,$E58:$J58) -> 0.05 | R58: =SUMIF($E$19:$J$19,R$2,$E58:$J58) -> 0.05 | S58: =SUMIF($E$19:$J$19,S$2,$E58:$J58) -> 0.05 | ... BS58: =SUMIF($E$19:$J$19,BS$2,$E58:$J58) -> 0.05
A59: Индекс цен по отношению к началу проекта | E59: 1 | F59: =E59*(1+E58) -> 1.05 | G59: =F59*(1+F58) -> 1.1025 | H59: =G59*(1+G58) -> 1.157625 | I59: =H59*(1+H58) -> 1.2155063 | J59: =I59*(1+I58) -> 1.2762816 | L59: =SUMIF($E$19:$J$19,L$2,$E59:$J59) -> 1 | M59: =SUMIF($E$19:$J$19,M$2,$E59:$J59) -> 1 | N59: =SUMIF($E$19:$J$19,N$2,$E59:$J59) -> 1 | O59: =SUMIF($E$19:$J$19,O$2,$E59:$J59) -> 1 | P59: =SUMIF($E$19:$J$19,P$2,$E59:$J59) -> 1.05 | Q59: =SUMIF($E$19:$J$19,Q$2,$E59:$J59) -> 1.05 | R59: =SUMIF($E$19:$J$19,R$2,$E59:$J59) -> 1.05 | S59: =SUMIF($E$19:$J$19,S$2,$E59:$J59) -> 1.05 | ... BS59: =SUMIF($E$19:$J$19,BS$2,$E59:$J59) -> 1.2762816

Sheet Объемы реализации
A1: Квартал (порядковый № в году) | C1: =IF(OR(MONTH(C3)=1,MONTH(C3)=2,MONTH(C3)=3),1,IF(OR(MONTH(C3)=4,MONTH(C3)=5,MONTH(C3)=6),2,IF(OR(MONTH(C3)=7,MONTH(C3)=8,MONTH(C3)=9),3,4))) -> 3 | D1: =IF(OR(MONTH(D3)=1,MONTH(D3)=2,MONTH(D3)=3),1,IF(OR(MONTH(D3)=4,MONTH(D3)=5,MONTH(D3)=6),2,IF(OR(MONTH(D3)=7,MONTH(D3)=8,MONTH(D3)=9),3,4))) -> 4 | E1: =IF(OR(MONTH(E3)=1,MONTH(E3)=2,MONTH(E3)=3),1,IF(OR(MONTH(E3)=4,MONTH(E3)=5,MONTH(E3)=6),2,IF(OR(MONTH(E3)=7,MONTH(E3)=8,MONTH(E3)=9),3,4))) -> 4 | F1: =IF(OR(MONTH(F3)=1,MONTH(F3)=2,MONTH(F3)=3),1,IF(OR(MONTH(F3)=4,MONTH(F3)=5,MONTH(F3)=6),2,IF(OR(MONTH(F3)=7,MONTH(F3)=8,MONTH(F3)=9),3,4))) -> 4 | G1: =IF(OR(MONTH(G3)=1,MONTH(G3)=2,MONTH(G3)=3),1,IF(OR(MONTH(G3)=4,MONTH(G3)=5,MONTH(G3)=6),2,IF(OR(MONTH(G3)=7,MONTH(G3)=8,MONTH(G3)=9),3,4))) -> 1 | H1: =IF(OR(MONTH(H3)=1,MONTH(H3)=2,MONTH(H3)=3),1,IF(OR(MONTH(H3)=4,MONTH(H3)=5,MONTH(H3)=6),2,IF(OR(MONTH(H3)=7,MONTH(H3)=8,MONTH(H3)=9),3,4))) -> 1 | I1: =IF(OR(MONTH(I3)=1,MONTH(I3)=2,MONTH(I3)=3),1,IF(OR(MONTH(I3)=4,MONTH(I3)=5,MONTH(I3)=6),2,IF(OR(MONTH(I3)=7,MONTH(I3)=8,MONTH(I3)=9),3,4))) -> 1 | J1: =IF(OR(MONTH(J3)=1,MONTH(J3)=2,MONTH(J3)=3),1,IF(OR(MONTH(J3)=4,MONTH(J3)=5,MONTH(J3)=6),2,IF(OR(MONTH(J3)=7,MONTH(J3)=8,MONTH(J3)=9),3,4))) -> 2 | ... BJ1: =IF(OR(MONTH(BJ3)=1,MONTH(BJ3)=2,MONTH(BJ3)=3),1,IF(OR(MONTH(BJ3)=4,MONTH(BJ3)=5,MONTH(BJ3)=6),2,IF(OR(MONTH(BJ3)=7,MONTH(BJ3)=8,MONTH(BJ3)=9),3,4))) -> 3
A2: Год | C2: =YEAR(C3) -> 2025 | D2: =YEAR(D3) -> 2025 | E2: =YEAR(E3) -> 2025 | F2: =YEAR(F3) -> 2025 | G2: =YEAR(G3) -> 2026 | H2: =YEAR(H3) -> 2026 | I2: =YEAR(I3) -> 2026 | J2: =YEAR(J3) -> 2026 | ... BJ2: =YEAR(BJ3) -> 2030 | BL2: =YEAR(Допущения!C4) -> 2025 | BM2: =BL2+1 -> 2026 | BN2: =BM2+1 -> 2027 | BO2: =BN2+1 -> 2028 | BP2: =BO2+1 -> 2029 | BQ2: =BP2+1 -> 2030
A3: Месяц | C3: =Допущения!C4 -> 45901 | D3: =DATE(YEAR(C3),MONTH(C3)+1,1) -> 45931 | E3: =DATE(YEAR(D3),MONTH(D3)+1,1) -> 45962 | F3: =DATE(YEAR(E3),MONTH(E3)+1,1) -> 45992 | G3: =DATE(YEAR(F3),MONTH(F3)+1,1) -> 46023 | H3: =DATE(YEAR(G3),MONTH(G3)+1,1) -> 46054 | I3: =DATE(YEAR(H3),MONTH(H3)+1,1) -> 46082 | J3: =DATE(YEAR(I3),MONTH(I3)+1,1) -> 46113 | K3: =DATE(YEAR(J3),MONTH(J3)+1,1) -> 46143 | ... BK3: =DATE(YEAR(BJ3),MONTH(BJ3)+1,1) -> 47727
A4: К-во дней в месяце | C4: =D3-C3 -> 30 | D4: =E3-D3 -> 31 | E4: =F3-E3 -> 30 | F4: =G3-F3 -> 31 | G4: =H3-G3 -> 31 | H4: =I3-H3 -> 28 | I4: =J3-I3 -> 31 | J4: =K3-J3 -> 30 | ... BJ4: =BK3-BJ3 -> 31
A5: Порядковый № периода | C5: 1 | D5: =C5+1 -> 2 | E5: =D5+1 -> 3 | F5: =E5+1 -> 4 | G5: =F5+1 -> 5 | H5: =G5+1 -> 6 | I5: =H5+1 -> 7 | J5: =I5+1 -> 8 | K5: =J5+1 -> 9 | ... BJ5: =BI5+1 -> 60
A7: Объем производства продукции/План развития производства | B7: Ед. изм. | C7: 0 | D7: 0 | E7: 0 | F7: 0.2 | G7: 0.4 | H7: 0.6 | I7: 0.8 | J7: 1 | K7: 1 | L7: 1 | M7: 1 | N7: 1 | O7: 1 | P7: 1 | Q7: 1 | R7: 1 | S7: 1 | T7: 1 | U7: 1 | V7: 1 | W7: 1 | X7: 1 | Y7: 1 | Z7: 1 | AA7: 1 | AB7: 1 | AC7: 1 | AD7: 1 | AE7: 1 | AF7: 1 | AG7: 1 | AH7: 1 | AI7: 1 | AJ7: 1 | AK7: 1 | AL7: 1 | AM7: 1 | AN7: 1 | AO7: 1 | AP7: 1 | AQ7: 1 | AR7: 1 | AS7: 1 | AT7: 1 | AU7: 1 | AV7: 1 | AW7: 1 | AX7: 1 | AY7: 1 | AZ7: 1 | BA7: 1 | BB7: 1 | BC7: 1 | BD7: 1 | BE7: 1 | BF7: 1 | BG7: 1 | BH7: 1 | BI7: 1 | BJ7: 1
A8: =Допущения!A8 -> Свиные полутуши | B8: =Допущения!B8 -> кг/мес. | C8: =ROUND(Допущения!$C8*'Объемы реализации'!C$7*SUMIF(Сезонность!$B$1:$M$1,MONTH('Объемы реализации'!C$3),Сезонность!$B$3:$M$3),0) -> 0 | D8: =ROUND(Допущения!$C8*'Объемы реализации'!D$7*SUMIF(Сезонность!$B$1:$M$1,MONTH('Объемы реализации'!D$3),Сезонность!$B$3:$M$3),0) -> 0 | E8: =ROUND(Допущения!$C8*'Объемы реализации'!E$7*SUMIF(Сезонность!$B$1:$M$1,MONTH('Объемы реализации'!E$3),Сезонность!$B$3:$M$3),0) -> 0 | F8: =ROUND(Допущения!$C8*'Объемы реализации'!F$7*SUMIF(Сезонность!$B$1:$M$1,MONTH('Объемы реализации'!F$3),Сезонность!$B$3:$M$3),0) -> 48000 | G8: =ROUND(Допущения!$C8*'Объемы реализации'!G$7*SUMIF(Сезонность!$B$1:$M$1,MONTH('Объемы реализации'!G$3),Сезонность!$B$3:$M$3),0) -> 96000 | H8: =ROUND(Допущения!$C8*'Объемы реализации'!H$7*SUMIF(Сезонность!$B$1:$M$1,MONTH('Объемы реализации'!H$3),Сезонность!$B$3:$M$3),0) -> 144000 | I8: =ROUND(Допущения!$C8*'Объемы реализации'!I$7*SUMIF(Сезонность!$B$1:$M$1,MONTH('Объемы реализации'!I$3),Сезонность!$B$3:$M$3),0) -> 192000 | J8: =ROUND(Допущения!$C8*'Объемы реализации'!J$7*SUMIF(Сезонность!$B$1:$M$1,MONTH('Объемы реализации'!J$3),Сезонность!$B$3:$M$3),0) -> 240000 | ... BJ8: =ROUND(Допущения!$C8*'Объемы реализации'!BJ$7*SUMIF(Сезонность!$B$1:$M$1,MONTH('Объемы реализации'!BJ$3),Сезонность!$B$3:$M$3),0) -> 240000 | BL8: =SUMIF($C$2:$BJ$2,BL$2,$C8:$BJ8) -> 48000 | BM8: =SUMIF($C$2:$BJ$2,BM$2,$C8:$BJ8) -> 2592000 | BN8: =SUMIF($C$2:$BJ$2,BN$2,$C8:$BJ8) -> 2880000 | BO8: =SUMIF($C$2:$BJ$2,BO$2,$C8:$BJ8) -> 2880000 | BP8: =SUMIF($C$2:$BJ$2,BP$2,$C8:$BJ8) -> 2880000 | BQ8: =SUMIF($C$2:$BJ$2,BQ$2,$C8:$BJ8) -> 1920000
A9: =Допущения!A9 -> Говядина четверти | B9: =Допущения!B9 -> кг/мес. | C9: =ROUND(Допущения!$C9*'Объемы реализации'!C$7*SUMIF(Сезонность!$B$1:$M$1,MONTH('Объемы реализации'!C$3),Сезонность!$B$3:$M$3),0) -> 0 | D9: =ROUND(Допущения!$C9*'Объемы реализации'!D$7*SUMIF(Сезонность!$B$1:$M$1,MONTH('Объемы реализации'!D$3),Сезонность!$B$3:$M$3),0) -> 0 | E9: =ROUND(Допущения!$C9*'Объемы реализации'!E$7*SUMIF(Сезонность!$B$1:$M$1,MONTH('Объемы реализации'!E$3),Сезонность!$B$3:$M$3),0) -> 0 | F9: =ROUND(Допущения!$C9*'Объемы реализации'!F$7*SUMIF(Сезонность!$B$1:$M$1,MONTH('Объемы реализации'!F$3),Сезонность!$B$3:$M$3),0) -> 24000 | G9: =ROUND(Допущения!$C9*'Объемы реализации'!G$7*SUMIF(Сезонность!$B$1:$M$1,MONTH('Объемы реализации'!G$3),Сезонность!$B$3:$M$3),0) -> 48000 | H9: =ROUND(Допущения!$C9*'Объемы реализации'!H$7*SUMIF(Сезонность!$B$1:$M$1,MONTH('Объемы реализации'!H$3),Сезонность!$B$3:$M$3),0) -> 72000 | I9: =ROUND(Допущения!$C9*'Объемы реализации'!I$7*SUMIF(Сезонность!$B$1:$M$1,MONTH('Объемы реализации'!I$3),Сезонность!$B$3:$M$3),0) -> 96000 | J9: =ROUND(Допущения!$C9*'Объемы реализации'!J$7*SUMIF(Сезонность!$B$1:$M$1,MONTH('Объемы реализации'!J$3),Сезонность!$B$3:$M$3),0) -> 120000 | ... BJ9: =ROUND(Допущения!$C9*'Объемы реализации'!BJ$7*SUMIF(Сезонность!$B$1:$M$1,MONTH('Объемы реализации'!BJ$3),Сезонность!$B$3:$M$3),0) -> 120000 | BL9: =SUMIF($C$2:$BJ$2,BL$2,$C9:$BJ9) -> 24000 | BM9: =SUMIF($C$2:$BJ$2,BM$2,$C9:$BJ9) -> 1296000 | BN9: =SUMIF($C$2:$BJ$2,BN$2,$C9:$BJ9) -> 1440000 | BO9: =SUMIF($C$2:$BJ$2,BO$2,$C9:$BJ9) -> 1440000 | BP9: =SUMIF($C$2:$BJ$2,BP$2,$C9:$BJ9) -> 1440000 | BQ9: =SUMIF($C$2:$BJ$2,BQ$2,$C9:$BJ9) -> 960000
A10: =Допущения!A10 -> Тушки куриные | B10: =Допущения!B10 -> кг/мес. | C10: =ROUND(Допущения!$C10*'Объемы реализации'!C$7*SUMIF(Сезонность!$B$1:$M$1,MONTH('Объемы реализации'!C$3),Сезонность!$B$3:$M$3),0) -> 0 | D10: =ROUND(Допущения!$C10*'Объемы реализации'!D$7*SUMIF(Сезонность!$B$1:$M$1,MONTH('Объемы реализации'!D$3),Сезонность!$B$3:$M$3),0) -> 0 | E10: =ROUND(Допущения!$C10*'Объемы реализации'!E$7*SUMIF(Сезонность!$B$1:$M$1,MONTH('Объемы реализации'!E$3),Сезонность!$B$3:$M$3),0) -> 0 | F10: =ROUND(Допущения!$C10*'Объемы реализации'!F$7*SUMIF(Сезонность!$B$1:$M$1,MONTH('Объемы реализации'!F$3),Сезонность!$B$3:$M$3),0) -> 24000 | G10: =ROUND(Допущения!$C10*'Объемы реализации'!G$7*SUMIF(Сезонность!$B$1:$M$1,MONTH('Объемы реализации'!G$3),Сезонность!$B$3:$M$3),0) -> 48000 | H10: =ROUND(Допущения!$C10*'Объемы реализации'!H$7*SUMIF(Сезонность!$B$1:$M$1,MONTH('Объемы реализации'!H$3),Сезонность!$B$3:$M$3),0) -> 72000 | I10: =ROUND(Допущения!$C10*'Объемы реализации'!I$7*SUMIF(Сезонность!$B$1:$M$1,MONTH('Объемы реализации'!I$3),Сезонность!$B$3:$M$3),0) -> 96000 | J10: =ROUND(Допущения!$C10*'Объемы реализации'!J$7*SUMIF(Сезонность!$B$1:$M$1,MONTH('Объемы реализации'!J$3),Сезонность!$B$3:$M$3),0) -> 120000 | ... BJ10: =ROUND(Допущения!$C10*'Объемы реализации'!BJ$7*SUMIF(Сезонность!$B$1:$M$1,MONTH('Объемы реализации'!BJ$3),Сезонность!$B$3:$M$3),0) -> 120000 | BL10: =SUMIF($C$2:$BJ$2,BL$2,$C10:$BJ10) -> 24000 | BM10: =SUMIF($C$2:$BJ$2,BM$2,$C10:$BJ10) -> 1296000 | BN10: =SUMIF($C$2:$BJ$2,BN$2,$C10:$BJ10) -> 1440000 | BO10: =SUMIF($C$2:$BJ$2,BO$2,$C10:$BJ10) -> 1440000 | BP10: =SUMIF($C$2:$BJ$2,BP$2,$C10:$BJ10) -> 1440000 | BQ10: =SUMIF($C$2:$BJ$2,BQ$2,$C10:$BJ10) -> 960000
A11: =Допущения!A11 -> Тушки индейки | B11: =Допущения!B11 -> кг/мес. | C11: =ROUND(Допущения!$C11*'Объемы реализации'!C$7*SUMIF(Сезонность!$B$1:$M$1,MONTH('Объемы реализации'!C$3),Сезонность!$B$3:$M$3),0) -> 0 | D11: =ROUND(Допущения!$C11*'Объемы реализации'!D$7*SUMIF(Сезонность!$B$1:$M$1,MONTH('Объемы реализации'!D$3),Сезонность!$B$3:$M$3),0) -> 0 | E11: =ROUND(Допущения!$C11*'Объемы реализации'!E$7*SUMIF(Сезонность!$B$1:$M$1,MONTH('Объемы реализации'!E$3),Сезонность!$B$3:$M$3),0) -> 0 | F11: =ROUND(Допущения!$C11*'Объемы реализации'!F$7*SUMIF(Сезонность!$B$1:$M$1,MONTH('Объемы реализации'!F$3),Сезонность!$B$3:$M$3),0) -> 24000 | G11: =ROUND(Допущения!$C11*'Объемы реализации'!G$7*SUMIF(Сезонность!$B$1:$M$1,MONTH('Объемы реализации'!G$3),Сезонность!$B$3:$M$3),0) -> 48000 | H11: =ROUND(Допущения!$C11*'Объемы реализации'!H$7*SUMIF(Сезонность!$B$1:$M$1,MONTH('Объемы реализации'!H$3),Сезонность!$B$3:$M$3),0) -> 72000 | I11: =ROUND(Допущения!$C11*'Объемы реализации'!I$7*SUMIF(Сезонность!$B$1:$M$1,MONTH('Объемы реализации'!I$3),Сезонность!$B$3:$M$3),0) -> 96000 | J11: =ROUND(Допущения!$C11*'Объемы реализации'!J$7*SUMIF(Сезонность!$B$1:$M$1,MONTH('Объемы реализации'!J$3),Сезонность!$B$3:$M$3),0) -> 120000 | ... BJ11: =ROUND(Допущения!$C11*'Объемы реализации'!BJ$7*SUMIF(Сезонность!$B$1:$M$1,MONTH('Объемы реализации'!BJ$3),Сезонность!$B$3:$M$3),0) -> 120000 | BL11: =SUMIF($C$2:$BJ$2,BL$2,$C11:$BJ11) -> 24000 | BM11: =SUMIF($C$2:$BJ$2,BM$2,$C11:$BJ11) -> 1296000 | BN11: =SUMIF($C$2:$BJ$2,BN$2,$C11:$BJ11) -> 1440000 | BO11: =SUMIF($C$2:$BJ$2,BO$2,$C11:$BJ11) -> 1440000 | BP11: =SUMIF($C$2:$BJ$2,BP$2,$C11:$BJ11) -> 1440000 | BQ11: =SUMIF($C$2:$BJ$2,BQ$2,$C11:$BJ11) -> 960000
A12: =Допущения!A12 -> Котлеты замороженные | B12: =Допущения!B12 -> кг/мес. | C12: =ROUND(Допущения!$C12*'Объемы реализации'!C$7*SUMIF(Сезонность!$B$1:$M$1,MONTH('Объемы реализации'!C$3),Сезонность!$B$3:$M$3),0) -> 0 | D12: =ROUND(Допущения!$C12*'Объемы реализации'!D$7*SUMIF(Сезонность!$B$1:$M$1,MONTH('Объемы реализации'!D$3),Сезонность!$B$3:$M$3),0) -> 0 | E12: =ROUND(Допущения!$C12*'Объемы реализации'!E$7*SUMIF(Сезонность!$B$1:$M$1,MONTH('Объемы реализации'!E$3),Сезонность!$B$3:$M$3),0) -> 0 | F12: =ROUND(Допущения!$C12*'Объемы реализации'!F$7*SUMIF(Сезонность!$B$1:$M$1,MONTH('Объемы реализации'!F$3),Сезонность!$B$3:$M$3),0) -> 21000 | G12: =ROUND(Допущения!$C12*'Объемы реализации'!G$7*SUMIF(Сезонность!$B$1:$M$1,MONTH('Объемы реализации'!G$3),Сезонность!$B$3:$M$3),0) -> 42000 | H12: =ROUND(Допущения!$C12*'Объемы реализации'!H$7*SUMIF(Сезонность!$B$1:$M$1,MONTH('Объемы реализации'!H$3),Сезонность!$B$3:$M$3),0) -> 63000 | I12: =ROUND(Допущения!$C12*'Объемы реализации'!I$7*SUMIF(Сезонность!$B$1:$M$1,MONTH('Объемы реализации'!I$3),Сезонность!$B$3:$M$3),0) -> 84000 | J12: =ROUND(Допущения!$C12*'Объемы реализации'!J$7*SUMIF(Сезонность!$B$1:$M$1,MONTH('Объемы реализации'!J$3),Сезонность!$B$3:$M$3),0) -> 105000 | ... BJ12: =ROUND(Допущения!$C12*'Объемы реализации'!BJ$7*SUMIF(Сезонность!$B$1:$M$1,MONTH('Объемы реализации'!BJ$3),Сезонность!$B$3:$M$3),0) -> 105000 | BL12: =SUMIF($C$2:$BJ$2,BL$2,$C12:$BJ12) -> 21000 | BM12: =SUMIF($C$2:$BJ$2,BM$2,$C12:$BJ12) -> 1134000 | BN12: =SUMIF($C$2:$BJ$2,BN$2,$C12:$BJ12) -> 1260000 | BO12: =SUMIF($C$2:$BJ$2,BO$2,$C12:$BJ12) -> 1260000 | BP12: =SUMIF($C$2:$BJ$2,BP$2,$C12:$BJ12) -> 1260000 | BQ12: =SUMIF($C$2:$BJ$2,BQ$2,$C12:$BJ12) -> 840000
A13: =Допущения!A13 -> Шашлык маринованный | B13: =Допущения!B13 -> кг/мес. | C13: =ROUND(Допущения!$C13*'Объемы реализации'!C$7*SUMIF(Сезонность!$B$1:$M$1,MONTH('Объемы реализации'!C$3),Сезонность!$B$3:$M$3),0) -> 0 | D13: =ROUND(Допущения!$C13*'Объемы реализации'!D$7*SUMIF(Сезонность!$B$1:$M$1,MONTH('Объемы реализации'!D$3),Сезонность!$B$3:$M$3),0) -> 0 | E13: =ROUND(Допущения!$C13*'Объемы реализации'!E$7*SUMIF(Сезонность!$B$1:$M$1,MONTH('Объемы реализации'!E$3),Сезонность!$B$3:$M$3),0) -> 0 | F13: =ROUND(Допущения!$C13*'Объемы реализации'!F$7*SUMIF(Сезонность!$B$1:$M$1,MONTH('Объемы реализации'!F$3),Сезонность!$B$3:$M$3),0) -> 30000 | G13: =ROUND(Допущения!$C13*'Объемы реализации'!G$7*SUMIF(Сезонность!$B$1:$M$1,MONTH('Объемы реализации'!G$3),Сезонность!$B$3:$M$3),0) -> 60000 | H13: =ROUND(Допущения!$C13*'Объемы реализации'!H$7*SUMIF(Сезонность!$B$1:$M$1,MONTH('Объемы реализации'!H$3),Сезонность!$B$3:$M$3),0) -> 90000 | I13: =ROUND(Допущения!$C13*'Объемы реализации'!I$7*SUMIF(Сезонность!$B$1:$M$1,MONTH('Объемы реализации'!I$3),Сезонность!$B$3:$M$3),0) -> 120000 | J13: =ROUND(Допущения!$C13*'Объемы реализации'!J$7*SUMIF(Сезонность!$B$1:$M$1,MONTH('Объемы реализации'!J$3),Сезонность!$B$3:$M$3),0) -> 150000 | ... BJ13: =ROUND(Допущения!$C13*'Объемы реализации'!BJ$7*SUMIF(Сезонность!$B$1:$M$1,MONTH('Объемы реализации'!BJ$3),Сезонность!$B$3:$M$3),0) -> 150000 | BL13: =SUMIF($C$2:$BJ$2,BL$2,$C13:$BJ13) -> 30000 | BM13: =SUMIF($C$2:$BJ$2,BM$2,$C13:$BJ13) -> 1620000 | BN13: =SUMIF($C$2:$BJ$2,BN$2,$C13:$BJ13) -> 1800000 | BO13: =SUMIF($C$2:$BJ$2,BO$2,$C13:$BJ13) -> 1800000 | BP13: =SUMIF($C$2:$BJ$2,BP$2,$C13:$BJ13) -> 1800000 | BQ13: =SUMIF($C$2:$BJ$2,BQ$2,$C13:$BJ13) -> 1200000
A14: =Допущения!A14 -> Фрикадельки | B14: =Допущения!B14 -> кг/мес. | C14: =ROUND(Допущения!$C14*'Объемы реализации'!C$7*SUMIF(Сезонность!$B$1:$M$1,MONTH('Объемы реализации'!C$3),Сезонность!$B$3:$M$3),0) -> 0 | D14: =ROUND(Допущения!$C14*'Объемы реализации'!D$7*SUMIF(Сезонность!$B$1:$M$1,MONTH('Объемы реализации'!D$3),Сезонность!$B$3:$M$3),0) -> 0 | E14: =ROUND(Допущения!$C14*'Объемы реализации'!E$7*SUMIF(Сезонность!$B$1:$M$1,MONTH('Объемы реализации'!E$3),Сезонность!$B$3:$M$3),0) -> 0 | F14: =ROUND(Допущения!$C14*'Объемы реализации'!F$7*SUMIF(Сезонность!$B$1:$M$1,MONTH('Объемы реализации'!F$3),Сезонность!$B$3:$M$3),0) -> 21000 | G14: =ROUND(Допущения!$C14*'Объемы реализации'!G$7*SUMIF(Сезонность!$B$1:$M$1,MONTH('Объемы реализации'!G$3),Сезонность!$B$3:$M$3),0) -> 42000 | H14: =ROUND(Допущения!$C14*'Объемы реализации'!H$7*SUMIF(Сезонность!$B$1:$M$1,MONTH('Объемы реализации'!H$3),Сезонность!$B$3:$M$3),0) -> 63000 | I14: =ROUND(Допущения!$C14*'Объемы реализации'!I$7*SUMIF(Сезонность!$B$1:$M$1,MONTH('Объемы реализации'!I$3),Сезонность!$B$3:$M$3),0) -> 84000 | J14: =ROUND(Допущения!$C14*'Объемы реализации'!J$7*SUMIF(Сезонность!$B$1:$M$1,MONTH('Объемы реализации'!J$3),Сезонность!$B$3:$M$3),0) -> 105000 | ... BJ14: =ROUND(Допущения!$C14*'Объемы реализации'!BJ$7*SUMIF(Сезонность!$B$1:$M$1,MONTH('Объемы реализации'!BJ$3),Сезонность!$B$3:$M$3),0) -> 105000 | BL14: =SUMIF($C$2:$BJ$2,BL$2,$C14:$BJ14) -> 21000 | BM14: =SUMIF($C$2:$BJ$2,BM$2,$C14:$BJ14) -> 1134000 | BN14: =SUMIF($C$2:$BJ$2,BN$2,$C14:$BJ14) -> 1260000 | BO14: =SUMIF($C$2:$BJ$2,BO$2,$C14:$BJ14) -> 1260000 | BP14: =SUMIF($C$2:$BJ$2,BP$2,$C14:$BJ14) -> 1260000 | BQ14: =SUMIF($C$2:$BJ$2,BQ$2,$C14:$BJ14) -> 840000
A15: =Допущения!A15 -> Пельмени | B15: =Допущения!B15 -> кг/мес. | C15: =ROUND(Допущения!$C15*'Объемы реализации'!C$7*SUMIF(Сезонность!$B$1:$M$1,MONTH('Объемы реализации'!C$3),Сезонность!$B$3:$M$3),0) -> 0 | D15: =ROUND(Допущения!$C15*'Объемы реализации'!D$7*SUMIF(Сезонность!$B$1:$M$1,MONTH('Объемы реализации'!D$3),Сезонность!$B$3:$M$3),0) -> 0 | E15: =ROUND(Допущения!$C15*'Объемы реализации'!E$7*SUMIF(Сезонность!$B$1:$M$1,MONTH('Объемы реализации'!E$3),Сезонность!$B$3:$M$3),0) -> 0 | F15: =ROUND(Допущения!$C15*'Объемы реализации'!F$7*SUMIF(Сезонность!$B$1:$M$1,MONTH('Объемы реализации'!F$3),Сезонность!$B$3:$M$3),0) -> 20000 | G15: =ROUND(Допущения!$C15*'Объемы реализации'!G$7*SUMIF(Сезонность!$B$1:$M$1,MONTH('Объемы реализации'!G$3),Сезонность!$B$3:$M$3),0) -> 40000 | H15: =ROUND(Допущения!$C15*'Объемы реализации'!H$7*SUMIF(Сезонность!$B$1:$M$1,MONTH('Объемы реализации'!H$3),Сезонность!$B$3:$M$3),0) -> 60000 | I15: =ROUND(Допущения!$C15*'Объемы реализации'!I$7*SUMIF(Сезонность!$B$1:$M$1,MONTH('Объемы реализации'!I$3),Сезонность!$B$3:$M$3),0) -> 80000 | J15: =ROUND(Допущения!$C15*'Объемы реализации'!J$7*SUMIF(Сезонность!$B$1:$M$1,MONTH('Объемы реализации'!J$3),Сезонность!$B$3:$M$3),0) -> 100000 | ... BJ15: =ROUND(Допущения!$C15*'Объемы реализации'!BJ$7*SUMIF(Сезонность!$B$1:$M$1,MONTH('Объемы реализации'!BJ$3),Сезонность!$B$3:$M$3),0) -> 100000 | BL15: =SUMIF($C$2:$BJ$2,BL$2,$C15:$BJ15) -> 20000 | BM15: =SUMIF($C$2:$BJ$2,BM$2,$C15:$BJ15) -> 1080000 | BN15: =SUMIF($C$2:$BJ$2,BN$2,$C15:$BJ15) -> 1200000 | BO15: =SUMIF($C$2:$BJ$2,BO$2,$C15:$BJ15) -> 1200000 | BP15: =SUMIF($C$2:$BJ$2,BP$2,$C15:$BJ15) -> 1200000 | BQ15: =SUMIF($C$2:$BJ$2,BQ$2,$C15:$BJ15) -> 800000
A16: =Допущения!A16 -> - | B16: =Допущения!B16 -> кг/мес. | C16: =ROUND(Допущения!$C16*'Объемы реализации'!C$7*SUMIF(Сезонность!$B$1:$M$1,MONTH('Объемы реализации'!C$3),Сезонность!$B$3:$M$3),0) -> 0 | D16: =ROUND(Допущения!$C16*'Объемы реализации'!D$7*SUMIF(Сезонность!$B$1:$M$1,MONTH('Объемы реализации'!D$3),Сезонность!$B$3:$M$3),0) -> 0 | E16: =ROUND(Допущения!$C16*'Объемы реализации'!E$7*SUMIF(Сезонность!$B$1:$M$1,MONTH('Объемы реализации'!E$3),Сезонность!$B$3:$M$3),0) -> 0 | F16: =ROUND(Допущения!$C16*'Объемы реализации'!F$7*SUMIF(Сезонность!$B$1:$M$1,MONTH('Объемы реализации'!F$3),Сезонность!$B$3:$M$3),0) -> 0 | G16: =ROUND(Допущения!$C16*'Объемы реализации'!G$7*SUMIF(Сезонность!$B$1:$M$1,MONTH('Объемы реализации'!G$3),Сезонность!$B$3:$M$3),0) -> 0 | H16: =ROUND(Допущения!$C16*'Объемы реализации'!H$7*SUMIF(Сезонность!$B$1:$M$1,MONTH('Объемы реализации'!H$3),Сезонность!$B$3:$M$3),0) -> 0 | I16: =ROUND(Допущения!$C16*'Объемы реализации'!I$7*SUMIF(Сезонность!$B$1:$M$1,MONTH('Объемы реализации'!I$3),Сезонность!$B$3:$M$3),0) -> 0 | J16: =ROUND(Допущения!$C16*'Объемы реализации'!J$7*SUMIF(Сезонность!$B$1:$M$1,MONTH('Объемы реализации'!J$3),Сезонность!$B$3:$M$3),0) -> 0 | ... BJ16: =ROUND(Допущения!$C16*'Объемы реализации'!BJ$7*SUMIF(Сезонность!$B$1:$M$1,MONTH('Объемы реализации'!BJ$3),Сезонность!$B$3:$M$3),0) -> 0 | BL16: =SUMIF($C$2:$BJ$2,BL$2,$C16:$BJ16) -> 0 | BM16: =SUMIF($C$2:$BJ$2,BM$2,$C16:$BJ16) -> 0 | BN16: =SUMIF($C$2:$BJ$2,BN$2,$C16:$BJ16) -> 0 | BO16: =SUMIF($C$2:$BJ$2,BO$2,$C16:$BJ16) -> 0 | BP16: =SUMIF($C$2:$BJ$2,BP$2,$C16:$BJ16) -> 0 | BQ16: =SUMIF($C$2:$BJ$2,BQ$2,$C16:$BJ16) -> 0
A17: =Допущения!A17 -> - | B17: =Допущения!B17 -> кг/мес. | C17: =ROUND(Допущения!$C17*'Объемы реализации'!C$7*SUMIF(Сезонность!$B$1:$M$1,MONTH('Объемы реализации'!C$3),Сезонность!$B$3:$M$3),0) -> 0 | D17: =ROUND(Допущения!$C17*'Объемы реализации'!D$7*SUMIF(Сезонность!$B$1:$M$1,MONTH('Объемы реализации'!D$3),Сезонность!$B$3:$M$3),0) -> 0 | E17: =ROUND(Допущения!$C17*'Объемы реализации'!E$7*SUMIF(Сезонность!$B$1:$M$1,MONTH('Объемы реализации'!E$3),Сезонность!$B$3:$M$3),0) -> 0 | F17: =ROUND(Допущения!$C17*'Объемы реализации'!F$7*SUMIF(Сезонность!$B$1:$M$1,MONTH('Объемы реализации'!F$3),Сезонность!$B$3:$M$3),0) -> 0 | G17: =ROUND(Допущения!$C17*'Объемы реализации'!G$7*SUMIF(Сезонность!$B$1:$M$1,MONTH('Объемы реализации'!G$3),Сезонность!$B$3:$M$3),0) -> 0 | H17: =ROUND(Допущения!$C17*'Объемы реализации'!H$7*SUMIF(Сезонность!$B$1:$M$1,MONTH('Объемы реализации'!H$3),Сезонность!$B$3:$M$3),0) -> 0 | I17: =ROUND(Допущения!$C17*'Объемы реализации'!I$7*SUMIF(Сезонность!$B$1:$M$1,MONTH('Объемы реализации'!I$3),Сезонность!$B$3:$M$3),0) -> 0 | J17: =ROUND(Допущения!$C17*'Объемы реализации'!J$7*SUMIF(Сезонность!$B$1:$M$1,MONTH('Объемы реализации'!J$3),Сезонность!$B$3:$M$3),0) -> 0 | ... BJ17: =ROUND(Допущения!$C17*'Объемы реализации'!BJ$7*SUMIF(Сезонность!$B$1:$M$1,MONTH('Объемы реализации'!BJ$3),Сезонность!$B$3:$M$3),0) -> 0 | BL17: =SUMIF($C$2:$BJ$2,BL$2,$C17:$BJ17) -> 0 | BM17: =SUMIF($C$2:$BJ$2,BM$2,$C17:$BJ17) -> 0 | BN17: =SUMIF($C$2:$BJ$2,BN$2,$C17:$BJ17) -> 0 | BO17: =SUMIF($C$2:$BJ$2,BO$2,$C17:$BJ17) -> 0 | BP17: =SUMIF($C$2:$BJ$2,BP$2,$C17:$BJ17) -> 0 | BQ17: =SUMIF($C$2:$BJ$2,BQ$2,$C17:$BJ17) -> 0

Sheet Выручка
A1: Квартал (порядковый № в году) | B1: =IF(OR(MONTH(B3)=1,MONTH(B3)=2,MONTH(B3)=3),1,IF(OR(MONTH(B3)=4,MONTH(B3)=5,MONTH(B3)=6),2,IF(OR(MONTH(B3)=7,MONTH(B3)=8,MONTH(B3)=9),3,4))) -> 3 | C1: =IF(OR(MONTH(C3)=1,MONTH(C3)=2,MONTH(C3)=3),1,IF(OR(MONTH(C3)=4,MONTH(C3)=5,MONTH(C3)=6),2,IF(OR(MONTH(C3)=7,MONTH(C3)=8,MONTH(C3)=9),3,4))) -> 4 | D1: =IF(OR(MONTH(D3)=1,MONTH(D3)=2,MONTH(D3)=3),1,IF(OR(MONTH(D3)=4,MONTH(D3)=5,MONTH(D3)=6),2,IF(OR(MONTH(D3)=7,MONTH(D3)=8,MONTH(D3)=9),3,4))) -> 4 | E1: =IF(OR(MONTH(E3)=1,MONTH(E3)=2,MONTH(E3)=3),1,IF(OR(MONTH(E3)=4,MONTH(E3)=5,MONTH(E3)=6),2,IF(OR(MONTH(E3)=7,MONTH(E3)=8,MONTH(E3)=9),3,4))) -> 4 | F1: =IF(OR(MONTH(F3)=1,MONTH(F3)=2,MONTH(F3)=3),1,IF(OR(MONTH(F3)=4,MONTH(F3)=5,MONTH(F3)=6),2,IF(OR(MONTH(F3)=7,MONTH(F3)=8,MONTH(F3)=9),3,4))) -> 1 | G1: =IF(OR(MONTH(G3)=1,MONTH(G3)=2,MONTH(G3)=3),1,IF(OR(MONTH(G3)=4,MONTH(G3)=5,MONTH(G3)=6),2,IF(OR(MONTH(G3)=7,MONTH(G3)=8,MONTH(G3)=9),3,4))) -> 1 | H1: =IF(OR(MONTH(H3)=1,MONTH(H3)=2,MONTH(H3)=3),1,IF(OR(MONTH(H3)=4,MONTH(H3)=5,MONTH(H3)=6),2,IF(OR(MONTH(H3)=7,MONTH(H3)=8,MONTH(H3)=9),3,4))) -> 1 | I1: =IF(OR(MONTH(I3)=1,MONTH(I3)=2,MONTH(I3)=3),1,IF(OR(MONTH(I3)=4,MONTH(I3)=5,MONTH(I3)=6),2,IF(OR(MONTH(I3)=7,MONTH(I3)=8,MONTH(I3)=9),3,4))) -> 2 | ... BI1: =IF(OR(MONTH(BI3)=1,MONTH(BI3)=2,MONTH(BI3)=3),1,IF(OR(MONTH(BI3)=4,MONTH(BI3)=5,MONTH(BI3)=6),2,IF(OR(MONTH(BI3)=7,MONTH(BI3)=8,MONTH(BI3)=9),3,4))) -> 3
A2: Год | B2: =YEAR(B3) -> 2025 | C2: =YEAR(C3) -> 2025 | D2: =YEAR(D3) -> 2025 | E2: =YEAR(E3) -> 2025 | F2: =YEAR(F3) -> 2026 | G2: =YEAR(G3) -> 2026 | H2: =YEAR(H3) -> 2026 | I2: =YEAR(I3) -> 2026 | ... BI2: =YEAR(BI3) -> 2030 | BK2: =YEAR(Допущения!C4) -> 2025 | BL2: =BK2+1 -> 2026 | BM2: =BL2+1 -> 2027 | BN2: =BM2+1 -> 2028 | BO2: =BN2+1 -> 2029 | BP2: =BO2+1 -> 2030 | BQ2: Итого
A3: Месяц | B3: =Допущения!C4 -> 45901 | C3: =DATE(YEAR(B3),MONTH(B3)+1,1) -> 45931 | D3: =DATE(YEAR(C3),MONTH(C3)+1,1) -> 45962 | E3: =DATE(YEAR(D3),MONTH(D3)+1,1) -> 45992 | F3: =DATE(YEAR(E3),MONTH(E3)+1,1) -> 46023 | G3: =DATE(YEAR(F3),MONTH(F3)+1,1) -> 46054 | H3: =DATE(YEAR(G3),MONTH(G3)+1,1) -> 46082 | I3: =DATE(YEAR(H3),MONTH(H3)+1,1) -> 46113 | J3: =DATE(YEAR(I3),MONTH(I3)+1,1) -> 46143 | ... BJ3: =DATE(YEAR(BI3),MONTH(BI3)+1,1) -> 47727
A4: К-во дней в месяце | B4: =C3-B3 -> 30 | C4: =D3-C3 -> 31 | D4: =E3-D3 -> 30 | E4: =F3-E3 -> 31 | F4: =G3-F3 -> 31 | G4: =H3-G3 -> 28 | H4: =I3-H3 -> 31 | I4: =J3-I3 -> 30 | ... BI4: =BJ3-BI3 -> 31
A5: Порядковый № периода | B5: 1 | C5: =B5+1 -> 2 | D5: =C5+1 -> 3 | E5: =D5+1 -> 4 | F5: =E5+1 -> 5 | G5: =F5+1 -> 6 | H5: =G5+1 -> 7 | I5: =H5+1 -> 8 | J5: =I5+1 -> 9 | ... BI5: =BH5+1 -> 60
A8: Выручка от реализации, тыс. руб. без НДС
A9: =Допущения!A20 -> Свиные полутуши | B9: ='Объемы реализации'!C8*Цены!L8*SUMIF(Сезонность!$B$1:$M$1,MONTH(Выручка!B$3),Сезонность!$B$6:$M$6)/1000 -> 0 | C9: ='Объемы реализации'!D8*Цены!M8*SUMIF(Сезонность!$B$1:$M$1,MONTH(Выручка!C$3),Сезонность!$B$6:$M$6)/1000 -> 0 | D9: ='Объемы реализации'!E8*Цены!N8*SUMIF(Сезонность!$B$1:$M$1,MONTH(Выручка!D$3),Сезонность!$B$6:$M$6)/1000 -> 0 | E9: ='Объемы реализации'!F8*Цены!O8*SUMIF(Сезонность!$B$1:$M$1,MONTH(Выручка!E$3),Сезонность!$B$6:$M$6)/1000 -> 8080 | F9: ='Объемы реализации'!G8*Цены!P8*SUMIF(Сезонность!$B$1:$M$1,MONTH(Выручка!F$3),Сезонность!$B$6:$M$6)/1000 -> 16968 | G9: ='Объемы реализации'!H8*Цены!Q8*SUMIF(Сезонность!$B$1:$M$1,MONTH(Выручка!G$3),Сезонность!$B$6:$M$6)/1000 -> 25452 | H9: ='Объемы реализации'!I8*Цены!R8*SUMIF(Сезонность!$B$1:$M$1,MONTH(Выручка!H$3),Сезонность!$B$6:$M$6)/1000 -> 33936 | I9: ='Объемы реализации'!J8*Цены!S8*SUMIF(Сезонность!$B$1:$M$1,MONTH(Выручка!I$3),Сезонность!$B$6:$M$6)/1000 -> 42420 | ... BI9: ='Объемы реализации'!BJ8*Цены!BS8*SUMIF(Сезонность!$B$1:$M$1,MONTH(Выручка!BI$3),Сезонность!$B$6:$M$6)/1000 -> 51561.775 | BK9: =SUMIF($B$2:$BI$2,BK$2,$B9:$BI9) -> 8080 | BL9: =SUMIF($B$2:$BI$2,BL$2,$B9:$BI9) -> 458136 | BM9: =SUMIF($B$2:$BI$2,BM$2,$B9:$BI9) -> 534492 | BN9: =SUMIF($B$2:$BI$2,BN$2,$B9:$BI9) -> 561216.6 | BO9: =SUMIF($B$2:$BI$2,BO$2,$B9:$BI9) -> 589277.43 | BP9: =SUMIF($B$2:$BI$2,BP$2,$B9:$BI9) -> 412494.2 | BQ9: =SUM(BK9:BP9) -> 2563696.2 | BR9: =BQ9/$BQ$19 -> 0.16706872
A10: =Допущения!A21 -> Говядина четверти | B10: ='Объемы реализации'!C9*Цены!L9*SUMIF(Сезонность!$B$1:$M$1,MONTH(Выручка!B$3),Сезонность!$B$6:$M$6)/1000 -> 0 | C10: ='Объемы реализации'!D9*Цены!M9*SUMIF(Сезонность!$B$1:$M$1,MONTH(Выручка!C$3),Сезонность!$B$6:$M$6)/1000 -> 0 | D10: ='Объемы реализации'!E9*Цены!N9*SUMIF(Сезонность!$B$1:$M$1,MONTH(Выручка!D$3),Сезонность!$B$6:$M$6)/1000 -> 0 | E10: ='Объемы реализации'!F9*Цены!O9*SUMIF(Сезонность!$B$1:$M$1,MONTH(Выручка!E$3),Сезонность!$B$6:$M$6)/1000 -> 9500 | F10: ='Объемы реализации'!G9*Цены!P9*SUMIF(Сезонность!$B$1:$M$1,MONTH(Выручка!F$3),Сезонность!$B$6:$M$6)/1000 -> 19950 | G10: ='Объемы реализации'!H9*Цены!Q9*SUMIF(Сезонность!$B$1:$M$1,MONTH(Выручка!G$3),Сезонность!$B$6:$M$6)/1000 -> 29925 | H10: ='Объемы реализации'!I9*Цены!R9*SUMIF(Сезонность!$B$1:$M$1,MONTH(Выручка!H$3),Сезонность!$B$6:$M$6)/1000 -> 39900 | I10: ='Объемы реализации'!J9*Цены!S9*SUMIF(Сезонность!$B$1:$M$1,MONTH(Выручка!I$3),Сезонность!$B$6:$M$6)/1000 -> 49875 | ... BI10: ='Объемы реализации'!BJ9*Цены!BS9*SUMIF(Сезонность!$B$1:$M$1,MONTH(Выручка!BI$3),Сезонность!$B$6:$M$6)/1000 -> 60623.374 | BK10: =SUMIF($B$2:$BI$2,BK$2,$B10:$BI10) -> 9500 | BL10: =SUMIF($B$2:$BI$2,BL$2,$B10:$BI10) -> 538650 | BM10: =SUMIF($B$2:$BI$2,BM$2,$B10:$BI10) -> 628425 | BN10: =SUMIF($B$2:$BI$2,BN$2,$B10:$BI10) -> 659846.25 | BO10: =SUMIF($B$2:$BI$2,BO$2,$B10:$BI10) -> 692838.56 | BP10: =SUMIF($B$2:$BI$2,BP$2,$B10:$BI10) -> 484986.99 | BQ10: =SUM(BK10:BP10) -> 3014246.8 | BR10: =BQ10/$BQ$19 -> 0.1964298
A11: =Допущения!A22 -> Тушки куриные | B11: ='Объемы реализации'!C10*Цены!L10*SUMIF(Сезонность!$B$1:$M$1,MONTH(Выручка!B$3),Сезонность!$B$6:$M$6)/1000 -> 0 | C11: ='Объемы реализации'!D10*Цены!M10*SUMIF(Сезонность!$B$1:$M$1,MONTH(Выручка!C$3),Сезонность!$B$6:$M$6)/1000 -> 0 | D11: ='Объемы реализации'!E10*Цены!N10*SUMIF(Сезонность!$B$1:$M$1,MONTH(Выручка!D$3),Сезонность!$B$6:$M$6)/1000 -> 0 | E11: ='Объемы реализации'!F10*Цены!O10*SUMIF(Сезонность!$B$1:$M$1,MONTH(Выручка!E$3),Сезонность!$B$6:$M$6)/1000 -> 3800 | F11: ='Объемы реализации'!G10*Цены!P10*SUMIF(Сезонность!$B$1:$M$1,MONTH(Выручка!F$3),Сезонность!$B$6:$M$6)/1000 -> 7980 | G11: ='Объемы реализации'!H10*Цены!Q10*SUMIF(Сезонность!$B$1:$M$1,MONTH(Выручка!G$3),Сезонность!$B$6:$M$6)/1000 -> 11970 | H11: ='Объемы реализации'!I10*Цены!R10*SUMIF(Сезонность!$B$1:$M$1,MONTH(Выручка!H$3),Сезонность!$B$6:$M$6)/1000 -> 15960 | I11: ='Объемы реализации'!J10*Цены!S10*SUMIF(Сезонность!$B$1:$M$1,MONTH(Выручка!I$3),Сезонность!$B$6:$M$6)/1000 -> 19950 | ... BI11: ='Объемы реализации'!BJ10*Цены!BS10*SUMIF(Сезонность!$B$1:$M$1,MONTH(Выручка!BI$3),Сезонность!$B$6:$M$6)/1000 -> 24249.35 | BK11: =SUMIF($B$2:$BI$2,BK$2,$B11:$BI11) -> 3800 | BL11: =SUMIF($B$2:$BI$2,BL$2,$B11:$BI11) -> 215460 | BM11: =SUMIF($B$2:$BI$2,BM$2,$B11:$BI11) -> 251370 | BN11: =SUMIF($B$2:$BI$2,BN$2,$B11:$BI11) -> 263938.5 | BO11: =SUMIF($B$2:$BI$2,BO$2,$B11:$BI11) -> 277135.42 | BP11: =SUMIF($B$2:$BI$2,BP$2,$B11:$BI11) -> 193994.8 | BQ11: =SUM(BK11:BP11) -> 1205698.7 | BR11: =BQ11/$BQ$19 -> 0.078571921
A12: =Допущения!A23 -> Тушки индейки | B12: ='Объемы реализации'!C11*Цены!L11*SUMIF(Сезонность!$B$1:$M$1,MONTH(Выручка!B$3),Сезонность!$B$6:$M$6)/1000 -> 0 | C12: ='Объемы реализации'!D11*Цены!M11*SUMIF(Сезонность!$B$1:$M$1,MONTH(Выручка!C$3),Сезонность!$B$6:$M$6)/1000 -> 0 | D12: ='Объемы реализации'!E11*Цены!N11*SUMIF(Сезонность!$B$1:$M$1,MONTH(Выручка!D$3),Сезонность!$B$6:$M$6)/1000 -> 0 | E12: ='Объемы реализации'!F11*Цены!O11*SUMIF(Сезонность!$B$1:$M$1,MONTH(Выручка!E$3),Сезонность!$B$6:$M$6)/1000 -> 5000 | F12: ='Объемы реализации'!G11*Цены!P11*SUMIF(Сезонность!$B$1:$M$1,MONTH(Выручка!F$3),Сезонность!$B$6:$M$6)/1000 -> 10500 | G12: ='Объемы реализации'!H11*Цены!Q11*SUMIF(Сезонность!$B$1:$M$1,MONTH(Выручка!G$3),Сезонность!$B$6:$M$6)/1000 -> 15750 | H12: ='Объемы реализации'!I11*Цены!R11*SUMIF(Сезонность!$B$1:$M$1,MONTH(Выручка!H$3),Сезонность!$B$6:$M$6)/1000 -> 21000 | I12: ='Объемы реализации'!J11*Цены!S11*SUMIF(Сезонность!$B$1:$M$1,MONTH(Выручка!I$3),Сезонность!$B$6:$M$6)/1000 -> 26250 | ... BI12: ='Объемы реализации'!BJ11*Цены!BS11*SUMIF(Сезонность!$B$1:$M$1,MONTH(Выручка!BI$3),Сезонность!$B$6:$M$6)/1000 -> 31907.039 | BK12: =SUMIF($B$2:$BI$2,BK$2,$B12:$BI12) -> 5000 | BL12: =SUMIF($B$2:$BI$2,BL$2,$B12:$BI12) -> 283500 | BM12: =SUMIF($B$2:$BI$2,BM$2,$B12:$BI12) -> 330750 | BN12: =SUMIF($B$2:$BI$2,BN$2,$B12:$BI12) -> 347287.5 | BO12: =SUMIF($B$2:$BI$2,BO$2,$B12:$BI12) -> 364651.88 | BP12: =SUMIF($B$2:$BI$2,BP$2,$B12:$BI12) -> 255256.31 | BQ12: =SUM(BK12:BP12) -> 1586445.7 | BR12: =BQ12/$BQ$19 -> 0.10338411
A13: =Допущения!A24 -> Котлеты замороженные | B13: ='Объемы реализации'!C12*Цены!L12*SUMIF(Сезонность!$B$1:$M$1,MONTH(Выручка!B$3),Сезонность!$B$6:$M$6)/1000 -> 0 | C13: ='Объемы реализации'!D12*Цены!M12*SUMIF(Сезонность!$B$1:$M$1,MONTH(Выручка!C$3),Сезонность!$B$6:$M$6)/1000 -> 0 | D13: ='Объемы реализации'!E12*Цены!N12*SUMIF(Сезонность!$B$1:$M$1,MONTH(Выручка!D$3),Сезонность!$B$6:$M$6)/1000 -> 0 | E13: ='Объемы реализации'!F12*Цены!O12*SUMIF(Сезонность!$B$1:$M$1,MONTH(Выручка!E$3),Сезонность!$B$6:$M$6)/1000 -> 5250 | F13: ='Объемы реализации'!G12*Цены!P12*SUMIF(Сезонность!$B$1:$M$1,MONTH(Выручка!F$3),Сезонность!$B$6:$M$6)/1000 -> 11025 | G13: ='Объемы реализации'!H12*Цены!Q12*SUMIF(Сезонность!$B$1:$M$1,MONTH(Выручка!G$3),Сезонность!$B$6:$M$6)/1000 -> 16537.5 | H13: ='Объемы реализации'!I12*Цены!R12*SUMIF(Сезонность!$B$1:$M$1,MONTH(Выручка!H$3),Сезонность!$B$6:$M$6)/1000 -> 22050 | I13: ='Объемы реализации'!J12*Цены!S12*SUMIF(Сезонность!$B$1:$M$1,MONTH(Выручка!I$3),Сезонность!$B$6:$M$6)/1000 -> 27562.5 | ... BI13: ='Объемы реализации'!BJ12*Цены!BS12*SUMIF(Сезонность!$B$1:$M$1,MONTH(Выручка!BI$3),Сезонность!$B$6:$M$6)/1000 -> 33502.391 | BK13: =SUMIF($B$2:$BI$2,BK$2,$B13:$BI13) -> 5250 | BL13: =SUMIF($B$2:$BI$2,BL$2,$B13:$BI13) -> 297675 | BM13: =SUMIF($B$2:$BI$2,BM$2,$B13:$BI13) -> 347287.5 | BN13: =SUMIF($B$2:$BI$2,BN$2,$B13:$BI13) -> 364651.88 | BO13: =SUMIF($B$2:$BI$2,BO$2,$B13:$BI13) -> 382884.47 | BP13: =SUMIF($B$2:$BI$2,BP$2,$B13:$BI13) -> 268019.13 | BQ13: =SUM(BK13:BP13) -> 1665768 | BR13: =BQ13/$BQ$19 -> 0.10855331
A14: =Допущения!A25 -> Шашлык маринованный | B14: ='Объемы реализации'!C13*Цены!L13*SUMIF(Сезонность!$B$1:$M$1,MONTH(Выручка!B$3),Сезонность!$B$6:$M$6)/1000 -> 0 | C14: ='Объемы реализации'!D13*Цены!M13*SUMIF(Сезонность!$B$1:$M$1,MONTH(Выручка!C$3),Сезонность!$B$6:$M$6)/1000 -> 0 | D14: ='Объемы реализации'!E13*Цены!N13*SUMIF(Сезонность!$B$1:$M$1,MONTH(Выручка!D$3),Сезонность!$B$6:$M$6)/1000 -> 0 | E14: ='Объемы реализации'!F13*Цены!O13*SUMIF(Сезонность!$B$1:$M$1,MONTH(Выручка!E$3),Сезонность!$B$6:$M$6)/1000 -> 7000 | F14: ='Объемы реализации'!G13*Цены!P13*SUMIF(Сезонность!$B$1:$M$1,MONTH(Выручка!F$3),Сезонность!$B$6:$M$6)/1000 -> 14700 | G14: ='Объемы реализации'!H13*Цены!Q13*SUMIF(Сезонность!$B$1:$M$1,MONTH(Выручка!G$3),Сезонность!$B$6:$M$6)/1000 -> 22050 | H14: ='Объемы реализации'!I13*Цены!R13*SUMIF(Сезонность!$B$1:$M$1,MONTH(Выручка!H$3),Сезонность!$B$6:$M$6)/1000 -> 29400 | I14: ='Объемы реализации'!J13*Цены!S13*SUMIF(Сезонность!$B$1:$M$1,MONTH(Выручка!I$3),Сезонность!$B$6:$M$6)/1000 -> 36750 | ... BI14: ='Объемы реализации'!BJ13*Цены!BS13*SUMIF(Сезонность!$B$1:$M$1,MONTH(Выручка!BI$3),Сезонность!$B$6:$M$6)/1000 -> 44669.855 | BK14: =SUMIF($B$2:$BI$2,BK$2,$B14:$BI14) -> 7000 | BL14: =SUMIF($B$2:$BI$2,BL$2,$B14:$BI14) -> 396900 | BM14: =SUMIF($B$2:$BI$2,BM$2,$B14:$BI14) -> 463050 | BN14: =SUMIF($B$2:$BI$2,BN$2,$B14:$BI14) -> 486202.5 | BO14: =SUMIF($B$2:$BI$2,BO$2,$B14:$BI14) -> 510512.63 | BP14: =SUMIF($B$2:$BI$2,BP$2,$B14:$BI14) -> 357358.84 | BQ14: =SUM(BK14:BP14) -> 2221024 | BR14: =BQ14/$BQ$19 -> 0.14473775
A15: =Допущения!A26 -> Фрикадельки | B15: ='Объемы реализации'!C14*Цены!L14*SUMIF(Сезонность!$B$1:$M$1,MONTH(Выручка!B$3),Сезонность!$B$6:$M$6)/1000 -> 0 | C15: ='Объемы реализации'!D14*Цены!M14*SUMIF(Сезонность!$B$1:$M$1,MONTH(Выручка!C$3),Сезонность!$B$6:$M$6)/1000 -> 0 | D15: ='Объемы реализации'!E14*Цены!N14*SUMIF(Сезонность!$B$1:$M$1,MONTH(Выручка!D$3),Сезонность!$B$6:$M$6)/1000 -> 0 | E15: ='Объемы реализации'!F14*Цены!O14*SUMIF(Сезонность!$B$1:$M$1,MONTH(Выручка!E$3),Сезонность!$B$6:$M$6)/1000 -> 4900 | F15: ='Объемы реализации'!G14*Цены!P14*SUMIF(Сезонность!$B$1:$M$1,MONTH(Выручка!F$3),Сезонность!$B$6:$M$6)/1000 -> 10290 | G15: ='Объемы реализации'!H14*Цены!Q14*SUMIF(Сезонность!$B$1:$M$1,MONTH(Выручка!G$3),Сезонность!$B$6:$M$6)/1000 -> 15435 | H15: ='Объемы реализации'!I14*Цены!R14*SUMIF(Сезонность!$B$1:$M$1,MONTH(Выручка!H$3),Сезонность!$B$6:$M$6)/1000 -> 20580 | I15: ='Объемы реализации'!J14*Цены!S14*SUMIF(Сезонность!$B$1:$M$1,MONTH(Выручка!I$3),Сезонность!$B$6:$M$6)/1000 -> 25725 | ... BI15: ='Объемы реализации'!BJ14*Цены!BS14*SUMIF(Сезонность!$B$1:$M$1,MONTH(Выручка!BI$3),Сезонность!$B$6:$M$6)/1000 -> 31268.898 | BK15: =SUMIF($B$2:$BI$2,BK$2,$B15:$BI15) -> 4900 | BL15: =SUMIF($B$2:$BI$2,BL$2,$B15:$BI15) -> 277830 | BM15: =SUMIF($B$2:$BI$2,BM$2,$B15:$BI15) -> 324135 | BN15: =SUMIF($B$2:$BI$2,BN$2,$B15:$BI15) -> 340341.75 | BO15: =SUMIF($B$2:$BI$2,BO$2,$B15:$BI15) -> 357358.84 | BP15: =SUMIF($B$2:$BI$2,BP$2,$B15:$BI15) -> 250151.19 | BQ15: =SUM(BK15:BP15) -> 1554716.8 | BR15: =BQ15/$BQ$19 -> 0.10131642
A16: =Допущения!A27 -> Пельмени | B16: ='Объемы реализации'!C15*Цены!L15*SUMIF(Сезонность!$B$1:$M$1,MONTH(Выручка!B$3),Сезонность!$B$6:$M$6)/1000 -> 0 | C16: ='Объемы реализации'!D15*Цены!M15*SUMIF(Сезонность!$B$1:$M$1,MONTH(Выручка!C$3),Сезонность!$B$6:$M$6)/1000 -> 0 | D16: ='Объемы реализации'!E15*Цены!N15*SUMIF(Сезонность!$B$1:$M$1,MONTH(Выручка!D$3),Сезонность!$B$6:$M$6)/1000 -> 0 | E16: ='Объемы реализации'!F15*Цены!O15*SUMIF(Сезонность!$B$1:$M$1,MONTH(Выручка!E$3),Сезонность!$B$6:$M$6)/1000 -> 4833.3333 | F16: ='Объемы реализации'!G15*Цены!P15*SUMIF(Сезонность!$B$1:$M$1,MONTH(Выручка!F$3),Сезонность!$B$6:$M$6)/1000 -> 10150 | G16: ='Объемы реализации'!H15*Цены!Q15*SUMIF(Сезонность!$B$1:$M$1,MONTH(Выручка!G$3),Сезонность!$B$6:$M$6)/1000 -> 15225 | H16: ='Объемы реализации'!I15*Цены!R15*SUMIF(Сезонность!$B$1:$M$1,MONTH(Выручка!H$3),Сезонность!$B$6:$M$6)/1000 -> 20300 | I16: ='Объемы реализации'!J15*Цены!S15*SUMIF(Сезонность!$B$1:$M$1,MONTH(Выручка!I$3),Сезонность!$B$6:$M$6)/1000 -> 25375 | ... BI16: ='Объемы реализации'!BJ15*Цены!BS15*SUMIF(Сезонность!$B$1:$M$1,MONTH(Выручка!BI$3),Сезонность!$B$6:$M$6)/1000 -> 30843.471 | BK16: =SUMIF($B$2:$BI$2,BK$2,$B16:$BI16) -> 4833.3333 | BL16: =SUMIF($B$2:$BI$2,BL$2,$B16:$BI16) -> 274050 | BM16: =SUMIF($B$2:$BI$2,BM$2,$B16:$BI16) -> 319725 | BN16: =SUMIF($B$2:$BI$2,BN$2,$B16:$BI16) -> 335711.25 | BO16: =SUMIF($B$2:$BI$2,BO$2,$B16:$BI16) -> 352496.81 | BP16: =SUMIF($B$2:$BI$2,BP$2,$B16:$BI16) -> 246747.77 | BQ16: =SUM(BK16:BP16) -> 1533564.2 | BR16: =BQ16/$BQ$19 -> 0.09993797
A17: =Допущения!A28 -> - | B17: ='Объемы реализации'!C16*Цены!L16*SUMIF(Сезонность!$B$1:$M$1,MONTH(Выручка!B$3),Сезонность!$B$6:$M$6)/1000 -> 0 | C17: ='Объемы реализации'!D16*Цены!M16*SUMIF(Сезонность!$B$1:$M$1,MONTH(Выручка!C$3),Сезонность!$B$6:$M$6)/1000 -> 0 | D17: ='Объемы реализации'!E16*Цены!N16*SUMIF(Сезонность!$B$1:$M$1,MONTH(Выручка!D$3),Сезонность!$B$6:$M$6)/1000 -> 0 | E17: ='Объемы реализации'!F16*Цены!O16*SUMIF(Сезонность!$B$1:$M$1,MONTH(Выручка!E$3),Сезонность!$B$6:$M$6)/1000 -> 0 | F17: ='Объемы реализации'!G16*Цены!P16*SUMIF(Сезонность!$B$1:$M$1,MONTH(Выручка!F$3),Сезонность!$B$6:$M$6)/1000 -> 0 | G17: ='Объемы реализации'!H16*Цены!Q16*SUMIF(Сезонность!$B$1:$M$1,MONTH(Выручка!G$3),Сезонность!$B$6:$M$6)/1000 -> 0 | H17: ='Объемы реализации'!I16*Цены!R16*SUMIF(Сезонность!$B$1:$M$1,MONTH(Выручка!H$3),Сезонность!$B$6:$M$6)/1000 -> 0 | I17: ='Объемы реализации'!J16*Цены!S16*SUMIF(Сезонность!$B$1:$M$1,MONTH(Выручка!I$3),Сезонность!$B$6:$M$6)/1000 -> 0 | ... BI17: ='Объемы реализации'!BJ16*Цены!BS16*SUMIF(Сезонность!$B$1:$M$1,MONTH(Выручка!BI$3),Сезонность!$B$6:$M$6)/1000 -> 0 | BK17: =SUMIF($B$2:$BI$2,BK$2,$B17:$BI17) -> 0 | BL17: =SUMIF($B$2:$BI$2,BL$2,$B17:$BI17) -> 0 | BM17: =SUMIF($B$2:$BI$2,BM$2,$B17:$BI17) -> 0 | BN17: =SUMIF($B$2:$BI$2,BN$2,$B17:$BI17) -> 0 | BO17: =SUMIF($B$2:$BI$2,BO$2,$B17:$BI17) -> 0 | BP17: =SUMIF($B$2:$BI$2,BP$2,$B17:$BI17) -> 0 | BQ17: =SUM(BK17:BP17) -> 0 | BR17: =BQ17/$BQ$19 -> 0
A18: =Допущения!A29 -> - | B18: ='Объемы реализации'!C17*Цены!L17*SUMIF(Сезонность!$B$1:$M$1,MONTH(Выручка!B$3),Сезонность!$B$6:$M$6)/1000 -> 0 | C18: ='Объемы реализации'!D17*Цены!M17*SUMIF(Сезонность!$B$1:$M$1,MONTH(Выручка!C$3),Сезонность!$B$6:$M$6)/1000 -> 0 | D18: ='Объемы реализации'!E17*Цены!N17*SUMIF(Сезонность!$B$1:$M$1,MONTH(Выручка!D$3),Сезонность!$B$6:$M$6)/1000 -> 0 | E18: ='Объемы реализации'!F17*Цены!O17*SUMIF(Сезонность!$B$1:$M$1,MONTH(Выручка!E$3),Сезонность!$B$6:$M$6)/1000 -> 0 | F18: ='Объемы реализации'!G17*Цены!P17*SUMIF(Сезонность!$B$1:$M$1,MONTH(Выручка!F$3),Сезонность!$B$6:$M$6)/1000 -> 0 | G18: ='Объемы реализации'!H17*Цены!Q17*SUMIF(Сезонность!$B$1:$M$1,MONTH(Выручка!G$3),Сезонность!$B$6:$M$6)/1000 -> 0 | H18: ='Объемы реализации'!I17*Цены!R17*SUMIF(Сезонность!$B$1:$M$1,MONTH(Выручка!H$3),Сезонность!$B$6:$M$6)/1000 -> 0 | I18: ='Объемы реализации'!J17*Цены!S17*SUMIF(Сезонность!$B$1:$M$1,MONTH(Выручка!I$3),Сезонность!$B$6:$M$6)/1000 -> 0 | ... BI18: ='Объемы реализации'!BJ17*Цены!BS17*SUMIF(Сезонность!$B$1:$M$1,MONTH(Выручка!BI$3),Сезонность!$B$6:$M$6)/1000 -> 0 | BK18: =SUMIF($B$2:$BI$2,BK$2,$B18:$BI18) -> 0 | BL18: =SUMIF($B$2:$BI$2,BL$2,$B18:$BI18) -> 0 | BM18: =SUMIF($B$2:$BI$2,BM$2,$B18:$BI18) -> 0 | BN18: =SUMIF($B$2:$BI$2,BN$2,$B18:$BI18) -> 0 | BO18: =SUMIF($B$2:$BI$2,BO$2,$B18:$BI18) -> 0 | BP18: =SUMIF($B$2:$BI$2,BP$2,$B18:$BI18) -> 0 | BQ18: =SUM(BK18:BP18) -> 0 | BR18: =BQ18/$BQ$19 -> 0
A19: Итого | B19: =SUM(B9:B18) -> 0 | C19: =SUM(C9:C18) -> 0 | D19: =SUM(D9:D18) -> 0 | E19: =SUM(E9:E18) -> 48363.333 | F19: =SUM(F9:F18) -> 101563 | G19: =SUM(G9:G18) -> 152344.5 | H19: =SUM(H9:H18) -> 203126 | I19: =SUM(I9:I18) -> 253907.5 | ... BI19: =SUM(BI9:BI18) -> 308626.15 | BK19: =SUMIF($B$2:$BI$2,BK$2,$B19:$BI19) -> 48363.333 | BL19: =SUMIF($B$2:$BI$2,BL$2,$B19:$BI19) -> 2742201 | BM19: =SUMIF($B$2:$BI$2,BM$2,$B19:$BI19) -> 3199234.5 | BN19: =SUMIF($B$2:$BI$2,BN$2,$B19:$BI19) -> 3359196.2 | BO19: =SUMIF($B$2:$BI$2,BO$2,$B19:$BI19) -> 3527156 | BP19: =SUMIF($B$2:$BI$2,BP$2,$B19:$BI19) -> 2469009.2 | BQ19: =SUM(BK19:BP19) -> 15345160
B21: Диаграмма: Динамика выручки проекта, тыс. руб. без НДС | M21: Диаграмма: Центры прибыли

Sheet Персонал
A1: Квартал (порядковый № в году) | C1: =IF(OR(MONTH(C3)=1,MONTH(C3)=2,MONTH(C3)=3),1,IF(OR(MONTH(C3)=4,MONTH(C3)=5,MONTH(C3)=6),2,IF(OR(MONTH(C3)=7,MONTH(C3)=8,MONTH(C3)=9),3,4))) -> 3 | D1: =IF(OR(MONTH(D3)=1,MONTH(D3)=2,MONTH(D3)=3),1,IF(OR(MONTH(D3)=4,MONTH(D3)=5,MONTH(D3)=6),2,IF(OR(MONTH(D3)=7,MONTH(D3)=8,MONTH(D3)=9),3,4))) -> 4 | E1: =IF(OR(MONTH(E3)=1,MONTH(E3)=2,MONTH(E3)=3),1,IF(OR(MONTH(E3)=4,MONTH(E3)=5,MONTH(E3)=6),2,IF(OR(MONTH(E3)=7,MONTH(E3)=8,MONTH(E3)=9),3,4))) -> 4 | F1: =IF(OR(MONTH(F3)=1,MONTH(F3)=2,MONTH(F3)=3),1,IF(OR(MONTH(F3)=4,MONTH(F3)=5,MONTH(F3)=6),2,IF(OR(MONTH(F3)=7,MONTH(F3)=8,MONTH(F3)=9),3,4))) -> 4 | G1: =IF(OR(MONTH(G3)=1,MONTH(G3)=2,MONTH(G3)=3),1,IF(OR(MONTH(G3)=4,MONTH(G3)=5,MONTH(G3)=6),2,IF(OR(MONTH(G3)=7,MONTH(G3)=8,MONTH(G3)=9),3,4))) -> 1 | H1: =IF(OR(MONTH(H3)=1,MONTH(H3)=2,MONTH(H3)=3),1,IF(OR(MONTH(H3)=4,MONTH(H3)=5,MONTH(H3)=6),2,IF(OR(MONTH(H3)=7,MONTH(H3)=8,MONTH(H3)=9),3,4))) -> 1 | I1: =IF(OR(MONTH(I3)=1,MONTH(I3)=2,MONTH(I3)=3),1,IF(OR(MONTH(I3)=4,MONTH(I3)=5,MONTH(I3)=6),2,IF(OR(MONTH(I3)=7,MONTH(I3)=8,MONTH(I3)=9),3,4))) -> 1 | J1: =IF(OR(MONTH(J3)=1,MONTH(J3)=2,MONTH(J3)=3),1,IF(OR(MONTH(J3)=4,MONTH(J3)=5,MONTH(J3)=6),2,IF(OR(MONTH(J3)=7,MONTH(J3)=8,MONTH(J3)=9),3,4))) -> 2 | ... BJ1: =IF(OR(MONTH(BJ3)=1,MONTH(BJ3)=2,MONTH(BJ3)=3),1,IF(OR(MONTH(BJ3)=4,MONTH(BJ3)=5,MONTH(BJ3)=6),2,IF(OR(MONTH(BJ3)=7,MONTH(BJ3)=8,MONTH(BJ3)=9),3,4))) -> 3
A2: Год | C2: =YEAR(C3) -> 2025 | D2: =YEAR(D3) -> 2025 | E2: =YEAR(E3) -> 2025 | F2: =YEAR(F3) -> 2025 | G2: =YEAR(G3) -> 2026 | H2: =YEAR(H3) -> 2026 | I2: =YEAR(I3) -> 2026 | J2: =YEAR(J3) -> 2026 | ... BJ2: =YEAR(BJ3) -> 2030 | BL2: =YEAR(Допущения!$C$4) -> 2025 | BM2: =BL2+1 -> 2026 | BN2: =BM2+1 -> 2027 | BO2: =BN2+1 -> 2028 | BP2: =BO2+1 -> 2029 | BQ2: =BP2+1 -> 2030
A3: Месяц | C3: =Допущения!$C$4 -> 45901 | D3: =DATE(YEAR(C3),MONTH(C3)+1,1) -> 45931 | E3: =DATE(YEAR(D3),MONTH(D3)+1,1) -> 45962 | F3: =DATE(YEAR(E3),MONTH(E3)+1,1) -> 45992 | G3: =DATE(YEAR(F3),MONTH(F3)+1,1) -> 46023 | H3: =DATE(YEAR(G3),MONTH(G3)+1,1) -> 46054 | I3: =DATE(YEAR(H3),MONTH(H3)+1,1) -> 46082 | J3: =DATE(YEAR(I3),MONTH(I3)+1,1) -> 46113 | K3: =DATE(YEAR(J3),MONTH(J3)+1,1) -> 46143 | ... BK3: =DATE(YEAR(BJ3),MONTH(BJ3)+1,1) -> 47727
A4: К-во дней в месяце | C4: =D3-C3 -> 30 | D4: =E3-D3 -> 31 | E4: =F3-E3 -> 30 | F4: =G3-F3 -> 31 | G4: =H3-G3 -> 31 | H4: =I3-H3 -> 28 | I4: =J3-I3 -> 31 | J4: =K3-J3 -> 30 | ... BJ4: =BK3-BJ3 -> 31
A5: Порядковый № периода | C5: 1 | D5: =C5+1 -> 2 | E5: =D5+1 -> 3 | F5: =E5+1 -> 4 | G5: =F5+1 -> 5 | H5: =G5+1 -> 6 | I5: =H5+1 -> 7 | J5: =I5+1 -> 8 | K5: =J5+1 -> 9 | ... BJ5: =BI5+1 -> 60
A8: Численность персонала, чел. | B8: Дата начала
A9: =A117 -> Производственный персонал | C9: =SUM(C10:C19) -> 0 | D9: =SUM(D10:D19) -> 0 | E9: =SUM(E10:E19) -> 0 | F9: =SUM(F10:F19) -> 78 | G9: =SUM(G10:G19) -> 78 | H9: =SUM(H10:H19) -> 78 | I9: =SUM(I10:I19) -> 78 | J9: =SUM(J10:J19) -> 78 | ... BJ9: =SUM(BJ10:BJ19) -> 78
A10: =A118 -> Лаборант-микробиолог | B10: =Допущения!$E$4 -> 45992 | C10: =IF(C$3<$B10,0,SUMIF($A$10:$A$31,$A10,$B$118:$B$139)) -> 0 | D10: =IF(D$3<$B10,0,SUMIF($A$10:$A$31,$A10,$B$118:$B$139)) -> 0 | E10: =IF(E$3<$B10,0,SUMIF($A$10:$A$31,$A10,$B$118:$B$139)) -> 0 | F10: =IF(F$3<$B10,0,SUMIF($A$10:$A$31,$A10,$B$118:$B$139)) -> 3 | G10: =IF(G$3<$B10,0,SUMIF($A$10:$A$31,$A10,$B$118:$B$139)) -> 3 | H10: =IF(H$3<$B10,0,SUMIF($A$10:$A$31,$A10,$B$118:$B$139)) -> 3 | I10: =IF(I$3<$B10,0,SUMIF($A$10:$A$31,$A10,$B$118:$B$139)) -> 3 | J10: =IF(J$3<$B10,0,SUMIF($A$10:$A$31,$A10,$B$118:$B$139)) -> 3 | ... BJ10: =IF(BJ$3<$B10,0,SUMIF($A$10:$A$31,$A10,$B$118:$B$139)) -> 3
A11: =A119 -> Инженер-механик | B11: =Допущения!$E$4 -> 45992 | C11: =IF(C$3<$B11,0,SUMIF($A$10:$A$31,$A11,$B$118:$B$139)) -> 0 | D11: =IF(D$3<$B11,0,SUMIF($A$10:$A$31,$A11,$B$118:$B$139)) -> 0 | E11: =IF(E$3<$B11,0,SUMIF($A$10:$A$31,$A11,$B$118:$B$139)) -> 0 | F11: =IF(F$3<$B11,0,SUMIF($A$10:$A$31,$A11,$B$118:$B$139)) -> 3 | G11: =IF(G$3<$B11,0,SUMIF($A$10:$A$31,$A11,$B$118:$B$139)) -> 3 | H11: =IF(H$3<$B11,0,SUMIF($A$10:$A$31,$A11,$B$118:$B$139)) -> 3 | I11: =IF(I$3<$B11,0,SUMIF($A$10:$A$31,$A11,$B$118:$B$139)) -> 3 | J11: =IF(J$3<$B11,0,SUMIF($A$10:$A$31,$A11,$B$118:$B$139)) -> 3 | ... BJ11: =IF(BJ$3<$B11,0,SUMIF($A$10:$A$31,$A11,$B$118:$B$139)) -> 3
A12: =A120 -> Электрик/слесарь-ремонтник | B12: =Допущения!$E$4 -> 45992 | C12: =IF(C$3<$B12,0,SUMIF($A$10:$A$31,$A12,$B$118:$B$139)) -> 0 | D12: =IF(D$3<$B12,0,SUMIF($A$10:$A$31,$A12,$B$118:$B$139)) -> 0 | E12: =IF(E$3<$B12,0,SUMIF($A$10:$A$31,$A12,$B$118:$B$139)) -> 0 | F12: =IF(F$3<$B12,0,SUMIF($A$10:$A$31,$A12,$B$118:$B$139)) -> 2 | G12: =IF(G$3<$B12,0,SUMIF($A$10:$A$31,$A12,$B$118:$B$139)) -> 2 | H12: =IF(H$3<$B12,0,SUMIF($A$10:$A$31,$A12,$B$118:$B$139)) -> 2 | I12: =IF(I$3<$B12,0,SUMIF($A$10:$A$31,$A12,$B$118:$B$139)) -> 2 | J12: =IF(J$3<$B12,0,SUMIF($A$10:$A$31,$A12,$B$118:$B$139)) -> 2 | ... BJ12: =IF(BJ$3<$B12,0,SUMIF($A$10:$A$31,$A12,$B$118:$B$139)) -> 2
A13: =A121 -> Обвальщик/мясник | B13: =Допущения!$E$4 -> 45992 | C13: =IF(C$3<$B13,0,SUMIF($A$10:$A$31,$A13,$B$118:$B$139)) -> 0 | D13: =IF(D$3<$B13,0,SUMIF($A$10:$A$31,$A13,$B$118:$B$139)) -> 0 | E13: =IF(E$3<$B13,0,SUMIF($A$10:$A$31,$A13,$B$118:$B$139)) -> 0 | F13: =IF(F$3<$B13,0,SUMIF($A$10:$A$31,$A13,$B$118:$B$139)) -> 20 | G13: =IF(G$3<$B13,0,SUMIF($A$10:$A$31,$A13,$B$118:$B$139)) -> 20 | H13: =IF(H$3<$B13,0,SUMIF($A$10:$A$31,$A13,$B$118:$B$139)) -> 20 | I13: =IF(I$3<$B13,0,SUMIF($A$10:$A$31,$A13,$B$118:$B$139)) -> 20 | J13: =IF(J$3<$B13,0,SUMIF($A$10:$A$31,$A13,$B$118:$B$139)) -> 20 | ... BJ13: =IF(BJ$3<$B13,0,SUMIF($A$10:$A$31,$A13,$B$118:$B$139)) -> 20
A14: =A122 -> Рабочий убойного цеха | B14: =Допущения!$E$4 -> 45992 | C14: =IF(C$3<$B14,0,SUMIF($A$10:$A$31,$A14,$B$118:$B$139)) -> 0 | D14: =IF(D$3<$B14,0,SUMIF($A$10:$A$31,$A14,$B$118:$B$139)) -> 0 | E14: =IF(E$3<$B14,0,SUMIF($A$10:$A$31,$A14,$B$118:$B$139)) -> 0 | F14: =IF(F$3<$B14,0,SUMIF($A$10:$A$31,$A14,$B$118:$B$139)) -> 16 | G14: =IF(G$3<$B14,0,SUMIF($A$10:$A$31,$A14,$B$118:$B$139)) -> 16 | H14: =IF(H$3<$B14,0,SUMIF($A$10:$A$31,$A14,$B$118:$B$139)) -> 16 | I14: =IF(I$3<$B14,0,SUMIF($A$10:$A$31,$A14,$B$118:$B$139)) -> 16 | J14: =IF(J$3<$B14,0,SUMIF($A$10:$A$31,$A14,$B$118:$B$139)) -> 16 | ... BJ14: =IF(BJ$3<$B14,0,SUMIF($A$10:$A$31,$A14,$B$118:$B$139)) -> 16
A15: =A123 -> Оператор упаковки/шоковой заморозки | B15: =Допущения!$E$4 -> 45992 | C15: =IF(C$3<$B15,0,SUMIF($A$10:$A$31,$A15,$B$118:$B$139)) -> 0 | D15: =IF(D$3<$B15,0,SUMIF($A$10:$A$31,$A15,$B$118:$B$139)) -> 0 | E15: =IF(E$3<$B15,0,SUMIF($A$10:$A$31,$A15,$B$118:$B$139)) -> 0 | F15: =IF(F$3<$B15,0,SUMIF($A$10:$A$31,$A15,$B$118:$B$139)) -> 10 | G15: =IF(G$3<$B15,0,SUMIF($A$10:$A$31,$A15,$B$118:$B$139)) -> 10 | H15: =IF(H$3<$B15,0,SUMIF($A$10:$A$31,$A15,$B$118:$B$139)) -> 10 | I15: =IF(I$3<$B15,0,SUMIF($A$10:$A$31,$A15,$B$118:$B$139)) -> 10 | J15: =IF(J$3<$B15,0,SUMIF($A$10:$A$31,$A15,$B$118:$B$139)) -> 10 | ... BJ15: =IF(BJ$3<$B15,0,SUMIF($A$10:$A$31,$A15,$B$118:$B$139)) -> 10
A16: =A124 -> Оператор маринования/фасовки | B16: =Допущения!$E$4 -> 45992 | C16: =IF(C$3<$B16,0,SUMIF($A$10:$A$31,$A16,$B$118:$B$139)) -> 0 | D16: =IF(D$3<$B16,0,SUMIF($A$10:$A$31,$A16,$B$118:$B$139)) -> 0 | E16: =IF(E$3<$B16,0,SUMIF($A$10:$A$31,$A16,$B$118:$B$139)) -> 0 | F16: =IF(F$3<$B16,0,SUMIF($A$10:$A$31,$A16,$B$118:$B$139)) -> 8 | G16: =IF(G$3<$B16,0,SUMIF($A$10:$A$31,$A16,$B$118:$B$139)) -> 8 | H16: =IF(H$3<$B16,0,SUMIF($A$10:$A$31,$A16,$B$118:$B$139)) -> 8 | I16: =IF(I$3<$B16,0,SUMIF($A$10:$A$31,$A16,$B$118:$B$139)) -> 8 | J16: =IF(J$3<$B16,0,SUMIF($A$10:$A$31,$A16,$B$118:$B$139)) -> 8 | ... BJ16: =IF(BJ$3<$B16,0,SUMIF($A$10:$A$31,$A16,$B$118:$B$139)) -> 8
A17: =A125 -> Водитель погрузчика/кладовщик | B17: =Допущения!$E$4 -> 45992 | C17: =IF(C$3<$B17,0,SUMIF($A$10:$A$31,$A17,$B$118:$B$139)) -> 0 | D17: =IF(D$3<$B17,0,SUMIF($A$10:$A$31,$A17,$B$118:$B$139)) -> 0 | E17: =IF(E$3<$B17,0,SUMIF($A$10:$A$31,$A17,$B$118:$B$139)) -> 0 | F17: =IF(F$3<$B17,0,SUMIF($A$10:$A$31,$A17,$B$118:$B$139)) -> 4 | G17: =IF(G$3<$B17,0,SUMIF($A$10:$A$31,$A17,$B$118:$B$139)) -> 4 | H17: =IF(H$3<$B17,0,SUMIF($A$10:$A$31,$A17,$B$118:$B$139)) -> 4 | I17: =IF(I$3<$B17,0,SUMIF($A$10:$A$31,$A17,$B$118:$B$139)) -> 4 | J17: =IF(J$3<$B17,0,SUMIF($A$10:$A$31,$A17,$B$118:$B$139)) -> 4 | ... BJ17: =IF(BJ$3<$B17,0,SUMIF($A$10:$A$31,$A17,$B$118:$B$139)) -> 4
A18: =A126 -> Охранник | B18: =Допущения!$E$4 -> 45992 | C18: =IF(C$3<$B18,0,SUMIF($A$10:$A$31,$A18,$B$118:$B$139)) -> 0 | D18: =IF(D$3<$B18,0,SUMIF($A$10:$A$31,$A18,$B$118:$B$139)) -> 0 | E18: =IF(E$3<$B18,0,SUMIF($A$10:$A$31,$A18,$B$118:$B$139)) -> 0 | F18: =IF(F$3<$B18,0,SUMIF($A$10:$A$31,$A18,$B$118:$B$139)) -> 6 | G18: =IF(G$3<$B18,0,SUMIF($A$10:$A$31,$A18,$B$118:$B$139)) -> 6 | H18: =IF(H$3<$B18,0,SUMIF($A$10:$A$31,$A18,$B$118:$B$139)) -> 6 | I18: =IF(I$3<$B18,0,SUMIF($A$10:$A$31,$A18,$B$118:$B$139)) -> 6 | J18: =IF(J$3<$B18,0,SUMIF($A$10:$A$31,$A18,$B$118:$B$139)) -> 6 | ... BJ18: =IF(BJ$3<$B18,0,SUMIF($A$10:$A$31,$A18,$B$118:$B$139)) -> 6
A19: =A127 -> Уборщик | B19: =Допущения!$E$4 -> 45992 | C19: =IF(C$3<$B19,0,SUMIF($A$10:$A$31,$A19,$B$118:$B$139)) -> 0 | D19: =IF(D$3<$B19,0,SUMIF($A$10:$A$31,$A19,$B$118:$B$139)) -> 0 | E19: =IF(E$3<$B19,0,SUMIF($A$10:$A$31,$A19,$B$118:$B$139)) -> 0 | F19: =IF(F$3<$B19,0,SUMIF($A$10:$A$31,$A19,$B$118:$B$139)) -> 6 | G19: =IF(G$3<$B19,0,SUMIF($A$10:$A$31,$A19,$B$118:$B$139)) -> 6 | H19: =IF(H$3<$B19,0,SUMIF($A$10:$A$31,$A19,$B$118:$B$139)) -> 6 | I19: =IF(I$3<$B19,0,SUMIF($A$10:$A$31,$A19,$B$118:$B$139)) -> 6 | J19: =IF(J$3<$B19,0,SUMIF($A$10:$A$31,$A19,$B$118:$B$139)) -> 6 | ... BJ19: =IF(BJ$3<$B19,0,SUMIF($A$10:$A$31,$A19,$B$118:$B$139)) -> 6
A20: =A128 -> Коммерческий персонал | C20: =SUM(C21:C23) -> 0 | D20: =SUM(D21:D23) -> 0 | E20: =SUM(E21:E23) -> 0 | F20: =SUM(F21:F23) -> 8 | G20: =SUM(G21:G23) -> 8 | H20: =SUM(H21:H23) -> 8 | I20: =SUM(I21:I23) -> 8 | J20: =SUM(J21:J23) -> 8 | ... BJ20: =SUM(BJ21:BJ23) -> 8
A21: =A129 -> Менеджер по продажам | B21: =Допущения!$E$4 -> 45992 | C21: =IF(C$3<$B21,0,SUMIF($A$10:$A$31,$A21,$B$118:$B$139)) -> 0 | D21: =IF(D$3<$B21,0,SUMIF($A$10:$A$31,$A21,$B$118:$B$139)) -> 0 | E21: =IF(E$3<$B21,0,SUMIF($A$10:$A$31,$A21,$B$118:$B$139)) -> 0 | F21: =IF(F$3<$B21,0,SUMIF($A$10:$A$31,$A21,$B$118:$B$139)) -> 4 | G21: =IF(G$3<$B21,0,SUMIF($A$10:$A$31,$A21,$B$118:$B$139)) -> 4 | H21: =IF(H$3<$B21,0,SUMIF($A$10:$A$31,$A21,$B$118:$B$139)) -> 4 | I21: =IF(I$3<$B21,0,SUMIF($A$10:$A$31,$A21,$B$118:$B$139)) -> 4 | J21: =IF(J$3<$B21,0,SUMIF($A$10:$A$31,$A21,$B$118:$B$139)) -> 4 | ... BJ21: =IF(BJ$3<$B21,0,SUMIF($A$10:$A$31,$A21,$B$118:$B$139)) -> 4
A22: =A130 -> Менеджер по закупкам | B22: =Допущения!$E$4 -> 45992 | C22: =IF(C$3<$B22,0,SUMIF($A$10:$A$31,$A22,$B$118:$B$139)) -> 0 | D22: =IF(D$3<$B22,0,SUMIF($A$10:$A$31,$A22,$B$118:$B$139)) -> 0 | E22: =IF(E$3<$B22,0,SUMIF($A$10:$A$31,$A22,$B$118:$B$139)) -> 0 | F22: =IF(F$3<$B22,0,SUMIF($A$10:$A$31,$A22,$B$118:$B$139)) -> 4 | G22: =IF(G$3<$B22,0,SUMIF($A$10:$A$31,$A22,$B$118:$B$139)) -> 4 | H22: =IF(H$3<$B22,0,SUMIF($A$10:$A$31,$A22,$B$118:$B$139)) -> 4 | I22: =IF(I$3<$B22,0,SUMIF($A$10:$A$31,$A22,$B$118:$B$139)) -> 4 | J22: =IF(J$3<$B22,0,SUMIF($A$10:$A$31,$A22,$B$118:$B$139)) -> 4 | ... BJ22: =IF(BJ$3<$B22,0,SUMIF($A$10:$A$31,$A22,$B$118:$B$139)) -> 4
B23: =Допущения!$E$4 -> 45992 | C23: =IF(C$3<$B23,0,SUMIF($A$10:$A$31,$A23,$B$118:$B$139)) -> 0 | D23: =IF(D$3<$B23,0,SUMIF($A$10:$A$31,$A23,$B$118:$B$139)) -> 0 | E23: =IF(E$3<$B23,0,SUMIF($A$10:$A$31,$A23,$B$118:$B$139)) -> 0 | F23: =IF(F$3<$B23,0,SUMIF($A$10:$A$31,$A23,$B$118:$B$139)) -> 0 | G23: =IF(G$3<$B23,0,SUMIF($A$10:$A$31,$A23,$B$118:$B$139)) -> 0 | H23: =IF(H$3<$B23,0,SUMIF($A$10:$A$31,$A23,$B$118:$B$139)) -> 0 | I23: =IF(I$3<$B23,0,SUMIF($A$10:$A$31,$A23,$B$118:$B$139)) -> 0 | J23: =IF(J$3<$B23,0,SUMIF($A$10:$A$31,$A23,$B$118:$B$139)) -> 0 | ... BJ23: =IF(BJ$3<$B23,0,SUMIF($A$10:$A$31,$A23,$B$118:$B$139)) -> 0
A24: =A132 -> Административный персонал | C24: =SUM(C25:C31) -> 14 | D24: =SUM(D25:D31) -> 14 | E24: =SUM(E25:E31) -> 14 | F24: =SUM(F25:F31) -> 14 | G24: =SUM(G25:G31) -> 14 | H24: =SUM(H25:H31) -> 14 | I24: =SUM(I25:I31) -> 14 | J24: =SUM(J25:J31) -> 14 | ... BJ24: =SUM(BJ25:BJ31) -> 14
A25: =A133 -> Директор | B25: =Допущения!$C$4 -> 45901 | C25: =IF(C$3<$B25,0,SUMIF($A$10:$A$31,$A25,$B$118:$B$139)) -> 1 | D25: =IF(D$3<$B25,0,SUMIF($A$10:$A$31,$A25,$B$118:$B$139)) -> 1 | E25: =IF(E$3<$B25,0,SUMIF($A$10:$A$31,$A25,$B$118:$B$139)) -> 1 | F25: =IF(F$3<$B25,0,SUMIF($A$10:$A$31,$A25,$B$118:$B$139)) -> 1 | G25: =IF(G$3<$B25,0,SUMIF($A$10:$A$31,$A25,$B$118:$B$139)) -> 1 | H25: =IF(H$3<$B25,0,SUMIF($A$10:$A$31,$A25,$B$118:$B$139)) -> 1 | I25: =IF(I$3<$B25,0,SUMIF($A$10:$A$31,$A25,$B$118:$B$139)) -> 1 | J25: =IF(J$3<$B25,0,SUMIF($A$10:$A$31,$A25,$B$118:$B$139)) -> 1 | ... BJ25: =IF(BJ$3<$B25,0,SUMIF($A$10:$A$31,$A25,$B$118:$B$139)) -> 1
A26: =A134 -> Директор производства | B26: =Допущения!$C$4 -> 45901 | C26: =IF(C$3<$B26,0,SUMIF($A$10:$A$31,$A26,$B$118:$B$139)) -> 1 | D26: =IF(D$3<$B26,0,SUMIF($A$10:$A$31,$A26,$B$118:$B$139)) -> 1 | E26: =IF(E$3<$B26,0,SUMIF($A$10:$A$31,$A26,$B$118:$B$139)) -> 1 | F26: =IF(F$3<$B26,0,SUMIF($A$10:$A$31,$A26,$B$118:$B$139)) -> 1 | G26: =IF(G$3<$B26,0,SUMIF($A$10:$A$31,$A26,$B$118:$B$139)) -> 1 | H26: =IF(H$3<$B26,0,SUMIF($A$10:$A$31,$A26,$B$118:$B$139)) -> 1 | I26: =IF(I$3<$B26,0,SUMIF($A$10:$A$31,$A26,$B$118:$B$139)) -> 1 | J26: =IF(J$3<$B26,0,SUMIF($A$10:$A$31,$A26,$B$118:$B$139)) -> 1 | ... BJ26: =IF(BJ$3<$B26,0,SUMIF($A$10:$A$31,$A26,$B$118:$B$139)) -> 1
A27: =A135 -> Главный бухгалтер | B27: =Допущения!$C$4 -> 45901 | C27: =IF(C$3<$B27,0,SUMIF($A$10:$A$31,$A27,$B$118:$B$139)) -> 1 | D27: =IF(D$3<$B27,0,SUMIF($A$10:$A$31,$A27,$B$118:$B$139)) -> 1 | E27: =IF(E$3<$B27,0,SUMIF($A$10:$A$31,$A27,$B$118:$B$139)) -> 1 | F27: =IF(F$3<$B27,0,SUMIF($A$10:$A$31,$A27,$B$118:$B$139)) -> 1 | G27: =IF(G$3<$B27,0,SUMIF($A$10:$A$31,$A27,$B$118:$B$139)) -> 1 | H27: =IF(H$3<$B27,0,SUMIF($A$10:$A$31,$A27,$B$118:$B$139)) -> 1 | I27: =IF(I$3<$B27,0,SUMIF($A$10:$A$31,$A27,$B$118:$B$139)) -> 1 | J27: =IF(J$3<$B27,0,SUMIF($A$10:$A$31,$A27,$B$118:$B$139)) -> 1 | ... BJ27: =IF(BJ$3<$B27,0,SUMIF($A$10:$A$31,$A27,$B$118:$B$139)) -> 1
A28: =A136 -> Главный технолог | B28: =Допущения!$C$4 -> 45901 | C28: =IF(C$3<$B28,0,SUMIF($A$10:$A$31,$A28,$B$118:$B$139)) -> 2 | D28: =IF(D$3<$B28,0,SUMIF($A$10:$A$31,$A28,$B$118:$B$139)) -> 2 | E28: =IF(E$3<$B28,0,SUMIF($A$10:$A$31,$A28,$B$118:$B$139)) -> 2 | F28: =IF(F$3<$B28,0,SUMIF($A$10:$A$31,$A28,$B$118:$B$139)) -> 2 | G28: =IF(G$3<$B28,0,SUMIF($A$10:$A$31,$A28,$B$118:$B$139)) -> 2 | H28: =IF(H$3<$B28,0,SUMIF($A$10:$A$31,$A28,$B$118:$B$139)) -> 2 | I28: =IF(I$3<$B28,0,SUMIF($A$10:$A$31,$A28,$B$118:$B$139)) -> 2 | J28: =IF(J$3<$B28,0,SUMIF($A$10:$A$31,$A28,$B$118:$B$139)) -> 2 | ... BJ28: =IF(BJ$3<$B28,0,SUMIF($A$10:$A$31,$A28,$B$118:$B$139)) -> 2
A29: =A137 -> Начальник ОТК/Ветеринарный врач | B29: =Допущения!$C$4 -> 45901 | C29: =IF(C$3<$B29,0,SUMIF($A$10:$A$31,$A29,$B$118:$B$139)) -> 3 | D29: =IF(D$3<$B29,0,SUMIF($A$10:$A$31,$A29,$B$118:$B$139)) -> 3 | E29: =IF(E$3<$B29,0,SUMIF($A$10:$A$31,$A29,$B$118:$B$139)) -> 3 | F29: =IF(F$3<$B29,0,SUMIF($A$10:$A$31,$A29,$B$118:$B$139)) -> 3 | G29: =IF(G$3<$B29,0,SUMIF($A$10:$A$31,$A29,$B$118:$B$139)) -> 3 | H29: =IF(H$3<$B29,0,SUMIF($A$10:$A$31,$A29,$B$118:$B$139)) -> 3 | I29: =IF(I$3<$B29,0,SUMIF($A$10:$A$31,$A29,$B$118:$B$139)) -> 3 | J29: =IF(J$3<$B29,0,SUMIF($A$10:$A$31,$A29,$B$118:$B$139)) -> 3 | ... BJ29: =IF(BJ$3<$B29,0,SUMIF($A$10:$A$31,$A29,$B$118:$B$139)) -> 3
A30: =A138 -> Начальник смены | B30: =Допущения!$C$4 -> 45901 | C30: =IF(C$3<$B30,0,SUMIF($A$10:$A$31,$A30,$B$118:$B$139)) -> 4 | D30: =IF(D$3<$B30,0,SUMIF($A$10:$A$31,$A30,$B$118:$B$139)) -> 4 | E30: =IF(E$3<$B30,0,SUMIF($A$10:$A$31,$A30,$B$118:$B$139)) -> 4 | F30: =IF(F$3<$B30,0,SUMIF($A$10:$A$31,$A30,$B$118:$B$139)) -> 4 | G30: =IF(G$3<$B30,0,SUMIF($A$10:$A$31,$A30,$B$118:$B$139)) -> 4 | H30: =IF(H$3<$B30,0,SUMIF($A$10:$A$31,$A30,$B$118:$B$139)) -> 4 | I30: =IF(I$3<$B30,0,SUMIF($A$10:$A$31,$A30,$B$118:$B$139)) -> 4 | J30: =IF(J$3<$B30,0,SUMIF($A$10:$A$31,$A30,$B$118:$B$139)) -> 4 | ... BJ30: =IF(BJ$3<$B30,0,SUMIF($A$10:$A$31,$A30,$B$118:$B$139)) -> 4
A31: =A139 -> Бухгалтер | B31: =Допущения!$C$4 -> 45901 | C31: =IF(C$3<$B31,0,SUMIF($A$10:$A$31,$A31,$B$118:$B$139)) -> 2 | D31: =IF(D$3<$B31,0,SUMIF($A$10:$A$31,$A31,$B$118:$B$139)) -> 2 | E31: =IF(E$3<$B31,0,SUMIF($A$10:$A$31,$A31,$B$118:$B$139)) -> 2 | F31: =IF(F$3<$B31,0,SUMIF($A$10:$A$31,$A31,$B$118:$B$139)) -> 2 | G31: =IF(G$3<$B31,0,SUMIF($A$10:$A$31,$A31,$B$118:$B$139)) -> 2 | H31: =IF(H$3<$B31,0,SUMIF($A$10:$A$31,$A31,$B$118:$B$139)) -> 2 | I31: =IF(I$3<$B31,0,SUMIF($A$10:$A$31,$A31,$B$118:$B$139)) -> 2 | J31: =IF(J$3<$B31,0,SUMIF($A$10:$A$31,$A31,$B$118:$B$139)) -> 2 | ... BJ31: =IF(BJ$3<$B31,0,SUMIF($A$10:$A$31,$A31,$B$118:$B$139)) -> 2
A32: Итого | C32: =C9+C20+C24 -> 14 | D32: =D9+D20+D24 -> 14 | E32: =E9+E20+E24 -> 14 | F32: =F9+F20+F24 -> 100 | G32: =G9+G20+G24 -> 100 | H32: =H9+H20+H24 -> 100 | I32: =I9+I20+I24 -> 100 | J32: =J9+J20+J24 -> 100 | ... BJ32: =BJ9+BJ20+BJ24 -> 100
A34: Заработная плата, руб./мес. | B34: Оклад, руб.
A35: =A117 -> Производственный персонал
A36: =A118 -> Лаборант-микробиолог | B36: 52000 | C36: =$B36*C$113 -> 52000 | D36: =$B36*D$113 -> 52000 | E36: =$B36*E$113 -> 52000 | F36: =$B36*F$113 -> 52000 | G36: =$B36*G$113 -> 53560 | H36: =$B36*H$113 -> 53560 | I36: =$B36*I$113 -> 53560 | J36: =$B36*J$113 -> 53560 | ... BJ36: =$B36*BJ$113 -> 60282.252
A37: =A119 -> Инженер-механик | B37: 81000 | C37: =$B37*C$113 -> 81000 | D37: =$B37*D$113 -> 81000 | E37: =$B37*E$113 -> 81000 | F37: =$B37*F$113 -> 81000 | G37: =$B37*G$113 -> 83430 | H37: =$B37*H$113 -> 83430 | I37: =$B37*I$113 -> 83430 | J37: =$B37*J$113 -> 83430 | ... BJ37: =$B37*BJ$113 -> 93901.2
A38: =A120 -> Электрик/слесарь-ремонтник | B38: 98000 | C38: =$B38*C$113 -> 98000 | D38: =$B38*D$113 -> 98000 | E38: =$B38*E$113 -> 98000 | F38: =$B38*F$113 -> 98000 | G38: =$B38*G$113 -> 100940 | H38: =$B38*H$113 -> 100940 | I38: =$B38*I$113 -> 100940 | J38: =$B38*J$113 -> 100940 | ... BJ38: =$B38*BJ$113 -> 113608.86
A39: =A121 -> Обвальщик/мясник | B39: 95000 | C39: =$B39*C$113 -> 95000 | D39: =$B39*D$113 -> 95000 | E39: =$B39*E$113 -> 95000 | F39: =$B39*F$113 -> 95000 | G39: =$B39*G$113 -> 97850 | H39: =$B39*H$113 -> 97850 | I39: =$B39*I$113 -> 97850 | J39: =$B39*J$113 -> 97850 | ... BJ39: =$B39*BJ$113 -> 110131.04
A40: =A122 -> Рабочий убойного цеха | B40: 60000 | C40: =$B40*C$113 -> 60000 | D40: =$B40*D$113 -> 60000 | E40: =$B40*E$113 -> 60000 | F40: =$B40*F$113 -> 60000 | G40: =$B40*G$113 -> 61800 | H40: =$B40*H$113 -> 61800 | I40: =$B40*I$113 -> 61800 | J40: =$B40*J$113 -> 61800 | ... BJ40: =$B40*BJ$113 -> 69556.444
A41: =A123 -> Оператор упаковки/шоковой заморозки | B41: 50000 | C41: =$B41*C$113 -> 50000 | D41: =$B41*D$113 -> 50000 | E41: =$B41*E$113 -> 50000 | F41: =$B41*F$113 -> 50000 | G41: =$B41*G$113 -> 51500 | H41: =$B41*H$113 -> 51500 | I41: =$B41*I$113 -> 51500 | J41: =$B41*J$113 -> 51500 | ... BJ41: =$B41*BJ$113 -> 57963.704
A42: =A124 -> Оператор маринования/фасовки | B42: 50000 | C42: =$B42*C$113 -> 50000 | D42: =$B42*D$113 -> 50000 | E42: =$B42*E$113 -> 50000 | F42: =$B42*F$113 -> 50000 | G42: =$B42*G$113 -> 51500 | H42: =$B42*H$113 -> 51500 | I42: =$B42*I$113 -> 51500 | J42: =$B42*J$113 -> 51500 | ... BJ42: =$B42*BJ$113 -> 57963.704
A43: =A125 -> Водитель погрузчика/кладовщик | B43: 80000 | C43: =$B43*C$113 -> 80000 | D43: =$B43*D$113 -> 80000 | E43: =$B43*E$113 -> 80000 | F43: =$B43*F$113 -> 80000 | G43: =$B43*G$113 -> 82400 | H43: =$B43*H$113 -> 82400 | I43: =$B43*I$113 -> 82400 | J43: =$B43*J$113 -> 82400 | ... BJ43: =$B43*BJ$113 -> 92741.926
A44: =A126 -> Охранник | B44: 79000 | C44: =$B44*C$113 -> 79000 | D44: =$B44*D$113 -> 79000 | E44: =$B44*E$113 -> 79000 | F44: =$B44*F$113 -> 79000 | G44: =$B44*G$113 -> 81370 | H44: =$B44*H$113 -> 81370 | I44: =$B44*I$113 -> 81370 | J44: =$B44*J$113 -> 81370 | ... BJ44: =$B44*BJ$113 -> 91582.652
A45: =A127 -> Уборщик | B45: 35000 | C45: =$B45*C$113 -> 35000 | D45: =$B45*D$113 -> 35000 | E45: =$B45*E$113 -> 35000 | F45: =$B45*F$113 -> 35000 | G45: =$B45*G$113 -> 36050 | H45: =$B45*H$113 -> 36050 | I45: =$B45*I$113 -> 36050 | J45: =$B45*J$113 -> 36050 | ... BJ45: =$B45*BJ$113 -> 40574.593
A46: =A128 -> Коммерческий персонал
A47: =A129 -> Менеджер по продажам | B47: 73000 | C47: =$B47*C$113 -> 73000 | D47: =$B47*D$113 -> 73000 | E47: =$B47*E$113 -> 73000 | F47: =$B47*F$113 -> 73000 | G47: =$B47*G$113 -> 75190 | H47: =$B47*H$113 -> 75190 | I47: =$B47*I$113 -> 75190 | J47: =$B47*J$113 -> 75190 | ... BJ47: =$B47*BJ$113 -> 84627.007
A48: =A130 -> Менеджер по закупкам | B48: 70000 | C48: =$B48*C$113 -> 70000 | D48: =$B48*D$113 -> 70000 | E48: =$B48*E$113 -> 70000 | F48: =$B48*F$113 -> 70000 | G48: =$B48*G$113 -> 72100 | H48: =$B48*H$113 -> 72100 | I48: =$B48*I$113 -> 72100 | J48: =$B48*J$113 -> 72100 | ... BJ48: =$B48*BJ$113 -> 81149.185
C49: =$B49*C$113 -> 0 | D49: =$B49*D$113 -> 0 | E49: =$B49*E$113 -> 0 | F49: =$B49*F$113 -> 0 | G49: =$B49*G$113 -> 0 | H49: =$B49*H$113 -> 0 | I49: =$B49*I$113 -> 0 | J49: =$B49*J$113 -> 0 | ... BJ49: =$B49*BJ$113 -> 0
A50: =A132 -> Административный персонал
A51: =A133 -> Директор | B51: 154000 | C51: =$B51*C$113 -> 154000 | D51: =$B51*D$113 -> 154000 | E51: =$B51*E$113 -> 154000 | F51: =$B51*F$113 -> 154000 | G51: =$B51*G$113 -> 158620 | H51: =$B51*H$113 -> 158620 | I51: =$B51*I$113 -> 158620 | J51: =$B51*J$113 -> 158620 | ... BJ51: =$B51*BJ$113 -> 178528.21
A52: =A134 -> Директор производства | B52: 110000 | C52: =$B52*C$113 -> 110000 | D52: =$B52*D$113 -> 110000 | E52: =$B52*E$113 -> 110000 | F52: =$B52*F$113 -> 110000 | G52: =$B52*G$113 -> 113300 | H52: =$B52*H$113 -> 113300 | I52: =$B52*I$113 -> 113300 | J52: =$B52*J$113 -> 113300 | ... BJ52: =$B52*BJ$113 -> 127520.15
A53: =A135 -> Главный бухгалтер | B53: 100000 | C53: =$B53*C$113 -> 100000 | D53: =$B53*D$113 -> 100000 | E53: =$B53*E$113 -> 100000 | F53: =$B53*F$113 -> 100000 | G53: =$B53*G$113 -> 103000 | H53: =$B53*H$113 -> 103000 | I53: =$B53*I$113 -> 103000 | J53: =$B53*J$113 -> 103000 | ... BJ53: =$B53*BJ$113 -> 115927.41
A54: =A136 -> Главный технолог | B54: 92000 | C54: =$B54*C$113 -> 92000 | D54: =$B54*D$113 -> 92000 | E54: =$B54*E$113 -> 92000 | F54: =$B54*F$113 -> 92000 | G54: =$B54*G$113 -> 94760 | H54: =$B54*H$113 -> 94760 | I54: =$B54*I$113 -> 94760 | J54: =$B54*J$113 -> 94760 | ... BJ54: =$B54*BJ$113 -> 106653.21
A55: =A137 -> Начальник ОТК/Ветеринарный врач | B55: 63000 | C55: =$B55*C$113 -> 63000 | D55: =$B55*D$113 -> 63000 | E55: =$B55*E$113 -> 63000 | F55: =$B55*F$113 -> 63000 | G55: =$B55*G$113 -> 64890 | H55: =$B55*H$113 -> 64890 | I55: =$B55*I$113 -> 64890 | J55: =$B55*J$113 -> 64890 | ... BJ55: =$B55*BJ$113 -> 73034.267
A56: =A138 -> Начальник смены | B56: 71000 | C56: =$B56*C$113 -> 71000 | D56: =$B56*D$113 -> 71000 | E56: =$B56*E$113 -> 71000 | F56: =$B56*F$113 -> 71000 | G56: =$B56*G$113 -> 73130 | H56: =$B56*H$113 -> 73130 | I56: =$B56*I$113 -> 73130 | J56: =$B56*J$113 -> 73130 | ... BJ56: =$B56*BJ$113 -> 82308.459
A57: =A139 -> Бухгалтер | B57: 65000 | C57: =$B57*C$113 -> 65000 | D57: =$B57*D$113 -> 65000 | E57: =$B57*E$113 -> 65000 | F57: =$B57*F$113 -> 65000 | G57: =$B57*G$113 -> 66950 | H57: =$B57*H$113 -> 66950 | I57: =$B57*I$113 -> 66950 | J57: =$B57*J$113 -> 66950 | ... BJ57: =$B57*BJ$113 -> 75352.815
A59: ФОТ | B59: Ед. изм.
A60: =A117 -> Производственный персонал | B60: тыс. руб./мес. | C60: =SUM(C61:C70) -> 0 | D60: =SUM(D61:D70) -> 0 | E60: =SUM(E61:E70) -> 0 | F60: =SUM(F61:F70) -> 5359 | G60: =SUM(G61:G70) -> 5519.77 | H60: =SUM(H61:H70) -> 5519.77 | I60: =SUM(I61:I70) -> 5519.77 | J60: =SUM(J61:J70) -> 5519.77 | ... BJ60: =SUM(BJ61:BJ70) -> 6212.5498 | BL60: =SUMIF($C$2:$BJ$2,BL$2,$C60:$BJ60) -> 5359 | BM60: =SUMIF($C$2:$BJ$2,BM$2,$C60:$BJ60) -> 66237.24 | BN60: =SUMIF($C$2:$BJ$2,BN$2,$C60:$BJ60) -> 68224.357 | BO60: =SUMIF($C$2:$BJ$2,BO$2,$C60:$BJ60) -> 70271.088 | BP60: =SUMIF($C$2:$BJ$2,BP$2,$C60:$BJ60) -> 72379.221 | BQ60: =SUMIF($C$2:$BJ$2,BQ$2,$C60:$BJ60) -> 49700.398
A61: =A118 -> Лаборант-микробиолог | B61: тыс.руб./мес. | C61: =C36*C10/1000 -> 0 | D61: =D36*D10/1000 -> 0 | E61: =E36*E10/1000 -> 0 | F61: =F36*F10/1000 -> 156 | G61: =G36*G10/1000 -> 160.68 | H61: =H36*H10/1000 -> 160.68 | I61: =I36*I10/1000 -> 160.68 | J61: =J36*J10/1000 -> 160.68 | ... BJ61: =BJ36*BJ10/1000 -> 180.84676 | BL61: =SUMIF($C$2:$BJ$2,BL$2,$C61:$BJ61) -> 156 | BM61: =SUMIF($C$2:$BJ$2,BM$2,$C61:$BJ61) -> 1928.16 | BN61: =SUMIF($C$2:$BJ$2,BN$2,$C61:$BJ61) -> 1986.0048 | BO61: =SUMIF($C$2:$BJ$2,BO$2,$C61:$BJ61) -> 2045.5849 | BP61: =SUMIF($C$2:$BJ$2,BP$2,$C61:$BJ61) -> 2106.9525 | BQ61: =SUMIF($C$2:$BJ$2,BQ$2,$C61:$BJ61) -> 1446.774
A62: =A119 -> Инженер-механик | B62: тыс.руб./мес. | C62: =C37*C11/1000 -> 0 | D62: =D37*D11/1000 -> 0 | E62: =E37*E11/1000 -> 0 | F62: =F37*F11/1000 -> 243 | G62: =G37*G11/1000 -> 250.29 | H62: =H37*H11/1000 -> 250.29 | I62: =I37*I11/1000 -> 250.29 | J62: =J37*J11/1000 -> 250.29 | ... BJ62: =BJ37*BJ11/1000 -> 281.7036 | BL62: =SUMIF($C$2:$BJ$2,BL$2,$C62:$BJ62) -> 243 | BM62: =SUMIF($C$2:$BJ$2,BM$2,$C62:$BJ62) -> 3003.48 | BN62: =SUMIF($C$2:$BJ$2,BN$2,$C62:$BJ62) -> 3093.5844 | BO62: =SUMIF($C$2:$BJ$2,BO$2,$C62:$BJ62) -> 3186.3919 | BP62: =SUMIF($C$2:$BJ$2,BP$2,$C62:$BJ62) -> 3281.9837 | BQ62: =SUMIF($C$2:$BJ$2,BQ$2,$C62:$BJ62) -> 2253.6288
A63: =A120 -> Электрик/слесарь-ремонтник | B63: тыс.руб./мес. | C63: =C38*C12/1000 -> 0 | D63: =D38*D12/1000 -> 0 | E63: =E38*E12/1000 -> 0 | F63: =F38*F12/1000 -> 196 | G63: =G38*G12/1000 -> 201.88 | H63: =H38*H12/1000 -> 201.88 | I63: =I38*I12/1000 -> 201.88 | J63: =J38*J12/1000 -> 201.88 | ... BJ63: =BJ38*BJ12/1000 -> 227.21772 | BL63: =SUMIF($C$2:$BJ$2,BL$2,$C63:$BJ63) -> 196 | BM63: =SUMIF($C$2:$BJ$2,BM$2,$C63:$BJ63) -> 2422.56 | BN63: =SUMIF($C$2:$BJ$2,BN$2,$C63:$BJ63) -> 2495.2368 | BO63: =SUMIF($C$2:$BJ$2,BO$2,$C63:$BJ63) -> 2570.0939 | BP63: =SUMIF($C$2:$BJ$2,BP$2,$C63:$BJ63) -> 2647.1967 | BQ63: =SUMIF($C$2:$BJ$2,BQ$2,$C63:$BJ63) -> 1817.7417
A64: =A121 -> Обвальщик/мясник | B64: тыс.руб./мес. | C64: =C39*C13/1000 -> 0 | D64: =D39*D13/1000 -> 0 | E64: =E39*E13/1000 -> 0 | F64: =F39*F13/1000 -> 1900 | G64: =G39*G13/1000 -> 1957 | H64: =H39*H13/1000 -> 1957 | I64: =I39*I13/1000 -> 1957 | J64: =J39*J13/1000 -> 1957 | ... BJ64: =BJ39*BJ13/1000 -> 2202.6207 | BL64: =SUMIF($C$2:$BJ$2,BL$2,$C64:$BJ64) -> 1900 | BM64: =SUMIF($C$2:$BJ$2,BM$2,$C64:$BJ64) -> 23484 | BN64: =SUMIF($C$2:$BJ$2,BN$2,$C64:$BJ64) -> 24188.52 | BO64: =SUMIF($C$2:$BJ$2,BO$2,$C64:$BJ64) -> 24914.176 | BP64: =SUMIF($C$2:$BJ$2,BP$2,$C64:$BJ64) -> 25661.601 | BQ64: =SUMIF($C$2:$BJ$2,BQ$2,$C64:$BJ64) -> 17620.966
A65: =A122 -> Рабочий убойного цеха | B65: тыс.руб./мес. | C65: =C40*C14/1000 -> 0 | D65: =D40*D14/1000 -> 0 | E65: =E40*E14/1000 -> 0 | F65: =F40*F14/1000 -> 960 | G65: =G40*G14/1000 -> 988.8 | H65: =H40*H14/1000 -> 988.8 | I65: =I40*I14/1000 -> 988.8 | J65: =J40*J14/1000 -> 988.8 | ... BJ65: =BJ40*BJ14/1000 -> 1112.9031 | BL65: =SUMIF($C$2:$BJ$2,BL$2,$C65:$BJ65) -> 960 | BM65: =SUMIF($C$2:$BJ$2,BM$2,$C65:$BJ65) -> 11865.6 | BN65: =SUMIF($C$2:$BJ$2,BN$2,$C65:$BJ65) -> 12221.568 | BO65: =SUMIF($C$2:$BJ$2,BO$2,$C65:$BJ65) -> 12588.215 | BP65: =SUMIF($C$2:$BJ$2,BP$2,$C65:$BJ65) -> 12965.861 | BQ65: =SUMIF($C$2:$BJ$2,BQ$2,$C65:$BJ65) -> 8903.2249
A66: =A123 -> Оператор упаковки/шоковой заморозки | B66: тыс.руб./мес. | C66: =C41*C15/1000 -> 0 | D66: =D41*D15/1000 -> 0 | E66: =E41*E15/1000 -> 0 | F66: =F41*F15/1000 -> 500 | G66: =G41*G15/1000 -> 515 | H66: =H41*H15/1000 -> 515 | I66: =I41*I15/1000 -> 515 | J66: =J41*J15/1000 -> 515 | ... BJ66: =BJ41*BJ15/1000 -> 579.63704 | BL66: =SUMIF($C$2:$BJ$2,BL$2,$C66:$BJ66) -> 500 | BM66: =SUMIF($C$2:$BJ$2,BM$2,$C66:$BJ66) -> 6180 | BN66: =SUMIF($C$2:$BJ$2,BN$2,$C66:$BJ66) -> 6365.4 | BO66: =SUMIF($C$2:$BJ$2,BO$2,$C66:$BJ66) -> 6556.362 | BP66: =SUMIF($C$2:$BJ$2,BP$2,$C66:$BJ66) -> 6753.0529 | BQ66: =SUMIF($C$2:$BJ$2,BQ$2,$C66:$BJ66) -> 4637.0963
A67: =A124 -> Оператор маринования/фасовки | B67: тыс.руб./мес. | C67: =C42*C16/1000 -> 0 | D67: =D42*D16/1000 -> 0 | E67: =E42*E16/1000 -> 0 | F67: =F42*F16/1000 -> 400 | G67: =G42*G16/1000 -> 412 | H67: =H42*H16/1000 -> 412 | I67: =I42*I16/1000 -> 412 | J67: =J42*J16/1000 -> 412 | ... BJ67: =BJ42*BJ16/1000 -> 463.70963 | BL67: =SUMIF($C$2:$BJ$2,BL$2,$C67:$BJ67) -> 400 | BM67: =SUMIF($C$2:$BJ$2,BM$2,$C67:$BJ67) -> 4944 | BN67: =SUMIF($C$2:$BJ$2,BN$2,$C67:$BJ67) -> 5092.32 | BO67: =SUMIF($C$2:$BJ$2,BO$2,$C67:$BJ67) -> 5245.0896 | BP67: =SUMIF($C$2:$BJ$2,BP$2,$C67:$BJ67) -> 5402.4423 | BQ67: =SUMIF($C$2:$BJ$2,BQ$2,$C67:$BJ67) -> 3709.677
A68: =A125 -> Водитель погрузчика/кладовщик | B68: тыс.руб./мес. | C68: =C43*C17/1000 -> 0 | D68: =D43*D17/1000 -> 0 | E68: =E43*E17/1000 -> 0 | F68: =F43*F17/1000 -> 320 | G68: =G43*G17/1000 -> 329.6 | H68: =H43*H17/1000 -> 329.6 | I68: =I43*I17/1000 -> 329.6 | J68: =J43*J17/1000 -> 329.6 | ... BJ68: =BJ43*BJ17/1000 -> 370.9677 | BL68: =SUMIF($C$2:$BJ$2,BL$2,$C68:$BJ68) -> 320 | BM68: =SUMIF($C$2:$BJ$2,BM$2,$C68:$BJ68) -> 3955.2 | BN68: =SUMIF($C$2:$BJ$2,BN$2,$C68:$BJ68) -> 4073.856 | BO68: =SUMIF($C$2:$BJ$2,BO$2,$C68:$BJ68) -> 4196.0717 | BP68: =SUMIF($C$2:$BJ$2,BP$2,$C68:$BJ68) -> 4321.9538 | BQ68: =SUMIF($C$2:$BJ$2,BQ$2,$C68:$BJ68) -> 2967.7416
A69: =A126 -> Охранник | B69: тыс.руб./мес. | C69: =C44*C18/1000 -> 0 | D69: =D44*D18/1000 -> 0 | E69: =E44*E18/1000 -> 0 | F69: =F44*F18/1000 -> 474 | G69: =G44*G18/1000 -> 488.22 | H69: =H44*H18/1000 -> 488.22 | I69: =I44*I18/1000 -> 488.22 | J69: =J44*J18/1000 -> 488.22 | ... BJ69: =BJ44*BJ18/1000 -> 549.49591 | BL69: =SUMIF($C$2:$BJ$2,BL$2,$C69:$BJ69) -> 474 | BM69: =SUMIF($C$2:$BJ$2,BM$2,$C69:$BJ69) -> 5858.64 | BN69: =SUMIF($C$2:$BJ$2,BN$2,$C69:$BJ69) -> 6034.3992 | BO69: =SUMIF($C$2:$BJ$2,BO$2,$C69:$BJ69) -> 6215.4312 | BP69: =SUMIF($C$2:$BJ$2,BP$2,$C69:$BJ69) -> 6401.8941 | BQ69: =SUMIF($C$2:$BJ$2,BQ$2,$C69:$BJ69) -> 4395.9673
A70: =A127 -> Уборщик | B70: тыс.руб./мес. | C70: =C45*C19/1000 -> 0 | D70: =D45*D19/1000 -> 0 | E70: =E45*E19/1000 -> 0 | F70: =F45*F19/1000 -> 210 | G70: =G45*G19/1000 -> 216.3 | H70: =H45*H19/1000 -> 216.3 | I70: =I45*I19/1000 -> 216.3 | J70: =J45*J19/1000 -> 216.3 | ... BJ70: =BJ45*BJ19/1000 -> 243.44756 | BL70: =SUMIF($C$2:$BJ$2,BL$2,$C70:$BJ70) -> 210 | BM70: =SUMIF($C$2:$BJ$2,BM$2,$C70:$BJ70) -> 2595.6 | BN70: =SUMIF($C$2:$BJ$2,BN$2,$C70:$BJ70) -> 2673.468 | BO70: =SUMIF($C$2:$BJ$2,BO$2,$C70:$BJ70) -> 2753.672 | BP70: =SUMIF($C$2:$BJ$2,BP$2,$C70:$BJ70) -> 2836.2822 | BQ70: =SUMIF($C$2:$BJ$2,BQ$2,$C70:$BJ70) -> 1947.5804
A71: =A128 -> Коммерческий персонал | B71: тыс. руб./мес. | C71: =SUM(C72:C74) -> 0 | D71: =SUM(D72:D74) -> 0 | E71: =SUM(E72:E74) -> 0 | F71: =SUM(F72:F74) -> 572 | G71: =SUM(G72:G74) -> 589.16 | H71: =SUM(H72:H74) -> 589.16 | I71: =SUM(I72:I74) -> 589.16 | J71: =SUM(J72:J74) -> 589.16 | ... BJ71: =SUM(BJ72:BJ74) -> 663.10477 | BL71: =SUMIF($C$2:$BJ$2,BL$2,$C71:$BJ71) -> 572 | BM71: =SUMIF($C$2:$BJ$2,BM$2,$C71:$BJ71) -> 7069.92 | BN71: =SUMIF($C$2:$BJ$2,BN$2,$C71:$BJ71) -> 7282.0176 | BO71: =SUMIF($C$2:$BJ$2,BO$2,$C71:$BJ71) -> 7500.4781 | BP71: =SUMIF($C$2:$BJ$2,BP$2,$C71:$BJ71) -> 7725.4925 | BQ71: =SUMIF($C$2:$BJ$2,BQ$2,$C71:$BJ71) -> 5304.8382
A72: =A129 -> Менеджер по продажам | B72: тыс.руб./мес. | C72: =C47*C21/1000 -> 0 | D72: =D47*D21/1000 -> 0 | E72: =E47*E21/1000 -> 0 | F72: =F47*F21/1000 -> 292 | G72: =G47*G21/1000 -> 300.76 | H72: =H47*H21/1000 -> 300.76 | I72: =I47*I21/1000 -> 300.76 | J72: =J47*J21/1000 -> 300.76 | ... BJ72: =BJ47*BJ21/1000 -> 338.50803 | BL72: =SUMIF($C$2:$BJ$2,BL$2,$C72:$BJ72) -> 292 | BM72: =SUMIF($C$2:$BJ$2,BM$2,$C72:$BJ72) -> 3609.12 | BN72: =SUMIF($C$2:$BJ$2,BN$2,$C72:$BJ72) -> 3717.3936 | BO72: =SUMIF($C$2:$BJ$2,BO$2,$C72:$BJ72) -> 3828.9154 | BP72: =SUMIF($C$2:$BJ$2,BP$2,$C72:$BJ72) -> 3943.7829 | BQ72: =SUMIF($C$2:$BJ$2,BQ$2,$C72:$BJ72) -> 2708.0642
A73: =A130 -> Менеджер по закупкам | B73: тыс.руб./мес. | C73: =C48*C22/1000 -> 0 | D73: =D48*D22/1000 -> 0 | E73: =E48*E22/1000 -> 0 | F73: =F48*F22/1000 -> 280 | G73: =G48*G22/1000 -> 288.4 | H73: =H48*H22/1000 -> 288.4 | I73: =I48*I22/1000 -> 288.4 | J73: =J48*J22/1000 -> 288.4 | ... BJ73: =BJ48*BJ22/1000 -> 324.59674 | BL73: =SUMIF($C$2:$BJ$2,BL$2,$C73:$BJ73) -> 280 | BM73: =SUMIF($C$2:$BJ$2,BM$2,$C73:$BJ73) -> 3460.8 | BN73: =SUMIF($C$2:$BJ$2,BN$2,$C73:$BJ73) -> 3564.624 | BO73: =SUMIF($C$2:$BJ$2,BO$2,$C73:$BJ73) -> 3671.5627 | BP73: =SUMIF($C$2:$BJ$2,BP$2,$C73:$BJ73) -> 3781.7096 | BQ73: =SUMIF($C$2:$BJ$2,BQ$2,$C73:$BJ73) -> 2596.7739
B74: тыс.руб./мес. | C74: =C49*C23/1000 -> 0 | D74: =D49*D23/1000 -> 0 | E74: =E49*E23/1000 -> 0 | F74: =F49*F23/1000 -> 0 | G74: =G49*G23/1000 -> 0 | H74: =H49*H23/1000 -> 0 | I74: =I49*I23/1000 -> 0 | J74: =J49*J23/1000 -> 0 | ... BJ74: =BJ49*BJ23/1000 -> 0 | BL74: =SUMIF($C$2:$BJ$2,BL$2,$C74:$BJ74) -> 0 | BM74: =SUMIF($C$2:$BJ$2,BM$2,$C74:$BJ74) -> 0 | BN74: =SUMIF($C$2:$BJ$2,BN$2,$C74:$BJ74) -> 0 | BO74: =SUMIF($C$2:$BJ$2,BO$2,$C74:$BJ74) -> 0 | BP74: =SUMIF($C$2:$BJ$2,BP$2,$C74:$BJ74) -> 0 | BQ74: =SUMIF($C$2:$BJ$2,BQ$2,$C74:$BJ74) -> 0
A75: =A132 -> Административный персонал | B75: тыс. руб./мес. | C75: =SUM(C76:C82) -> 1151 | D75: =SUM(D76:D82) -> 1151 | E75: =SUM(E76:E82) -> 1151 | F75: =SUM(F76:F82) -> 1151 | G75: =SUM(G76:G82) -> 1185.53 | H75: =SUM(H76:H82) -> 1185.53 | I75: =SUM(I76:I82) -> 1185.53 | J75: =SUM(J76:J82) -> 1185.53 | ... BJ75: =SUM(BJ76:BJ82) -> 1334.3245 | BL75: =SUMIF($C$2:$BJ$2,BL$2,$C75:$BJ75) -> 4604 | BM75: =SUMIF($C$2:$BJ$2,BM$2,$C75:$BJ75) -> 14226.36 | BN75: =SUMIF($C$2:$BJ$2,BN$2,$C75:$BJ75) -> 14653.151 | BO75: =SUMIF($C$2:$BJ$2,BO$2,$C75:$BJ75) -> 15092.745 | BP75: =SUMIF($C$2:$BJ$2,BP$2,$C75:$BJ75) -> 15545.528 | BQ75: =SUMIF($C$2:$BJ$2,BQ$2,$C75:$BJ75) -> 10674.596
A76: =A133 -> Директор | B76: тыс.руб./мес. | C76: =C51*C25/1000 -> 154 | D76: =D51*D25/1000 -> 154 | E76: =E51*E25/1000 -> 154 | F76: =F51*F25/1000 -> 154 | G76: =G51*G25/1000 -> 158.62 | H76: =H51*H25/1000 -> 158.62 | I76: =I51*I25/1000 -> 158.62 | J76: =J51*J25/1000 -> 158.62 | ... BJ76: =BJ51*BJ25/1000 -> 178.52821 | BL76: =SUMIF($C$2:$BJ$2,BL$2,$C76:$BJ76) -> 616 | BM76: =SUMIF($C$2:$BJ$2,BM$2,$C76:$BJ76) -> 1903.44 | BN76: =SUMIF($C$2:$BJ$2,BN$2,$C76:$BJ76) -> 1960.5432 | BO76: =SUMIF($C$2:$BJ$2,BO$2,$C76:$BJ76) -> 2019.3595 | BP76: =SUMIF($C$2:$BJ$2,BP$2,$C76:$BJ76) -> 2079.9403 | BQ76: =SUMIF($C$2:$BJ$2,BQ$2,$C76:$BJ76) -> 1428.2257
A77: =A134 -> Директор производства | B77: тыс.руб./мес. | C77: =C52*C26/1000 -> 110 | D77: =D52*D26/1000 -> 110 | E77: =E52*E26/1000 -> 110 | F77: =F52*F26/1000 -> 110 | G77: =G52*G26/1000 -> 113.3 | H77: =H52*H26/1000 -> 113.3 | I77: =I52*I26/1000 -> 113.3 | J77: =J52*J26/1000 -> 113.3 | ... BJ77: =BJ52*BJ26/1000 -> 127.52015 | BL77: =SUMIF($C$2:$BJ$2,BL$2,$C77:$BJ77) -> 440 | BM77: =SUMIF($C$2:$BJ$2,BM$2,$C77:$BJ77) -> 1359.6 | BN77: =SUMIF($C$2:$BJ$2,BN$2,$C77:$BJ77) -> 1400.388 | BO77: =SUMIF($C$2:$BJ$2,BO$2,$C77:$BJ77) -> 1442.3996 | BP77: =SUMIF($C$2:$BJ$2,BP$2,$C77:$BJ77) -> 1485.6716 | BQ77: =SUMIF($C$2:$BJ$2,BQ$2,$C77:$BJ77) -> 1020.1612
A78: =A135 -> Главный бухгалтер | B78: тыс.руб./мес. | C78: =C53*C27/1000 -> 100 | D78: =D53*D27/1000 -> 100 | E78: =E53*E27/1000 -> 100 | F78: =F53*F27/1000 -> 100 | G78: =G53*G27/1000 -> 103 | H78: =H53*H27/1000 -> 103 | I78: =I53*I27/1000 -> 103 | J78: =J53*J27/1000 -> 103 | ... BJ78: =BJ53*BJ27/1000 -> 115.92741 | BL78: =SUMIF($C$2:$BJ$2,BL$2,$C78:$BJ78) -> 400 | BM78: =SUMIF($C$2:$BJ$2,BM$2,$C78:$BJ78) -> 1236 | BN78: =SUMIF($C$2:$BJ$2,BN$2,$C78:$BJ78) -> 1273.08 | BO78: =SUMIF($C$2:$BJ$2,BO$2,$C78:$BJ78) -> 1311.2724 | BP78: =SUMIF($C$2:$BJ$2,BP$2,$C78:$BJ78) -> 1350.6106 | BQ78: =SUMIF($C$2:$BJ$2,BQ$2,$C78:$BJ78) -> 927.41926
A79: =A136 -> Главный технолог | B79: тыс.руб./мес. | C79: =C54*C28/1000 -> 184 | D79: =D54*D28/1000 -> 184 | E79: =E54*E28/1000 -> 184 | F79: =F54*F28/1000 -> 184 | G79: =G54*G28/1000 -> 189.52 | H79: =H54*H28/1000 -> 189.52 | I79: =I54*I28/1000 -> 189.52 | J79: =J54*J28/1000 -> 189.52 | ... BJ79: =BJ54*BJ28/1000 -> 213.30643 | BL79: =SUMIF($C$2:$BJ$2,BL$2,$C79:$BJ79) -> 736 | BM79: =SUMIF($C$2:$BJ$2,BM$2,$C79:$BJ79) -> 2274.24 | BN79: =SUMIF($C$2:$BJ$2,BN$2,$C79:$BJ79) -> 2342.4672 | BO79: =SUMIF($C$2:$BJ$2,BO$2,$C79:$BJ79) -> 2412.7412 | BP79: =SUMIF($C$2:$BJ$2,BP$2,$C79:$BJ79) -> 2485.1235 | BQ79: =SUMIF($C$2:$BJ$2,BQ$2,$C79:$BJ79) -> 1706.4514
A80: =A137 -> Начальник ОТК/Ветеринарный врач | B80: тыс.руб./мес. | C80: =C55*C29/1000 -> 189 | D80: =D55*D29/1000 -> 189 | E80: =E55*E29/1000 -> 189 | F80: =F55*F29/1000 -> 189 | G80: =G55*G29/1000 -> 194.67 | H80: =H55*H29/1000 -> 194.67 | I80: =I55*I29/1000 -> 194.67 | J80: =J55*J29/1000 -> 194.67 | ... BJ80: =BJ55*BJ29/1000 -> 219.1028 | BL80: =SUMIF($C$2:$BJ$2,BL$2,$C80:$BJ80) -> 756 | BM80: =SUMIF($C$2:$BJ$2,BM$2,$C80:$BJ80) -> 2336.04 | BN80: =SUMIF($C$2:$BJ$2,BN$2,$C80:$BJ80) -> 2406.1212 | BO80: =SUMIF($C$2:$BJ$2,BO$2,$C80:$BJ80) -> 2478.3048 | BP80: =SUMIF($C$2:$BJ$2,BP$2,$C80:$BJ80) -> 2552.654 | BQ80: =SUMIF($C$2:$BJ$2,BQ$2,$C80:$BJ80) -> 1752.8224
A81: =A138 -> Начальник смены | B81: тыс.руб./мес. | C81: =C56*C30/1000 -> 284 | D81: =D56*D30/1000 -> 284 | E81: =E56*E30/1000 -> 284 | F81: =F56*F30/1000 -> 284 | G81: =G56*G30/1000 -> 292.52 | H81: =H56*H30/1000 -> 292.52 | I81: =I56*I30/1000 -> 292.52 | J81: =J56*J30/1000 -> 292.52 | ... BJ81: =BJ56*BJ30/1000 -> 329.23384 | BL81: =SUMIF($C$2:$BJ$2,BL$2,$C81:$BJ81) -> 1136 | BM81: =SUMIF($C$2:$BJ$2,BM$2,$C81:$BJ81) -> 3510.24 | BN81: =SUMIF($C$2:$BJ$2,BN$2,$C81:$BJ81) -> 3615.5472 | BO81: =SUMIF($C$2:$BJ$2,BO$2,$C81:$BJ81) -> 3724.0136 | BP81: =SUMIF($C$2:$BJ$2,BP$2,$C81:$BJ81) -> 3835.734 | BQ81: =SUMIF($C$2:$BJ$2,BQ$2,$C81:$BJ81) -> 2633.8707
A82: =A139 -> Бухгалтер | B82: тыс.руб./мес. | C82: =C57*C31/1000 -> 130 | D82: =D57*D31/1000 -> 130 | E82: =E57*E31/1000 -> 130 | F82: =F57*F31/1000 -> 130 | G82: =G57*G31/1000 -> 133.9 | H82: =H57*H31/1000 -> 133.9 | I82: =I57*I31/1000 -> 133.9 | J82: =J57*J31/1000 -> 133.9 | ... BJ82: =BJ57*BJ31/1000 -> 150.70563 | BL82: =SUMIF($C$2:$BJ$2,BL$2,$C82:$BJ82) -> 520 | BM82: =SUMIF($C$2:$BJ$2,BM$2,$C82:$BJ82) -> 1606.8 | BN82: =SUMIF($C$2:$BJ$2,BN$2,$C82:$BJ82) -> 1655.004 | BO82: =SUMIF($C$2:$BJ$2,BO$2,$C82:$BJ82) -> 1704.6541 | BP82: =SUMIF($C$2:$BJ$2,BP$2,$C82:$BJ82) -> 1755.7937 | BQ82: =SUMIF($C$2:$BJ$2,BQ$2,$C82:$BJ82) -> 1205.645
A83: Итого | B83: тыс. руб./мес. | C83: =C60+C71+C75 -> 1151 | D83: =D60+D71+D75 -> 1151 | E83: =E60+E71+E75 -> 1151 | F83: =F60+F71+F75 -> 7082 | G83: =G60+G71+G75 -> 7294.46 | H83: =H60+H71+H75 -> 7294.46 | I83: =I60+I71+I75 -> 7294.46 | J83: =J60+J71+J75 -> 7294.46 | ... BJ83: =BJ60+BJ71+BJ75 -> 8209.979 | BL83: =SUMIF($C$2:$BJ$2,BL$2,$C83:$BJ83) -> 10535 | BM83: =SUMIF($C$2:$BJ$2,BM$2,$C83:$BJ83) -> 87533.52 | BN83: =SUMIF($C$2:$BJ$2,BN$2,$C83:$BJ83) -> 90159.526 | BO83: =SUMIF($C$2:$BJ$2,BO$2,$C83:$BJ83) -> 92864.311 | BP83: =SUMIF($C$2:$BJ$2,BP$2,$C83:$BJ83) -> 95650.241 | BQ83: =SUMIF($C$2:$BJ$2,BQ$2,$C83:$BJ83) -> 65679.832
A85: Налоги на ФОТ | B85: Ед. изм.
A86: =A117 -> Производственный персонал | B86: тыс. руб./мес. | C86: =SUM(C87:C96) -> 0 | D86: =SUM(D87:D96) -> 0 | E86: =SUM(E87:E96) -> 0 | F86: =SUM(F87:F96) -> 2304.37 | G86: =SUM(G87:G96) -> 2373.5011 | H86: =SUM(H87:H96) -> 2373.5011 | I86: =SUM(I87:I96) -> 2373.5011 | J86: =SUM(J87:J96) -> 2373.5011 | ... BJ86: =SUM(BJ87:BJ96) -> 2671.3964 | BL86: =SUMIF($C$2:$BJ$2,BL$2,$C86:$BJ86) -> 2304.37 | BM86: =SUMIF($C$2:$BJ$2,BM$2,$C86:$BJ86) -> 28482.013 | BN86: =SUMIF($C$2:$BJ$2,BN$2,$C86:$BJ86) -> 29336.474 | BO86: =SUMIF($C$2:$BJ$2,BO$2,$C86:$BJ86) -> 30216.568 | BP86: =SUMIF($C$2:$BJ$2,BP$2,$C86:$BJ86) -> 31123.065 | BQ86: =SUMIF($C$2:$BJ$2,BQ$2,$C86:$BJ86) -> 21371.171
A87: =A118 -> Лаборант-микробиолог | B87: тыс.руб./мес. | C87: =Допущения!$C$70*C61 -> 0 | D87: =Допущения!$C$70*D61 -> 0 | E87: =Допущения!$C$70*E61 -> 0 | F87: =Допущения!$C$70*F61 -> 67.08 | G87: =Допущения!$C$70*G61 -> 69.0924 | H87: =Допущения!$C$70*H61 -> 69.0924 | I87: =Допущения!$C$70*I61 -> 69.0924 | J87: =Допущения!$C$70*J61 -> 69.0924 | ... BJ87: =Допущения!$C$70*BJ61 -> 77.764105 | BL87: =SUMIF($C$2:$BJ$2,BL$2,$C87:$BJ87) -> 67.08 | BM87: =SUMIF($C$2:$BJ$2,BM$2,$C87:$BJ87) -> 829.1088 | BN87: =SUMIF($C$2:$BJ$2,BN$2,$C87:$BJ87) -> 853.98206 | BO87: =SUMIF($C$2:$BJ$2,BO$2,$C87:$BJ87) -> 879.60153 | BP87: =SUMIF($C$2:$BJ$2,BP$2,$C87:$BJ87) -> 905.98957 | BQ87: =SUMIF($C$2:$BJ$2,BQ$2,$C87:$BJ87) -> 622.11284
A88: =A119 -> Инженер-механик | B88: тыс.руб./мес. | C88: =Допущения!$C$70*C62 -> 0 | D88: =Допущения!$C$70*D62 -> 0 | E88: =Допущения!$C$70*E62 -> 0 | F88: =Допущения!$C$70*F62 -> 104.49 | G88: =Допущения!$C$70*G62 -> 107.6247 | H88: =Допущения!$C$70*H62 -> 107.6247 | I88: =Допущения!$C$70*I62 -> 107.6247 | J88: =Допущения!$C$70*J62 -> 107.6247 | ... BJ88: =Допущения!$C$70*BJ62 -> 121.13255 | BL88: =SUMIF($C$2:$BJ$2,BL$2,$C88:$BJ88) -> 104.49 | BM88: =SUMIF($C$2:$BJ$2,BM$2,$C88:$BJ88) -> 1291.4964 | BN88: =SUMIF($C$2:$BJ$2,BN$2,$C88:$BJ88) -> 1330.2413 | BO88: =SUMIF($C$2:$BJ$2,BO$2,$C88:$BJ88) -> 1370.1485 | BP88: =SUMIF($C$2:$BJ$2,BP$2,$C88:$BJ88) -> 1411.253 | BQ88: =SUMIF($C$2:$BJ$2,BQ$2,$C88:$BJ88) -> 969.06038
A89: =A120 -> Электрик/слесарь-ремонтник | B89: тыс.руб./мес. | C89: =Допущения!$C$70*C63 -> 0 | D89: =Допущения!$C$70*D63 -> 0 | E89: =Допущения!$C$70*E63 -> 0 | F89: =Допущения!$C$70*F63 -> 84.28 | G89: =Допущения!$C$70*G63 -> 86.8084 | H89: =Допущения!$C$70*H63 -> 86.8084 | I89: =Допущения!$C$70*I63 -> 86.8084 | J89: =Допущения!$C$70*J63 -> 86.8084 | ... BJ89: =Допущения!$C$70*BJ63 -> 97.703619 | BL89: =SUMIF($C$2:$BJ$2,BL$2,$C89:$BJ89) -> 84.28 | BM89: =SUMIF($C$2:$BJ$2,BM$2,$C89:$BJ89) -> 1041.7008 | BN89: =SUMIF($C$2:$BJ$2,BN$2,$C89:$BJ89) -> 1072.9518 | BO89: =SUMIF($C$2:$BJ$2,BO$2,$C89:$BJ89) -> 1105.1404 | BP89: =SUMIF($C$2:$BJ$2,BP$2,$C89:$BJ89) -> 1138.2946 | BQ89: =SUMIF($C$2:$BJ$2,BQ$2,$C89:$BJ89) -> 781.62895
A90: =A121 -> Обвальщик/мясник | B90: тыс.руб./мес. | C90: =Допущения!$C$70*C64 -> 0 | D90: =Допущения!$C$70*D64 -> 0 | E90: =Допущения!$C$70*E64 -> 0 | F90: =Допущения!$C$70*F64 -> 817 | G90: =Допущения!$C$70*G64 -> 841.51 | H90: =Допущения!$C$70*H64 -> 841.51 | I90: =Допущения!$C$70*I64 -> 841.51 | J90: =Допущения!$C$70*J64 -> 841.51 | ... BJ90: =Допущения!$C$70*BJ64 -> 947.12692 | BL90: =SUMIF($C$2:$BJ$2,BL$2,$C90:$BJ90) -> 817 | BM90: =SUMIF($C$2:$BJ$2,BM$2,$C90:$BJ90) -> 10098.12 | BN90: =SUMIF($C$2:$BJ$2,BN$2,$C90:$BJ90) -> 10401.064 | BO90: =SUMIF($C$2:$BJ$2,BO$2,$C90:$BJ90) -> 10713.096 | BP90: =SUMIF($C$2:$BJ$2,BP$2,$C90:$BJ90) -> 11034.488 | BQ90: =SUMIF($C$2:$BJ$2,BQ$2,$C90:$BJ90) -> 7577.0153
A91: =A122 -> Рабочий убойного цеха | B91: тыс.руб./мес. | C91: =Допущения!$C$70*C65 -> 0 | D91: =Допущения!$C$70*D65 -> 0 | E91: =Допущения!$C$70*E65 -> 0 | F91: =Допущения!$C$70*F65 -> 412.8 | G91: =Допущения!$C$70*G65 -> 425.184 | H91: =Допущения!$C$70*H65 -> 425.184 | I91: =Допущения!$C$70*I65 -> 425.184 | J91: =Допущения!$C$70*J65 -> 425.184 | ... BJ91: =Допущения!$C$70*BJ65 -> 478.54834 | BL91: =SUMIF($C$2:$BJ$2,BL$2,$C91:$BJ91) -> 412.8 | BM91: =SUMIF($C$2:$BJ$2,BM$2,$C91:$BJ91) -> 5102.208 | BN91: =SUMIF($C$2:$BJ$2,BN$2,$C91:$BJ91) -> 5255.2742 | BO91: =SUMIF($C$2:$BJ$2,BO$2,$C91:$BJ91) -> 5412.9325 | BP91: =SUMIF($C$2:$BJ$2,BP$2,$C91:$BJ91) -> 5575.3204 | BQ91: =SUMIF($C$2:$BJ$2,BQ$2,$C91:$BJ91) -> 3828.3867
A92: =A123 -> Оператор упаковки/шоковой заморозки | B92: тыс.руб./мес. | C92: =Допущения!$C$70*C66 -> 0 | D92: =Допущения!$C$70*D66 -> 0 | E92: =Допущения!$C$70*E66 -> 0 | F92: =Допущения!$C$70*F66 -> 215 | G92: =Допущения!$C$70*G66 -> 221.45 | H92: =Допущения!$C$70*H66 -> 221.45 | I92: =Допущения!$C$70*I66 -> 221.45 | J92: =Допущения!$C$70*J66 -> 221.45 | ... BJ92: =Допущения!$C$70*BJ66 -> 249.24393 | BL92: =SUMIF($C$2:$BJ$2,BL$2,$C92:$BJ92) -> 215 | BM92: =SUMIF($C$2:$BJ$2,BM$2,$C92:$BJ92) -> 2657.4 | BN92: =SUMIF($C$2:$BJ$2,BN$2,$C92:$BJ92) -> 2737.122 | BO92: =SUMIF($C$2:$BJ$2,BO$2,$C92:$BJ92) -> 2819.2357 | BP92: =SUMIF($C$2:$BJ$2,BP$2,$C92:$BJ92) -> 2903.8127 | BQ92: =SUMIF($C$2:$BJ$2,BQ$2,$C92:$BJ92) -> 1993.9514
A93: =A124 -> Оператор маринования/фасовки | B93: тыс.руб./мес. | C93: =Допущения!$C$70*C67 -> 0 | D93: =Допущения!$C$70*D67 -> 0 | E93: =Допущения!$C$70*E67 -> 0 | F93: =Допущения!$C$70*F67 -> 172 | G93: =Допущения!$C$70*G67 -> 177.16 | H93: =Допущения!$C$70*H67 -> 177.16 | I93: =Допущения!$C$70*I67 -> 177.16 | J93: =Допущения!$C$70*J67 -> 177.16 | ... BJ93: =Допущения!$C$70*BJ67 -> 199.39514 | BL93: =SUMIF($C$2:$BJ$2,BL$2,$C93:$BJ93) -> 172 | BM93: =SUMIF($C$2:$BJ$2,BM$2,$C93:$BJ93) -> 2125.92 | BN93: =SUMIF($C$2:$BJ$2,BN$2,$C93:$BJ93) -> 2189.6976 | BO93: =SUMIF($C$2:$BJ$2,BO$2,$C93:$BJ93) -> 2255.3885 | BP93: =SUMIF($C$2:$BJ$2,BP$2,$C93:$BJ93) -> 2323.0502 | BQ93: =SUMIF($C$2:$BJ$2,BQ$2,$C93:$BJ93) -> 1595.1611
A94: =A125 -> Водитель погрузчика/кладовщик | B94: тыс.руб./мес. | C94: =Допущения!$C$70*C68 -> 0 | D94: =Допущения!$C$70*D68 -> 0 | E94: =Допущения!$C$70*E68 -> 0 | F94: =Допущения!$C$70*F68 -> 137.6 | G94: =Допущения!$C$70*G68 -> 141.728 | H94: =Допущения!$C$70*H68 -> 141.728 | I94: =Допущения!$C$70*I68 -> 141.728 | J94: =Допущения!$C$70*J68 -> 141.728 | ... BJ94: =Допущения!$C$70*BJ68 -> 159.51611 | BL94: =SUMIF($C$2:$BJ$2,BL$2,$C94:$BJ94) -> 137.6 | BM94: =SUMIF($C$2:$BJ$2,BM$2,$C94:$BJ94) -> 1700.736 | BN94: =SUMIF($C$2:$BJ$2,BN$2,$C94:$BJ94) -> 1751.7581 | BO94: =SUMIF($C$2:$BJ$2,BO$2,$C94:$BJ94) -> 1804.3108 | BP94: =SUMIF($C$2:$BJ$2,BP$2,$C94:$BJ94) -> 1858.4401 | BQ94: =SUMIF($C$2:$BJ$2,BQ$2,$C94:$BJ94) -> 1276.1289
A95: =A126 -> Охранник | B95: тыс.руб./мес. | C95: =Допущения!$C$70*C69 -> 0 | D95: =Допущения!$C$70*D69 -> 0 | E95: =Допущения!$C$70*E69 -> 0 | F95: =Допущения!$C$70*F69 -> 203.82 | G95: =Допущения!$C$70*G69 -> 209.9346 | H95: =Допущения!$C$70*H69 -> 209.9346 | I95: =Допущения!$C$70*I69 -> 209.9346 | J95: =Допущения!$C$70*J69 -> 209.9346 | ... BJ95: =Допущения!$C$70*BJ69 -> 236.28324 | BL95: =SUMIF($C$2:$BJ$2,BL$2,$C95:$BJ95) -> 203.82 | BM95: =SUMIF($C$2:$BJ$2,BM$2,$C95:$BJ95) -> 2519.2152 | BN95: =SUMIF($C$2:$BJ$2,BN$2,$C95:$BJ95) -> 2594.7917 | BO95: =SUMIF($C$2:$BJ$2,BO$2,$C95:$BJ95) -> 2672.6354 | BP95: =SUMIF($C$2:$BJ$2,BP$2,$C95:$BJ95) -> 2752.8145 | BQ95: =SUMIF($C$2:$BJ$2,BQ$2,$C95:$BJ95) -> 1890.2659
A96: =A127 -> Уборщик | B96: тыс.руб./мес. | C96: =Допущения!$C$70*C70 -> 0 | D96: =Допущения!$C$70*D70 -> 0 | E96: =Допущения!$C$70*E70 -> 0 | F96: =Допущения!$C$70*F70 -> 90.3 | G96: =Допущения!$C$70*G70 -> 93.009 | H96: =Допущения!$C$70*H70 -> 93.009 | I96: =Допущения!$C$70*I70 -> 93.009 | J96: =Допущения!$C$70*J70 -> 93.009 | ... BJ96: =Допущения!$C$70*BJ70 -> 104.68245 | BL96: =SUMIF($C$2:$BJ$2,BL$2,$C96:$BJ96) -> 90.3 | BM96: =SUMIF($C$2:$BJ$2,BM$2,$C96:$BJ96) -> 1116.108 | BN96: =SUMIF($C$2:$BJ$2,BN$2,$C96:$BJ96) -> 1149.5912 | BO96: =SUMIF($C$2:$BJ$2,BO$2,$C96:$BJ96) -> 1184.079 | BP96: =SUMIF($C$2:$BJ$2,BP$2,$C96:$BJ96) -> 1219.6013 | BQ96: =SUMIF($C$2:$BJ$2,BQ$2,$C96:$BJ96) -> 837.45959
A97: =A128 -> Коммерческий персонал | B97: тыс. руб./мес. | C97: =SUM(C98:C100) -> 0 | D97: =SUM(D98:D100) -> 0 | E97: =SUM(E98:E100) -> 0 | F97: =SUM(F98:F100) -> 245.96 | G97: =SUM(G98:G100) -> 253.3388 | H97: =SUM(H98:H100) -> 253.3388 | I97: =SUM(I98:I100) -> 253.3388 | J97: =SUM(J98:J100) -> 253.3388 | ... BJ97: =SUM(BJ98:BJ100) -> 285.13505 | BL97: =SUMIF($C$2:$BJ$2,BL$2,$C97:$BJ97) -> 245.96 | BM97: =SUMIF($C$2:$BJ$2,BM$2,$C97:$BJ97) -> 3040.0656 | BN97: =SUMIF($C$2:$BJ$2,BN$2,$C97:$BJ97) -> 3131.2676 | BO97: =SUMIF($C$2:$BJ$2,BO$2,$C97:$BJ97) -> 3225.2056 | BP97: =SUMIF($C$2:$BJ$2,BP$2,$C97:$BJ97) -> 3321.9618 | BQ97: =SUMIF($C$2:$BJ$2,BQ$2,$C97:$BJ97) -> 2281.0804
A98: =A129 -> Менеджер по продажам | B98: тыс.руб./мес. | C98: =Допущения!$C$70*C72 -> 0 | D98: =Допущения!$C$70*D72 -> 0 | E98: =Допущения!$C$70*E72 -> 0 | F98: =Допущения!$C$70*F72 -> 125.56 | G98: =Допущения!$C$70*G72 -> 129.3268 | H98: =Допущения!$C$70*H72 -> 129.3268 | I98: =Допущения!$C$70*I72 -> 129.3268 | J98: =Допущения!$C$70*J72 -> 129.3268 | ... BJ98: =Допущения!$C$70*BJ72 -> 145.55845 | BL98: =SUMIF($C$2:$BJ$2,BL$2,$C98:$BJ98) -> 125.56 | BM98: =SUMIF($C$2:$BJ$2,BM$2,$C98:$BJ98) -> 1551.9216 | BN98: =SUMIF($C$2:$BJ$2,BN$2,$C98:$BJ98) -> 1598.4792 | BO98: =SUMIF($C$2:$BJ$2,BO$2,$C98:$BJ98) -> 1646.4336 | BP98: =SUMIF($C$2:$BJ$2,BP$2,$C98:$BJ98) -> 1695.8266 | BQ98: =SUMIF($C$2:$BJ$2,BQ$2,$C98:$BJ98) -> 1164.4676
A99: =A130 -> Менеджер по закупкам | B99: тыс.руб./мес. | C99: =Допущения!$C$70*C73 -> 0 | D99: =Допущения!$C$70*D73 -> 0 | E99: =Допущения!$C$70*E73 -> 0 | F99: =Допущения!$C$70*F73 -> 120.4 | G99: =Допущения!$C$70*G73 -> 124.012 | H99: =Допущения!$C$70*H73 -> 124.012 | I99: =Допущения!$C$70*I73 -> 124.012 | J99: =Допущения!$C$70*J73 -> 124.012 | ... BJ99: =Допущения!$C$70*BJ73 -> 139.5766 | BL99: =SUMIF($C$2:$BJ$2,BL$2,$C99:$BJ99) -> 120.4 | BM99: =SUMIF($C$2:$BJ$2,BM$2,$C99:$BJ99) -> 1488.144 | BN99: =SUMIF($C$2:$BJ$2,BN$2,$C99:$BJ99) -> 1532.7883 | BO99: =SUMIF($C$2:$BJ$2,BO$2,$C99:$BJ99) -> 1578.772 | BP99: =SUMIF($C$2:$BJ$2,BP$2,$C99:$BJ99) -> 1626.1351 | BQ99: =SUMIF($C$2:$BJ$2,BQ$2,$C99:$BJ99) -> 1116.6128
B100: тыс.руб./мес. | C100: =Допущения!$C$70*C74 -> 0 | D100: =Допущения!$C$70*D74 -> 0 | E100: =Допущения!$C$70*E74 -> 0 | F100: =Допущения!$C$70*F74 -> 0 | G100: =Допущения!$C$70*G74 -> 0 | H100: =Допущения!$C$70*H74 -> 0 | I100: =Допущения!$C$70*I74 -> 0 | J100: =Допущения!$C$70*J74 -> 0 | ... BJ100: =Допущения!$C$70*BJ74 -> 0 | BL100: =SUMIF($C$2:$BJ$2,BL$2,$C100:$BJ100) -> 0 | BM100: =SUMIF($C$2:$BJ$2,BM$2,$C100:$BJ100) -> 0 | BN100: =SUMIF($C$2:$BJ$2,BN$2,$C100:$BJ100) -> 0 | BO100: =SUMIF($C$2:$BJ$2,BO$2,$C100:$BJ100) -> 0 | BP100: =SUMIF($C$2:$BJ$2,BP$2,$C100:$BJ100) -> 0 | BQ100: =SUMIF($C$2:$BJ$2,BQ$2,$C100:$BJ100) -> 0
A101: =A132 -> Административный персонал | B101: тыс. руб./мес. | C101: =SUM(C102:C108) -> 494.93 | D101: =SUM(D102:D108) -> 494.93 | E101: =SUM(E102:E108) -> 494.93 | F101: =SUM(F102:F108) -> 494.93 | G101: =SUM(G102:G108) -> 509.7779 | H101: =SUM(H102:H108) -> 509.7779 | I101: =SUM(I102:I108) -> 509.7779 | J101: =SUM(J102:J108) -> 509.7779 | ... BJ101: =SUM(BJ102:BJ108) -> 573.75952 | BL101: =SUMIF($C$2:$BJ$2,BL$2,$C101:$BJ101) -> 1979.72 | BM101: =SUMIF($C$2:$BJ$2,BM$2,$C101:$BJ101) -> 6117.3348 | BN101: =SUMIF($C$2:$BJ$2,BN$2,$C101:$BJ101) -> 6300.8548 | BO101: =SUMIF($C$2:$BJ$2,BO$2,$C101:$BJ101) -> 6489.8805 | BP101: =SUMIF($C$2:$BJ$2,BP$2,$C101:$BJ101) -> 6684.5769 | BQ101: =SUMIF($C$2:$BJ$2,BQ$2,$C101:$BJ101) -> 4590.0761
A102: =A133 -> Директор | B102: тыс.руб./мес. | C102: =Допущения!$C$70*C76 -> 66.22 | D102: =Допущения!$C$70*D76 -> 66.22 | E102: =Допущения!$C$70*E76 -> 66.22 | F102: =Допущения!$C$70*F76 -> 66.22 | G102: =Допущения!$C$70*G76 -> 68.2066 | H102: =Допущения!$C$70*H76 -> 68.2066 | I102: =Допущения!$C$70*I76 -> 68.2066 | J102: =Допущения!$C$70*J76 -> 68.2066 | ... BJ102: =Допущения!$C$70*BJ76 -> 76.767129 | BL102: =SUMIF($C$2:$BJ$2,BL$2,$C102:$BJ102) -> 264.88 | BM102: =SUMIF($C$2:$BJ$2,BM$2,$C102:$BJ102) -> 818.4792 | BN102: =SUMIF($C$2:$BJ$2,BN$2,$C102:$BJ102) -> 843.03358 | BO102: =SUMIF($C$2:$BJ$2,BO$2,$C102:$BJ102) -> 868.32458 | BP102: =SUMIF($C$2:$BJ$2,BP$2,$C102:$BJ102) -> 894.37432 | BQ102: =SUMIF($C$2:$BJ$2,BQ$2,$C102:$BJ102) -> 614.13703
A103: =A134 -> Директор производства | B103: тыс.руб./мес. | C103: =Допущения!$C$70*C77 -> 47.3 | D103: =Допущения!$C$70*D77 -> 47.3 | E103: =Допущения!$C$70*E77 -> 47.3 | F103: =Допущения!$C$70*F77 -> 47.3 | G103: =Допущения!$C$70*G77 -> 48.719 | H103: =Допущения!$C$70*H77 -> 48.719 | I103: =Допущения!$C$70*I77 -> 48.719 | J103: =Допущения!$C$70*J77 -> 48.719 | ... BJ103: =Допущения!$C$70*BJ77 -> 54.833664 | BL103: =SUMIF($C$2:$BJ$2,BL$2,$C103:$BJ103) -> 189.2 | BM103: =SUMIF($C$2:$BJ$2,BM$2,$C103:$BJ103) -> 584.628 | BN103: =SUMIF($C$2:$BJ$2,BN$2,$C103:$BJ103) -> 602.16684 | BO103: =SUMIF($C$2:$BJ$2,BO$2,$C103:$BJ103) -> 620.23185 | BP103: =SUMIF($C$2:$BJ$2,BP$2,$C103:$BJ103) -> 638.8388 | BQ103: =SUMIF($C$2:$BJ$2,BQ$2,$C103:$BJ103) -> 438.66931
A104: =A135 -> Главный бухгалтер | B104: тыс.руб./мес. | C104: =Допущения!$C$70*C78 -> 43 | D104: =Допущения!$C$70*D78 -> 43 | E104: =Допущения!$C$70*E78 -> 43 | F104: =Допущения!$C$70*F78 -> 43 | G104: =Допущения!$C$70*G78 -> 44.29 | H104: =Допущения!$C$70*H78 -> 44.29 | I104: =Допущения!$C$70*I78 -> 44.29 | J104: =Допущения!$C$70*J78 -> 44.29 | ... BJ104: =Допущения!$C$70*BJ78 -> 49.848785 | BL104: =SUMIF($C$2:$BJ$2,BL$2,$C104:$BJ104) -> 172 | BM104: =SUMIF($C$2:$BJ$2,BM$2,$C104:$BJ104) -> 531.48 | BN104: =SUMIF($C$2:$BJ$2,BN$2,$C104:$BJ104) -> 547.4244 | BO104: =SUMIF($C$2:$BJ$2,BO$2,$C104:$BJ104) -> 563.84713 | BP104: =SUMIF($C$2:$BJ$2,BP$2,$C104:$BJ104) -> 580.76255 | BQ104: =SUMIF($C$2:$BJ$2,BQ$2,$C104:$BJ104) -> 398.79028
A105: =A136 -> Главный технолог | B105: тыс.руб./мес. | C105: =Допущения!$C$70*C79 -> 79.12 | D105: =Допущения!$C$70*D79 -> 79.12 | E105: =Допущения!$C$70*E79 -> 79.12 | F105: =Допущения!$C$70*F79 -> 79.12 | G105: =Допущения!$C$70*G79 -> 81.4936 | H105: =Допущения!$C$70*H79 -> 81.4936 | I105: =Допущения!$C$70*I79 -> 81.4936 | J105: =Допущения!$C$70*J79 -> 81.4936 | ... BJ105: =Допущения!$C$70*BJ79 -> 91.721765 | BL105: =SUMIF($C$2:$BJ$2,BL$2,$C105:$BJ105) -> 316.48 | BM105: =SUMIF($C$2:$BJ$2,BM$2,$C105:$BJ105) -> 977.9232 | BN105: =SUMIF($C$2:$BJ$2,BN$2,$C105:$BJ105) -> 1007.2609 | BO105: =SUMIF($C$2:$BJ$2,BO$2,$C105:$BJ105) -> 1037.4787 | BP105: =SUMIF($C$2:$BJ$2,BP$2,$C105:$BJ105) -> 1068.6031 | BQ105: =SUMIF($C$2:$BJ$2,BQ$2,$C105:$BJ105) -> 733.77412
...

Sheet Затраты
A1: Квартал (порядковый № в году) | C1: =IF(OR(MONTH(C3)=1,MONTH(C3)=2,MONTH(C3)=3),1,IF(OR(MONTH(C3)=4,MONTH(C3)=5,MONTH(C3)=6),2,IF(OR(MONTH(C3)=7,MONTH(C3)=8,MONTH(C3)=9),3,4))) -> 3 | D1: =IF(OR(MONTH(D3)=1,MONTH(D3)=2,MONTH(D3)=3),1,IF(OR(MONTH(D3)=4,MONTH(D3)=5,MONTH(D3)=6),2,IF(OR(MONTH(D3)=7,MONTH(D3)=8,MONTH(D3)=9),3,4))) -> 4 | E1: =IF(OR(MONTH(E3)=1,MONTH(E3)=2,MONTH(E3)=3),1,IF(OR(MONTH(E3)=4,MONTH(E3)=5,MONTH(E3)=6),2,IF(OR(MONTH(E3)=7,MONTH(E3)=8,MONTH(E3)=9),3,4))) -> 4 | F1: =IF(OR(MONTH(F3)=1,MONTH(F3)=2,MONTH(F3)=3),1,IF(OR(MONTH(F3)=4,MONTH(F3)=5,MONTH(F3)=6),2,IF(OR(MONTH(F3)=7,MONTH(F3)=8,MONTH(F3)=9),3,4))) -> 4 | G1: =IF(OR(MONTH(G3)=1,MONTH(G3)=2,MONTH(G3)=3),1,IF(OR(MONTH(G3)=4,MONTH(G3)=5,MONTH(G3)=6),2,IF(OR(MONTH(G3)=7,MONTH(G3)=8,MONTH(G3)=9),3,4))) -> 1 | H1: =IF(OR(MONTH(H3)=1,MONTH(H3)=2,MONTH(H3)=3),1,IF(OR(MONTH(H3)=4,MONTH(H3)=5,MONTH(H3)=6),2,IF(OR(MONTH(H3)=7,MONTH(H3)=8,MONTH(H3)=9),3,4))) -> 1 | I1: =IF(OR(MONTH(I3)=1,MONTH(I3)=2,MONTH(I3)=3),1,IF(OR(MONTH(I3)=4,MONTH(I3)=5,MONTH(I3)=6),2,IF(OR(MONTH(I3)=7,MONTH(I3)=8,MONTH(I3)=9),3,4))) -> 1 | J1: =IF(OR(MONTH(J3)=1,MONTH(J3)=2,MONTH(J3)=3),1,IF(OR(MONTH(J3)=4,MONTH(J3)=5,MONTH(J3)=6),2,IF(OR(MONTH(J3)=7,MONTH(J3)=8,MONTH(J3)=9),3,4))) -> 2 | ... BJ1: =IF(OR(MONTH(BJ3)=1,MONTH(BJ3)=2,MONTH(BJ3)=3),1,IF(OR(MONTH(BJ3)=4,MONTH(BJ3)=5,MONTH(BJ3)=6),2,IF(OR(MONTH(BJ3)=7,MONTH(BJ3)=8,MONTH(BJ3)=9),3,4))) -> 3
A2: Год | C2: =YEAR(C3) -> 2025 | D2: =YEAR(D3) -> 2025 | E2: =YEAR(E3) -> 2025 | F2: =YEAR(F3) -> 2025 | G2: =YEAR(G3) -> 2026 | H2: =YEAR(H3) -> 2026 | I2: =YEAR(I3) -> 2026 | J2: =YEAR(J3) -> 2026 | ... BJ2: =YEAR(BJ3) -> 2030 | BL2: =YEAR(Допущения!C4) -> 2025 | BM2: =BL2+1 -> 2026 | BN2: =BM2+1 -> 2027 | BO2: =BN2+1 -> 2028 | BP2: =BO2+1 -> 2029 | BQ2: =BP2+1 -> 2030
A3: Месяц | C3: =Допущения!C4 -> 45901 | D3: =DATE(YEAR(C3),MONTH(C3)+1,1) -> 45931 | E3: =DATE(YEAR(D3),MONTH(D3)+1,1) -> 45962 | F3: =DATE(YEAR(E3),MONTH(E3)+1,1) -> 45992 | G3: =DATE(YEAR(F3),MONTH(F3)+1,1) -> 46023 | H3: =DATE(YEAR(G3),MONTH(G3)+1,1) -> 46054 | I3: =DATE(YEAR(H3),MONTH(H3)+1,1) -> 46082 | J3: =DATE(YEAR(I3),MONTH(I3)+1,1) -> 46113 | K3: =DATE(YEAR(J3),MONTH(J3)+1,1) -> 46143 | ... BK3: =DATE(YEAR(BJ3),MONTH(BJ3)+1,1) -> 47727
A4: К-во дней в месяце | C4: =D3-C3 -> 30 | D4: =E3-D3 -> 31 | E4: =F3-E3 -> 30 | F4: =G3-F3 -> 31 | G4: =H3-G3 -> 31 | H4: =I3-H3 -> 28 | I4: =J3-I3 -> 31 | J4: =K3-J3 -> 30 | ... BJ4: =BK3-BJ3 -> 31
A5: Порядковый № периода | C5: 1 | D5: =C5+1 -> 2 | E5: =D5+1 -> 3 | F5: =E5+1 -> 4 | G5: =F5+1 -> 5 | H5: =G5+1 -> 6 | I5: =H5+1 -> 7 | J5: =I5+1 -> 8 | K5: =J5+1 -> 9 | ... BJ5: =BI5+1 -> 60
A7: Производственная себестоимость, тыс. руб. без НДС | B7: Группа
A8: Оплата труда | B8: Оплата труда | C8: =Персонал!C$60 -> 0 | D8: =Персонал!D$60 -> 0 | E8: =Персонал!E$60 -> 0 | F8: =Персонал!F$60 -> 5359 | G8: =Персонал!G$60 -> 5519.77 | H8: =Персонал!H$60 -> 5519.77 | I8: =Персонал!I$60 -> 5519.77 | J8: =Персонал!J$60 -> 5519.77 | ... BJ8: =Персонал!BJ$60 -> 6212.5498 | BL8: =SUMIF($C$2:$BJ$2,BL$2,$C8:$BJ8) -> 5359 | BM8: =SUMIF($C$2:$BJ$2,BM$2,$C8:$BJ8) -> 66237.24 | BN8: =SUMIF($C$2:$BJ$2,BN$2,$C8:$BJ8) -> 68224.357 | BO8: =SUMIF($C$2:$BJ$2,BO$2,$C8:$BJ8) -> 70271.088 | BP8: =SUMIF($C$2:$BJ$2,BP$2,$C8:$BJ8) -> 72379.221 | BQ8: =SUMIF($C$2:$BJ$2,BQ$2,$C8:$BJ8) -> 49700.398
A9: Налоговые отчисления на ФОТ | B9: Налоговые отчисления на оплату труда | C9: =Персонал!C$86 -> 0 | D9: =Персонал!D$86 -> 0 | E9: =Персонал!E$86 -> 0 | F9: =Персонал!F$86 -> 2304.37 | G9: =Персонал!G$86 -> 2373.5011 | H9: =Персонал!H$86 -> 2373.5011 | I9: =Персонал!I$86 -> 2373.5011 | J9: =Персонал!J$86 -> 2373.5011 | ... BJ9: =Персонал!BJ$86 -> 2671.3964 | BL9: =SUMIF($C$2:$BJ$2,BL$2,$C9:$BJ9) -> 2304.37 | BM9: =SUMIF($C$2:$BJ$2,BM$2,$C9:$BJ9) -> 28482.013 | BN9: =SUMIF($C$2:$BJ$2,BN$2,$C9:$BJ9) -> 29336.474 | BO9: =SUMIF($C$2:$BJ$2,BO$2,$C9:$BJ9) -> 30216.568 | BP9: =SUMIF($C$2:$BJ$2,BP$2,$C9:$BJ9) -> 31123.065 | BQ9: =SUMIF($C$2:$BJ$2,BQ$2,$C9:$BJ9) -> 21371.171
A10: =Допущения!A32 -> Свиные полутуши | B10: Сырье | C10: ='Объемы реализации'!D8*Цены!L25/1000 -> 0 | D10: ='Объемы реализации'!E8*Цены!M25/1000 -> 0 | E10: ='Объемы реализации'!F8*Цены!N25/1000 -> 6400 | F10: ='Объемы реализации'!G8*Цены!O25/1000 -> 12800 | G10: ='Объемы реализации'!H8*Цены!P25/1000 -> 20160 | H10: ='Объемы реализации'!I8*Цены!Q25/1000 -> 26880 | I10: ='Объемы реализации'!J8*Цены!R25/1000 -> 33600 | J10: ='Объемы реализации'!K8*Цены!S25/1000 -> 33600 | ... BJ10: ='Объемы реализации'!BK8*Цены!BS25/1000 -> 0 | BL10: =SUMIF($C$2:$BJ$2,BL$2,$C10:$BJ10) -> 19200 | BM10: =SUMIF($C$2:$BJ$2,BM$2,$C10:$BJ10) -> 383040 | BN10: =SUMIF($C$2:$BJ$2,BN$2,$C10:$BJ10) -> 423360 | BO10: =SUMIF($C$2:$BJ$2,BO$2,$C10:$BJ10) -> 444528 | BP10: =SUMIF($C$2:$BJ$2,BP$2,$C10:$BJ10) -> 466754.4 | BQ10: =SUMIF($C$2:$BJ$2,BQ$2,$C10:$BJ10) -> 285887.07
A11: =Допущения!A33 -> Говядина четверти | B11: Сырье | C11: ='Объемы реализации'!D9*Цены!L26/1000 -> 0 | D11: ='Объемы реализации'!E9*Цены!M26/1000 -> 0 | E11: ='Объемы реализации'!F9*Цены!N26/1000 -> 3200 | F11: ='Объемы реализации'!G9*Цены!O26/1000 -> 6400 | G11: ='Объемы реализации'!H9*Цены!P26/1000 -> 10080 | H11: ='Объемы реализации'!I9*Цены!Q26/1000 -> 13440 | I11: ='Объемы реализации'!J9*Цены!R26/1000 -> 16800 | J11: ='Объемы реализации'!K9*Цены!S26/1000 -> 16800 | ... BJ11: ='Объемы реализации'!BK9*Цены!BS26/1000 -> 0 | BL11: =SUMIF($C$2:$BJ$2,BL$2,$C11:$BJ11) -> 9600 | BM11: =SUMIF($C$2:$BJ$2,BM$2,$C11:$BJ11) -> 191520 | BN11: =SUMIF($C$2:$BJ$2,BN$2,$C11:$BJ11) -> 211680 | BO11: =SUMIF($C$2:$BJ$2,BO$2,$C11:$BJ11) -> 222264 | BP11: =SUMIF($C$2:$BJ$2,BP$2,$C11:$BJ11) -> 233377.2 | BQ11: =SUMIF($C$2:$BJ$2,BQ$2,$C11:$BJ11) -> 142943.54
A12: =Допущения!A34 -> Тушки куриные | B12: Сырье | C12: ='Объемы реализации'!D10*Цены!L27/1000 -> 0 | D12: ='Объемы реализации'!E10*Цены!M27/1000 -> 0 | E12: ='Объемы реализации'!F10*Цены!N27/1000 -> 2200 | F12: ='Объемы реализации'!G10*Цены!O27/1000 -> 4400 | G12: ='Объемы реализации'!H10*Цены!P27/1000 -> 6930 | H12: ='Объемы реализации'!I10*Цены!Q27/1000 -> 9240 | I12: ='Объемы реализации'!J10*Цены!R27/1000 -> 11550 | J12: ='Объемы реализации'!K10*Цены!S27/1000 -> 11550 | ... BJ12: ='Объемы реализации'!BK10*Цены!BS27/1000 -> 0 | BL12: =SUMIF($C$2:$BJ$2,BL$2,$C12:$BJ12) -> 6600 | BM12: =SUMIF($C$2:$BJ$2,BM$2,$C12:$BJ12) -> 131670 | BN12: =SUMIF($C$2:$BJ$2,BN$2,$C12:$BJ12) -> 145530 | BO12: =SUMIF($C$2:$BJ$2,BO$2,$C12:$BJ12) -> 152806.5 | BP12: =SUMIF($C$2:$BJ$2,BP$2,$C12:$BJ12) -> 160446.83 | BQ12: =SUMIF($C$2:$BJ$2,BQ$2,$C12:$BJ12) -> 98273.68
A13: =Допущения!A35 -> Тушки индейки | B13: Сырье | C13: ='Объемы реализации'!D11*Цены!L28/1000 -> 0 | D13: ='Объемы реализации'!E11*Цены!M28/1000 -> 0 | E13: ='Объемы реализации'!F11*Цены!N28/1000 -> 2400 | F13: ='Объемы реализации'!G11*Цены!O28/1000 -> 4800 | G13: ='Объемы реализации'!H11*Цены!P28/1000 -> 7560 | H13: ='Объемы реализации'!I11*Цены!Q28/1000 -> 10080 | I13: ='Объемы реализации'!J11*Цены!R28/1000 -> 12600 | J13: ='Объемы реализации'!K11*Цены!S28/1000 -> 12600 | ... BJ13: ='Объемы реализации'!BK11*Цены!BS28/1000 -> 0 | BL13: =SUMIF($C$2:$BJ$2,BL$2,$C13:$BJ13) -> 7200 | BM13: =SUMIF($C$2:$BJ$2,BM$2,$C13:$BJ13) -> 143640 | BN13: =SUMIF($C$2:$BJ$2,BN$2,$C13:$BJ13) -> 158760 | BO13: =SUMIF($C$2:$BJ$2,BO$2,$C13:$BJ13) -> 166698 | BP13: =SUMIF($C$2:$BJ$2,BP$2,$C13:$BJ13) -> 175032.9 | BQ13: =SUMIF($C$2:$BJ$2,BQ$2,$C13:$BJ13) -> 107207.65
A14: =Допущения!A36 -> Котлеты замороженные | B14: Сырье | C14: ='Объемы реализации'!D12*Цены!L29/1000 -> 0 | D14: ='Объемы реализации'!E12*Цены!M29/1000 -> 0 | E14: ='Объемы реализации'!F12*Цены!N29/1000 -> 3325 | F14: ='Объемы реализации'!G12*Цены!O29/1000 -> 6650 | G14: ='Объемы реализации'!H12*Цены!P29/1000 -> 10473.75 | H14: ='Объемы реализации'!I12*Цены!Q29/1000 -> 13965 | I14: ='Объемы реализации'!J12*Цены!R29/1000 -> 17456.25 | J14: ='Объемы реализации'!K12*Цены!S29/1000 -> 17456.25 | ... BJ14: ='Объемы реализации'!BK12*Цены!BS29/1000 -> 0 | BL14: =SUMIF($C$2:$BJ$2,BL$2,$C14:$BJ14) -> 9975 | BM14: =SUMIF($C$2:$BJ$2,BM$2,$C14:$BJ14) -> 199001.25 | BN14: =SUMIF($C$2:$BJ$2,BN$2,$C14:$BJ14) -> 219948.75 | BO14: =SUMIF($C$2:$BJ$2,BO$2,$C14:$BJ14) -> 230946.19 | BP14: =SUMIF($C$2:$BJ$2,BP$2,$C14:$BJ14) -> 242493.5 | BQ14: =SUMIF($C$2:$BJ$2,BQ$2,$C14:$BJ14) -> 148527.27
A15: =Допущения!A37 -> Шашлык маринованный | B15: Сырье | C15: ='Объемы реализации'!D13*Цены!L30/1000 -> 0 | D15: ='Объемы реализации'!E13*Цены!M30/1000 -> 0 | E15: ='Объемы реализации'!F13*Цены!N30/1000 -> 4750 | F15: ='Объемы реализации'!G13*Цены!O30/1000 -> 9500 | G15: ='Объемы реализации'!H13*Цены!P30/1000 -> 14962.5 | H15: ='Объемы реализации'!I13*Цены!Q30/1000 -> 19950 | I15: ='Объемы реализации'!J13*Цены!R30/1000 -> 24937.5 | J15: ='Объемы реализации'!K13*Цены!S30/1000 -> 24937.5 | ... BJ15: ='Объемы реализации'!BK13*Цены!BS30/1000 -> 0 | BL15: =SUMIF($C$2:$BJ$2,BL$2,$C15:$BJ15) -> 14250 | BM15: =SUMIF($C$2:$BJ$2,BM$2,$C15:$BJ15) -> 284287.5 | BN15: =SUMIF($C$2:$BJ$2,BN$2,$C15:$BJ15) -> 314212.5 | BO15: =SUMIF($C$2:$BJ$2,BO$2,$C15:$BJ15) -> 329923.13 | BP15: =SUMIF($C$2:$BJ$2,BP$2,$C15:$BJ15) -> 346419.28 | BQ15: =SUMIF($C$2:$BJ$2,BQ$2,$C15:$BJ15) -> 212181.81
A16: =Допущения!A38 -> Фрикадельки | B16: Сырье | C16: ='Объемы реализации'!D14*Цены!L31/1000 -> 0 | D16: ='Объемы реализации'!E14*Цены!M31/1000 -> 0 | E16: ='Объемы реализации'!F14*Цены!N31/1000 -> 2975 | F16: ='Объемы реализации'!G14*Цены!O31/1000 -> 5950 | G16: ='Объемы реализации'!H14*Цены!P31/1000 -> 9371.25 | H16: ='Объемы реализации'!I14*Цены!Q31/1000 -> 12495 | I16: ='Объемы реализации'!J14*Цены!R31/1000 -> 15618.75 | J16: ='Объемы реализации'!K14*Цены!S31/1000 -> 15618.75 | ... BJ16: ='Объемы реализации'!BK14*Цены!BS31/1000 -> 0 | BL16: =SUMIF($C$2:$BJ$2,BL$2,$C16:$BJ16) -> 8925 | BM16: =SUMIF($C$2:$BJ$2,BM$2,$C16:$BJ16) -> 178053.75 | BN16: =SUMIF($C$2:$BJ$2,BN$2,$C16:$BJ16) -> 196796.25 | BO16: =SUMIF($C$2:$BJ$2,BO$2,$C16:$BJ16) -> 206636.06 | BP16: =SUMIF($C$2:$BJ$2,BP$2,$C16:$BJ16) -> 216967.87 | BQ16: =SUMIF($C$2:$BJ$2,BQ$2,$C16:$BJ16) -> 132892.82
A17: =Допущения!A39 -> Пельмени | B17: Сырье | C17: ='Объемы реализации'!D15*Цены!L32/1000 -> 0 | D17: ='Объемы реализации'!E15*Цены!M32/1000 -> 0 | E17: ='Объемы реализации'!F15*Цены!N32/1000 -> 2833.3333 | F17: ='Объемы реализации'!G15*Цены!O32/1000 -> 5666.6667 | G17: ='Объемы реализации'!H15*Цены!P32/1000 -> 8925 | H17: ='Объемы реализации'!I15*Цены!Q32/1000 -> 11900 | I17: ='Объемы реализации'!J15*Цены!R32/1000 -> 14875 | J17: ='Объемы реализации'!K15*Цены!S32/1000 -> 14875 | ... BJ17: ='Объемы реализации'!BK15*Цены!BS32/1000 -> 0 | BL17: =SUMIF($C$2:$BJ$2,BL$2,$C17:$BJ17) -> 8500 | BM17: =SUMIF($C$2:$BJ$2,BM$2,$C17:$BJ17) -> 169575 | BN17: =SUMIF($C$2:$BJ$2,BN$2,$C17:$BJ17) -> 187425 | BO17: =SUMIF($C$2:$BJ$2,BO$2,$C17:$BJ17) -> 196796.25 | BP17: =SUMIF($C$2:$BJ$2,BP$2,$C17:$BJ17) -> 206636.06 | BQ17: =SUMIF($C$2:$BJ$2,BQ$2,$C17:$BJ17) -> 126564.59
A18: =Допущения!A40 -> - | B18: Сырье | C18: ='Объемы реализации'!D16*Цены!L33/1000 -> 0 | D18: ='Объемы реализации'!E16*Цены!M33/1000 -> 0 | E18: ='Объемы реализации'!F16*Цены!N33/1000 -> 0 | F18: ='Объемы реализации'!G16*Цены!O33/1000 -> 0 | G18: ='Объемы реализации'!H16*Цены!P33/1000 -> 0 | H18: ='Объемы реализации'!I16*Цены!Q33/1000 -> 0 | I18: ='Объемы реализации'!J16*Цены!R33/1000 -> 0 | J18: ='Объемы реализации'!K16*Цены!S33/1000 -> 0 | ... BJ18: ='Объемы реализации'!BK16*Цены!BS33/1000 -> 0 | BL18: =SUMIF($C$2:$BJ$2,BL$2,$C18:$BJ18) -> 0 | BM18: =SUMIF($C$2:$BJ$2,BM$2,$C18:$BJ18) -> 0 | BN18: =SUMIF($C$2:$BJ$2,BN$2,$C18:$BJ18) -> 0 | BO18: =SUMIF($C$2:$BJ$2,BO$2,$C18:$BJ18) -> 0 | BP18: =SUMIF($C$2:$BJ$2,BP$2,$C18:$BJ18) -> 0 | BQ18: =SUMIF($C$2:$BJ$2,BQ$2,$C18:$BJ18) -> 0
A19: =Допущения!A41 -> - | B19: Сырье | C19: ='Объемы реализации'!D17*Цены!L34/1000 -> 0 | D19: ='Объемы реализации'!E17*Цены!M34/1000 -> 0 | E19: ='Объемы реализации'!F17*Цены!N34/1000 -> 0 | F19: ='Объемы реализации'!G17*Цены!O34/1000 -> 0 | G19: ='Объемы реализации'!H17*Цены!P34/1000 -> 0 | H19: ='Объемы реализации'!I17*Цены!Q34/1000 -> 0 | I19: ='Объемы реализации'!J17*Цены!R34/1000 -> 0 | J19: ='Объемы реализации'!K17*Цены!S34/1000 -> 0 | ... BJ19: ='Объемы реализации'!BK17*Цены!BS34/1000 -> 0 | BL19: =SUMIF($C$2:$BJ$2,BL$2,$C19:$BJ19) -> 0 | BM19: =SUMIF($C$2:$BJ$2,BM$2,$C19:$BJ19) -> 0 | BN19: =SUMIF($C$2:$BJ$2,BN$2,$C19:$BJ19) -> 0 | BO19: =SUMIF($C$2:$BJ$2,BO$2,$C19:$BJ19) -> 0 | BP19: =SUMIF($C$2:$BJ$2,BP$2,$C19:$BJ19) -> 0 | BQ19: =SUMIF($C$2:$BJ$2,BQ$2,$C19:$BJ19) -> 0
A20: =Допущения!A45 -> Э/э | B20: Коммунальные расходы | C20: =IF(C$3<Допущения!$E$4,0,Цены!L36/1000) -> 0 | D20: =IF(D$3<Допущения!$E$4,0,Цены!M36/1000) -> 0 | E20: =IF(E$3<Допущения!$E$4,0,Цены!N36/1000) -> 0 | F20: =IF(F$3<Допущения!$E$4,0,Цены!O36/1000) -> 924 | G20: =IF(G$3<Допущения!$E$4,0,Цены!P36/1000) -> 970.2 | H20: =IF(H$3<Допущения!$E$4,0,Цены!Q36/1000) -> 970.2 | I20: =IF(I$3<Допущения!$E$4,0,Цены!R36/1000) -> 970.2 | J20: =IF(J$3<Допущения!$E$4,0,Цены!S36/1000) -> 970.2 | ... BJ20: =IF(BJ$3<Допущения!$E$4,0,Цены!BS36/1000) -> 1179.2842 | BL20: =SUMIF($C$2:$BJ$2,BL$2,$C20:$BJ20) -> 924 | BM20: =SUMIF($C$2:$BJ$2,BM$2,$C20:$BJ20) -> 11642.4 | BN20: =SUMIF($C$2:$BJ$2,BN$2,$C20:$BJ20) -> 12224.52 | BO20: =SUMIF($C$2:$BJ$2,BO$2,$C20:$BJ20) -> 12835.746 | BP20: =SUMIF($C$2:$BJ$2,BP$2,$C20:$BJ20) -> 13477.533 | BQ20: =SUMIF($C$2:$BJ$2,BQ$2,$C20:$BJ20) -> 9434.2733
A21: =Допущения!A46 -> Коммунальные платежи | B21: Коммунальные расходы | C21: =IF(C$3<Допущения!$E$4,0,Цены!L37/1000) -> 0 | D21: =IF(D$3<Допущения!$E$4,0,Цены!M37/1000) -> 0 | E21: =IF(E$3<Допущения!$E$4,0,Цены!N37/1000) -> 0 | F21: =IF(F$3<Допущения!$E$4,0,Цены!O37/1000) -> 50 | G21: =IF(G$3<Допущения!$E$4,0,Цены!P37/1000) -> 52.5 | H21: =IF(H$3<Допущения!$E$4,0,Цены!Q37/1000) -> 52.5 | I21: =IF(I$3<Допущения!$E$4,0,Цены!R37/1000) -> 52.5 | J21: =IF(J$3<Допущения!$E$4,0,Цены!S37/1000) -> 52.5 | ... BJ21: =IF(BJ$3<Допущения!$E$4,0,Цены!BS37/1000) -> 63.814078 | BL21: =SUMIF($C$2:$BJ$2,BL$2,$C21:$BJ21) -> 50 | BM21: =SUMIF($C$2:$BJ$2,BM$2,$C21:$BJ21) -> 630 | BN21: =SUMIF($C$2:$BJ$2,BN$2,$C21:$BJ21) -> 661.5 | BO21: =SUMIF($C$2:$BJ$2,BO$2,$C21:$BJ21) -> 694.575 | BP21: =SUMIF($C$2:$BJ$2,BP$2,$C21:$BJ21) -> 729.30375 | BQ21: =SUMIF($C$2:$BJ$2,BQ$2,$C21:$BJ21) -> 510.51263
A22: =Допущения!A47 -> ГСМ | B22: Материальные расходы | C22: =IF(C$3<Допущения!$E$4,0,Цены!L38/1000) -> 0 | D22: =IF(D$3<Допущения!$E$4,0,Цены!M38/1000) -> 0 | E22: =IF(E$3<Допущения!$E$4,0,Цены!N38/1000) -> 0 | F22: =IF(F$3<Допущения!$E$4,0,Цены!O38/1000) -> 41.666667 | G22: =IF(G$3<Допущения!$E$4,0,Цены!P38/1000) -> 43.75 | H22: =IF(H$3<Допущения!$E$4,0,Цены!Q38/1000) -> 43.75 | I22: =IF(I$3<Допущения!$E$4,0,Цены!R38/1000) -> 43.75 | J22: =IF(J$3<Допущения!$E$4,0,Цены!S38/1000) -> 43.75 | ... BJ22: =IF(BJ$3<Допущения!$E$4,0,Цены!BS38/1000) -> 53.178398 | BL22: =SUMIF($C$2:$BJ$2,BL$2,$C22:$BJ22) -> 41.666667 | BM22: =SUMIF($C$2:$BJ$2,BM$2,$C22:$BJ22) -> 525 | BN22: =SUMIF($C$2:$BJ$2,BN$2,$C22:$BJ22) -> 551.25 | BO22: =SUMIF($C$2:$BJ$2,BO$2,$C22:$BJ22) -> 578.8125 | BP22: =SUMIF($C$2:$BJ$2,BP$2,$C22:$BJ22) -> 607.75313 | BQ22: =SUMIF($C$2:$BJ$2,BQ$2,$C22:$BJ22) -> 425.42719
A23: =Допущения!A49 -> - | B23: Прочие | C23: =IF(C$3<Допущения!$E$4,0,Цены!L39/1000) -> 0 | D23: =IF(D$3<Допущения!$E$4,0,Цены!M39/1000) -> 0 | E23: =IF(E$3<Допущения!$E$4,0,Цены!N39/1000) -> 0 | F23: =IF(F$3<Допущения!$E$4,0,Цены!O39/1000) -> 0 | G23: =IF(G$3<Допущения!$E$4,0,Цены!P39/1000) -> 0 | H23: =IF(H$3<Допущения!$E$4,0,Цены!Q39/1000) -> 0 | I23: =IF(I$3<Допущения!$E$4,0,Цены!R39/1000) -> 0 | J23: =IF(J$3<Допущения!$E$4,0,Цены!S39/1000) -> 0 | ... BJ23: =IF(BJ$3<Допущения!$E$4,0,Цены!BS39/1000) -> 0 | BL23: =SUMIF($C$2:$BJ$2,BL$2,$C23:$BJ23) -> 0 | BM23: =SUMIF($C$2:$BJ$2,BM$2,$C23:$BJ23) -> 0 | BN23: =SUMIF($C$2:$BJ$2,BN$2,$C23:$BJ23) -> 0 | BO23: =SUMIF($C$2:$BJ$2,BO$2,$C23:$BJ23) -> 0 | BP23: =SUMIF($C$2:$BJ$2,BP$2,$C23:$BJ23) -> 0 | BQ23: =SUMIF($C$2:$BJ$2,BQ$2,$C23:$BJ23) -> 0
A24: =Допущения!A50 -> - | B24: Прочие | C24: =IF(C$3<Допущения!$E$4,0,Цены!L40/1000) -> 0 | D24: =IF(D$3<Допущения!$E$4,0,Цены!M40/1000) -> 0 | E24: =IF(E$3<Допущения!$E$4,0,Цены!N40/1000) -> 0 | F24: =IF(F$3<Допущения!$E$4,0,Цены!O40/1000) -> 0 | G24: =IF(G$3<Допущения!$E$4,0,Цены!P40/1000) -> 0 | H24: =IF(H$3<Допущения!$E$4,0,Цены!Q40/1000) -> 0 | I24: =IF(I$3<Допущения!$E$4,0,Цены!R40/1000) -> 0 | J24: =IF(J$3<Допущения!$E$4,0,Цены!S40/1000) -> 0 | ... BJ24: =IF(BJ$3<Допущения!$E$4,0,Цены!BS40/1000) -> 0 | BL24: =SUMIF($C$2:$BJ$2,BL$2,$C24:$BJ24) -> 0 | BM24: =SUMIF($C$2:$BJ$2,BM$2,$C24:$BJ24) -> 0 | BN24: =SUMIF($C$2:$BJ$2,BN$2,$C24:$BJ24) -> 0 | BO24: =SUMIF($C$2:$BJ$2,BO$2,$C24:$BJ24) -> 0 | BP24: =SUMIF($C$2:$BJ$2,BP$2,$C24:$BJ24) -> 0 | BQ24: =SUMIF($C$2:$BJ$2,BQ$2,$C24:$BJ24) -> 0
A25: =Допущения!A51 -> - | B25: Прочие | C25: =IF(C$3<Допущения!$E$4,0,Цены!L41/1000) -> 0 | D25: =IF(D$3<Допущения!$E$4,0,Цены!M41/1000) -> 0 | E25: =IF(E$3<Допущения!$E$4,0,Цены!N41/1000) -> 0 | F25: =IF(F$3<Допущения!$E$4,0,Цены!O41/1000) -> 0 | G25: =IF(G$3<Допущения!$E$4,0,Цены!P41/1000) -> 0 | H25: =IF(H$3<Допущения!$E$4,0,Цены!Q41/1000) -> 0 | I25: =IF(I$3<Допущения!$E$4,0,Цены!R41/1000) -> 0 | J25: =IF(J$3<Допущения!$E$4,0,Цены!S41/1000) -> 0 | ... BJ25: =IF(BJ$3<Допущения!$E$4,0,Цены!BS41/1000) -> 0 | BL25: =SUMIF($C$2:$BJ$2,BL$2,$C25:$BJ25) -> 0 | BM25: =SUMIF($C$2:$BJ$2,BM$2,$C25:$BJ25) -> 0 | BN25: =SUMIF($C$2:$BJ$2,BN$2,$C25:$BJ25) -> 0 | BO25: =SUMIF($C$2:$BJ$2,BO$2,$C25:$BJ25) -> 0 | BP25: =SUMIF($C$2:$BJ$2,BP$2,$C25:$BJ25) -> 0 | BQ25: =SUMIF($C$2:$BJ$2,BQ$2,$C25:$BJ25) -> 0
A26: Амортизация | B26: Амортизация | C26: =Амортизация!C$22 -> 0 | D26: =Амортизация!D$22 -> 0 | E26: =Амортизация!E$22 -> 0 | F26: =Амортизация!F$22 -> 771.04206 | G26: =Амортизация!G$22 -> 771.04206 | H26: =Амортизация!H$22 -> 771.04206 | I26: =Амортизация!I$22 -> 771.04206 | J26: =Амортизация!J$22 -> 771.04206 | ... BJ26: =Амортизация!BJ$22 -> 771.04206 | BL26: =SUMIF($C$2:$BJ$2,BL$2,$C26:$BJ26) -> 771.04206 | BM26: =SUMIF($C$2:$BJ$2,BM$2,$C26:$BJ26) -> 9252.5047 | BN26: =SUMIF($C$2:$BJ$2,BN$2,$C26:$BJ26) -> 9252.5047 | BO26: =SUMIF($C$2:$BJ$2,BO$2,$C26:$BJ26) -> 9252.5047 | BP26: =SUMIF($C$2:$BJ$2,BP$2,$C26:$BJ26) -> 9252.5047 | BQ26: =SUMIF($C$2:$BJ$2,BQ$2,$C26:$BJ26) -> 6168.3365
A27: Прочие затраты | B27: Прочие | C27: =SUM(C8:C26)*Допущения!$C$67 -> 0 | D27: =SUM(D8:D26)*Допущения!$C$67 -> 0 | E27: =SUM(E8:E26)*Допущения!$C$67 -> 842.5 | F27: =SUM(F8:F26)*Допущения!$C$67 -> 1968.5024 | G27: =SUM(G8:G26)*Допущения!$C$67 -> 2945.7979 | H27: =SUM(H8:H26)*Допущения!$C$67 -> 3830.4229 | I27: =SUM(I8:I26)*Допущения!$C$67 -> 4715.0479 | J27: =SUM(J8:J26)*Допущения!$C$67 -> 4715.0479 | ... BJ27: =SUM(BJ8:BJ26)*Допущения!$C$67 -> 328.53795 | BL27: =SUMIF($C$2:$BJ$2,BL$2,$C27:$BJ27) -> 2811.0024 | BM27: =SUMIF($C$2:$BJ$2,BM$2,$C27:$BJ27) -> 53926.7 | BN27: =SUMIF($C$2:$BJ$2,BN$2,$C27:$BJ27) -> 59338.893 | BO27: =SUMIF($C$2:$BJ$2,BO$2,$C27:$BJ27) -> 62233.423 | BP27: =SUMIF($C$2:$BJ$2,BP$2,$C27:$BJ27) -> 65270.922 | BQ27: =SUMIF($C$2:$BJ$2,BQ$2,$C27:$BJ27) -> 40262.656
A28: Итого | C28: =SUM(C8:C27)*'Анализ чувствительности'!$B$8/100 -> 0 | D28: =SUM(D8:D27)*'Анализ чувствительности'!$B$8/100 -> 0 | E28: =SUM(E8:E27)*'Анализ чувствительности'!$B$8/100 -> 28925.833 | F28: =SUM(F8:F27)*'Анализ чувствительности'!$B$8/100 -> 67585.248 | G28: =SUM(G8:G27)*'Анализ чувствительности'!$B$8/100 -> 101139.06 | H28: =SUM(H8:H27)*'Анализ чувствительности'!$B$8/100 -> 131511.19 | I28: =SUM(I8:I27)*'Анализ чувствительности'!$B$8/100 -> 161883.31 | J28: =SUM(J8:J27)*'Анализ чувствительности'!$B$8/100 -> 161883.31 | ... BJ28: =SUM(BJ8:BJ27)*'Анализ чувствительности'!$B$8/100 -> 11279.803 | BL28: =SUMIF($C$2:$BJ$2,BL$2,$C28:$BJ28) -> 96511.081 | BM28: =SUMIF($C$2:$BJ$2,BM$2,$C28:$BJ28) -> 1851483.4 | BN28: =SUMIF($C$2:$BJ$2,BN$2,$C28:$BJ28) -> 2037302 | BO28: =SUMIF($C$2:$BJ$2,BO$2,$C28:$BJ28) -> 2136680.8 | BP28: =SUMIF($C$2:$BJ$2,BP$2,$C28:$BJ28) -> 2240968.3 | BQ28: =SUMIF($C$2:$BJ$2,BQ$2,$C28:$BJ28) -> 1382351.2
A30: Коммерческие расходы, тыс. руб. без НДС
A31: Оплата труда | B31: Оплата труда | C31: =Персонал!C$71 -> 0 | D31: =Персонал!D$71 -> 0 | E31: =Персонал!E$71 -> 0 | F31: =Персонал!F$71 -> 572 | G31: =Персонал!G$71 -> 589.16 | H31: =Персонал!H$71 -> 589.16 | I31: =Персонал!I$71 -> 589.16 | J31: =Персонал!J$71 -> 589.16 | ... BJ31: =Персонал!BJ$71 -> 663.10477 | BL31: =SUMIF($C$2:$BJ$2,BL$2,$C31:$BJ31) -> 572 | BM31: =SUMIF($C$2:$BJ$2,BM$2,$C31:$BJ31) -> 7069.92 | BN31: =SUMIF($C$2:$BJ$2,BN$2,$C31:$BJ31) -> 7282.0176 | BO31: =SUMIF($C$2:$BJ$2,BO$2,$C31:$BJ31) -> 7500.4781 | BP31: =SUMIF($C$2:$BJ$2,BP$2,$C31:$BJ31) -> 7725.4925 | BQ31: =SUMIF($C$2:$BJ$2,BQ$2,$C31:$BJ31) -> 5304.8382
A32: Налоговые отчисления на ФОТ | B32: Налоговые отчисления на оплату труда | C32: =Персонал!C$97 -> 0 | D32: =Персонал!D$97 -> 0 | E32: =Персонал!E$97 -> 0 | F32: =Персонал!F$97 -> 245.96 | G32: =Персонал!G$97 -> 253.3388 | H32: =Персонал!H$97 -> 253.3388 | I32: =Персонал!I$97 -> 253.3388 | J32: =Персонал!J$97 -> 253.3388 | ... BJ32: =Персонал!BJ$97 -> 285.13505 | BL32: =SUMIF($C$2:$BJ$2,BL$2,$C32:$BJ32) -> 245.96 | BM32: =SUMIF($C$2:$BJ$2,BM$2,$C32:$BJ32) -> 3040.0656 | BN32: =SUMIF($C$2:$BJ$2,BN$2,$C32:$BJ32) -> 3131.2676 | BO32: =SUMIF($C$2:$BJ$2,BO$2,$C32:$BJ32) -> 3225.2056 | BP32: =SUMIF($C$2:$BJ$2,BP$2,$C32:$BJ32) -> 3321.9618 | BQ32: =SUMIF($C$2:$BJ$2,BQ$2,$C32:$BJ32) -> 2281.0804
A33: =Цены!A44 -> Онлайн-реклама | B33: Маркетинг и реклама | C33: =IF(C$3<Допущения!$E$4,0,Цены!L44/1000) -> 0 | D33: =IF(D$3<Допущения!$E$4,0,Цены!M44/1000) -> 0 | E33: =IF(E$3<Допущения!$E$4,0,Цены!N44/1000) -> 0 | F33: =IF(F$3<Допущения!$E$4,0,Цены!O44/1000) -> 125 | G33: =IF(G$3<Допущения!$E$4,0,Цены!P44/1000) -> 131.25 | H33: =IF(H$3<Допущения!$E$4,0,Цены!Q44/1000) -> 131.25 | I33: =IF(I$3<Допущения!$E$4,0,Цены!R44/1000) -> 131.25 | J33: =IF(J$3<Допущения!$E$4,0,Цены!S44/1000) -> 131.25 | ... BJ33: =IF(BJ$3<Допущения!$E$4,0,Цены!BS44/1000) -> 159.5352 | BL33: =SUMIF($C$2:$BJ$2,BL$2,$C33:$BJ33) -> 125 | BM33: =SUMIF($C$2:$BJ$2,BM$2,$C33:$BJ33) -> 1575 | BN33: =SUMIF($C$2:$BJ$2,BN$2,$C33:$BJ33) -> 1653.75 | BO33: =SUMIF($C$2:$BJ$2,BO$2,$C33:$BJ33) -> 1736.4375 | BP33: =SUMIF($C$2:$BJ$2,BP$2,$C33:$BJ33) -> 1823.2594 | BQ33: =SUMIF($C$2:$BJ$2,BQ$2,$C33:$BJ33) -> 1276.2816
A34: =Цены!A45 -> Оффлайн-реклама | B34: Маркетинг и реклама | C34: =IF(C$3<Допущения!$E$4,0,Цены!L45/1000) -> 0 | D34: =IF(D$3<Допущения!$E$4,0,Цены!M45/1000) -> 0 | E34: =IF(E$3<Допущения!$E$4,0,Цены!N45/1000) -> 0 | F34: =IF(F$3<Допущения!$E$4,0,Цены!O45/1000) -> 41.666667 | G34: =IF(G$3<Допущения!$E$4,0,Цены!P45/1000) -> 43.75 | H34: =IF(H$3<Допущения!$E$4,0,Цены!Q45/1000) -> 43.75 | I34: =IF(I$3<Допущения!$E$4,0,Цены!R45/1000) -> 43.75 | J34: =IF(J$3<Допущения!$E$4,0,Цены!S45/1000) -> 43.75 | ... BJ34: =IF(BJ$3<Допущения!$E$4,0,Цены!BS45/1000) -> 53.178398 | BL34: =SUMIF($C$2:$BJ$2,BL$2,$C34:$BJ34) -> 41.666667 | BM34: =SUMIF($C$2:$BJ$2,BM$2,$C34:$BJ34) -> 525 | BN34: =SUMIF($C$2:$BJ$2,BN$2,$C34:$BJ34) -> 551.25 | BO34: =SUMIF($C$2:$BJ$2,BO$2,$C34:$BJ34) -> 578.8125 | BP34: =SUMIF($C$2:$BJ$2,BP$2,$C34:$BJ34) -> 607.75313 | BQ34: =SUMIF($C$2:$BJ$2,BQ$2,$C34:$BJ34) -> 425.42719
A35: Прочие затраты | B35: Прочие | C35: =SUM(C31:C34)*Допущения!$C$67 -> 0 | D35: =SUM(D31:D34)*Допущения!$C$67 -> 0 | E35: =SUM(E31:E34)*Допущения!$C$67 -> 0 | F35: =SUM(F31:F34)*Допущения!$C$67 -> 29.5388 | G35: =SUM(G31:G34)*Допущения!$C$67 -> 30.524964 | H35: =SUM(H31:H34)*Допущения!$C$67 -> 30.524964 | I35: =SUM(I31:I34)*Допущения!$C$67 -> 30.524964 | J35: =SUM(J31:J34)*Допущения!$C$67 -> 30.524964 | ... BJ35: =SUM(BJ31:BJ34)*Допущения!$C$67 -> 34.828602 | BL35: =SUMIF($C$2:$BJ$2,BL$2,$C35:$BJ35) -> 29.5388 | BM35: =SUMIF($C$2:$BJ$2,BM$2,$C35:$BJ35) -> 366.29957 | BN35: =SUMIF($C$2:$BJ$2,BN$2,$C35:$BJ35) -> 378.54856 | BO35: =SUMIF($C$2:$BJ$2,BO$2,$C35:$BJ35) -> 391.22801 | BP35: =SUMIF($C$2:$BJ$2,BP$2,$C35:$BJ35) -> 404.354 | BQ35: =SUMIF($C$2:$BJ$2,BQ$2,$C35:$BJ35) -> 278.62882
A36: Итого | C36: =SUM(C31:C35)*'Анализ чувствительности'!$B$8/100 -> 0 | D36: =SUM(D31:D35)*'Анализ чувствительности'!$B$8/100 -> 0 | E36: =SUM(E31:E35)*'Анализ чувствительности'!$B$8/100 -> 0 | F36: =SUM(F31:F35)*'Анализ чувствительности'!$B$8/100 -> 1014.1655 | G36: =SUM(G31:G35)*'Анализ чувствительности'!$B$8/100 -> 1048.0238 | H36: =SUM(H31:H35)*'Анализ чувствительности'!$B$8/100 -> 1048.0238 | I36: =SUM(I31:I35)*'Анализ чувствительности'!$B$8/100 -> 1048.0238 | J36: =SUM(J31:J35)*'Анализ чувствительности'!$B$8/100 -> 1048.0238 | ... BJ36: =SUM(BJ31:BJ35)*'Анализ чувствительности'!$B$8/100 -> 1195.782 | BL36: =SUMIF($C$2:$BJ$2,BL$2,$C36:$BJ36) -> 1014.1655 | BM36: =SUMIF($C$2:$BJ$2,BM$2,$C36:$BJ36) -> 12576.285 | BN36: =SUMIF($C$2:$BJ$2,BN$2,$C36:$BJ36) -> 12996.834 | BO36: =SUMIF($C$2:$BJ$2,BO$2,$C36:$BJ36) -> 13432.162 | BP36: =SUMIF($C$2:$BJ$2,BP$2,$C36:$BJ36) -> 13882.821 | BQ36: =SUMIF($C$2:$BJ$2,BQ$2,$C36:$BJ36) -> 9566.2561
A38: Управленческие расходы, тыс. руб. без НДС
A39: Оплата труда | B39: Оплата труда | C39: =Персонал!C$75 -> 1151 | D39: =Персонал!D$75 -> 1151 | E39: =Персонал!E$75 -> 1151 | F39: =Персонал!F$75 -> 1151 | G39: =Персонал!G$75 -> 1185.53 | H39: =Персонал!H$75 -> 1185.53 | I39: =Персонал!I$75 -> 1185.53 | J39: =Персонал!J$75 -> 1185.53 | ... BJ39: =Персонал!BJ$75 -> 1334.3245 | BL39: =SUMIF($C$2:$BJ$2,BL$2,$C39:$BJ39) -> 4604 | BM39: =SUMIF($C$2:$BJ$2,BM$2,$C39:$BJ39) -> 14226.36 | BN39: =SUMIF($C$2:$BJ$2,BN$2,$C39:$BJ39) -> 14653.151 | BO39: =SUMIF($C$2:$BJ$2,BO$2,$C39:$BJ39) -> 15092.745 | BP39: =SUMIF($C$2:$BJ$2,BP$2,$C39:$BJ39) -> 15545.528 | BQ39: =SUMIF($C$2:$BJ$2,BQ$2,$C39:$BJ39) -> 10674.596
A40: Налоговые отчисления на ФОТ | B40: Налоговые отчисления на оплату труда | C40: =Персонал!C$101 -> 494.93 | D40: =Персонал!D$101 -> 494.93 | E40: =Персонал!E$101 -> 494.93 | F40: =Персонал!F$101 -> 494.93 | G40: =Персонал!G$101 -> 509.7779 | H40: =Персонал!H$101 -> 509.7779 | I40: =Персонал!I$101 -> 509.7779 | J40: =Персонал!J$101 -> 509.7779 | ... BJ40: =Персонал!BJ$101 -> 573.75952 | BL40: =SUMIF($C$2:$BJ$2,BL$2,$C40:$BJ40) -> 1979.72 | BM40: =SUMIF($C$2:$BJ$2,BM$2,$C40:$BJ40) -> 6117.3348 | BN40: =SUMIF($C$2:$BJ$2,BN$2,$C40:$BJ40) -> 6300.8548 | BO40: =SUMIF($C$2:$BJ$2,BO$2,$C40:$BJ40) -> 6489.8805 | BP40: =SUMIF($C$2:$BJ$2,BP$2,$C40:$BJ40) -> 6684.5769 | BQ40: =SUMIF($C$2:$BJ$2,BQ$2,$C40:$BJ40) -> 4590.0761
A41: =Цены!A47 -> Банковские услуги | B41: Прочие | C41: =IF(C$3<Допущения!$E$4,0,Цены!L47/1000) -> 0 | D41: =IF(D$3<Допущения!$E$4,0,Цены!M47/1000) -> 0 | E41: =IF(E$3<Допущения!$E$4,0,Цены!N47/1000) -> 0 | F41: =IF(F$3<Допущения!$E$4,0,Цены!O47/1000) -> 8.3333333 | G41: =IF(G$3<Допущения!$E$4,0,Цены!P47/1000) -> 8.75 | H41: =IF(H$3<Допущения!$E$4,0,Цены!Q47/1000) -> 8.75 | I41: =IF(I$3<Допущения!$E$4,0,Цены!R47/1000) -> 8.75 | J41: =IF(J$3<Допущения!$E$4,0,Цены!S47/1000) -> 8.75 | ... BJ41: =IF(BJ$3<Допущения!$E$4,0,Цены!BS47/1000) -> 10.63568 | BL41: =SUMIF($C$2:$BJ$2,BL$2,$C41:$BJ41) -> 8.3333333 | BM41: =SUMIF($C$2:$BJ$2,BM$2,$C41:$BJ41) -> 105 | BN41: =SUMIF($C$2:$BJ$2,BN$2,$C41:$BJ41) -> 110.25 | BO41: =SUMIF($C$2:$BJ$2,BO$2,$C41:$BJ41) -> 115.7625 | BP41: =SUMIF($C$2:$BJ$2,BP$2,$C41:$BJ41) -> 121.55063 | BQ41: =SUMIF($C$2:$BJ$2,BQ$2,$C41:$BJ41) -> 85.085438
A42: =Цены!A48 -> Интернет и связь | B42: Прочие | C42: =IF(C$3<Допущения!$E$4,0,Цены!L48/1000) -> 0 | D42: =IF(D$3<Допущения!$E$4,0,Цены!M48/1000) -> 0 | E42: =IF(E$3<Допущения!$E$4,0,Цены!N48/1000) -> 0 | F42: =IF(F$3<Допущения!$E$4,0,Цены!O48/1000) -> 8.3333333 | G42: =IF(G$3<Допущения!$E$4,0,Цены!P48/1000) -> 8.75 | H42: =IF(H$3<Допущения!$E$4,0,Цены!Q48/1000) -> 8.75 | I42: =IF(I$3<Допущения!$E$4,0,Цены!R48/1000) -> 8.75 | J42: =IF(J$3<Допущения!$E$4,0,Цены!S48/1000) -> 8.75 | ... BJ42: =IF(BJ$3<Допущения!$E$4,0,Цены!BS48/1000) -> 10.63568 | BL42: =SUMIF($C$2:$BJ$2,BL$2,$C42:$BJ42) -> 8.3333333 | BM42: =SUMIF($C$2:$BJ$2,BM$2,$C42:$BJ42) -> 105 | BN42: =SUMIF($C$2:$BJ$2,BN$2,$C42:$BJ42) -> 110.25 | BO42: =SUMIF($C$2:$BJ$2,BO$2,$C42:$BJ42) -> 115.7625 | BP42: =SUMIF($C$2:$BJ$2,BP$2,$C42:$BJ42) -> 121.55063 | BQ42: =SUMIF($C$2:$BJ$2,BQ$2,$C42:$BJ42) -> 85.085438
A43: =Цены!A49 -> Дезинфекция | B43: Прочие | C43: =IF(C$3<Допущения!$E$4,0,Цены!L49/1000) -> 0 | D43: =IF(D$3<Допущения!$E$4,0,Цены!M49/1000) -> 0 | E43: =IF(E$3<Допущения!$E$4,0,Цены!N49/1000) -> 0 | F43: =IF(F$3<Допущения!$E$4,0,Цены!O49/1000) -> 10 | G43: =IF(G$3<Допущения!$E$4,0,Цены!P49/1000) -> 10.5 | H43: =IF(H$3<Допущения!$E$4,0,Цены!Q49/1000) -> 10.5 | I43: =IF(I$3<Допущения!$E$4,0,Цены!R49/1000) -> 10.5 | J43: =IF(J$3<Допущения!$E$4,0,Цены!S49/1000) -> 10.5 | ... BJ43: =IF(BJ$3<Допущения!$E$4,0,Цены!BS49/1000) -> 12.762816 | BL43: =SUMIF($C$2:$BJ$2,BL$2,$C43:$BJ43) -> 10 | BM43: =SUMIF($C$2:$BJ$2,BM$2,$C43:$BJ43) -> 126 | BN43: =SUMIF($C$2:$BJ$2,BN$2,$C43:$BJ43) -> 132.3 | BO43: =SUMIF($C$2:$BJ$2,BO$2,$C43:$BJ43) -> 138.915 | BP43: =SUMIF($C$2:$BJ$2,BP$2,$C43:$BJ43) -> 145.86075 | BQ43: =SUMIF($C$2:$BJ$2,BQ$2,$C43:$BJ43) -> 102.10253
A44: =Цены!A50 -> Канцелярские товары | B44: Прочие | C44: =IF(C$3<Допущения!$E$4,0,Цены!L50/1000) -> 0 | D44: =IF(D$3<Допущения!$E$4,0,Цены!M50/1000) -> 0 | E44: =IF(E$3<Допущения!$E$4,0,Цены!N50/1000) -> 0 | F44: =IF(F$3<Допущения!$E$4,0,Цены!O50/1000) -> 4.1666667 | G44: =IF(G$3<Допущения!$E$4,0,Цены!P50/1000) -> 4.375 | H44: =IF(H$3<Допущения!$E$4,0,Цены!Q50/1000) -> 4.375 | I44: =IF(I$3<Допущения!$E$4,0,Цены!R50/1000) -> 4.375 | J44: =IF(J$3<Допущения!$E$4,0,Цены!S50/1000) -> 4.375 | ... BJ44: =IF(BJ$3<Допущения!$E$4,0,Цены!BS50/1000) -> 5.3178398 | BL44: =SUMIF($C$2:$BJ$2,BL$2,$C44:$BJ44) -> 4.1666667 | BM44: =SUMIF($C$2:$BJ$2,BM$2,$C44:$BJ44) -> 52.5 | BN44: =SUMIF($C$2:$BJ$2,BN$2,$C44:$BJ44) -> 55.125 | BO44: =SUMIF($C$2:$BJ$2,BO$2,$C44:$BJ44) -> 57.88125 | BP44: =SUMIF($C$2:$BJ$2,BP$2,$C44:$BJ44) -> 60.775313 | BQ44: =SUMIF($C$2:$BJ$2,BQ$2,$C44:$BJ44) -> 42.542719
A45: =Цены!A51 -> Расходы на поддержку сайта | B45: Прочие | C45: =IF(C$3<Допущения!$E$4,0,Цены!L51/1000) -> 0 | D45: =IF(D$3<Допущения!$E$4,0,Цены!M51/1000) -> 0 | E45: =IF(E$3<Допущения!$E$4,0,Цены!N51/1000) -> 0 | F45: =IF(F$3<Допущения!$E$4,0,Цены!O51/1000) -> 1.25 | G45: =IF(G$3<Допущения!$E$4,0,Цены!P51/1000) -> 1.3125 | H45: =IF(H$3<Допущения!$E$4,0,Цены!Q51/1000) -> 1.3125 | I45: =IF(I$3<Допущения!$E$4,0,Цены!R51/1000) -> 1.3125 | J45: =IF(J$3<Допущения!$E$4,0,Цены!S51/1000) -> 1.3125 | ... BJ45: =IF(BJ$3<Допущения!$E$4,0,Цены!BS51/1000) -> 1.595352 | BL45: =SUMIF($C$2:$BJ$2,BL$2,$C45:$BJ45) -> 1.25 | BM45: =SUMIF($C$2:$BJ$2,BM$2,$C45:$BJ45) -> 15.75 | BN45: =SUMIF($C$2:$BJ$2,BN$2,$C45:$BJ45) -> 16.5375 | BO45: =SUMIF($C$2:$BJ$2,BO$2,$C45:$BJ45) -> 17.364375 | BP45: =SUMIF($C$2:$BJ$2,BP$2,$C45:$BJ45) -> 18.232594 | BQ45: =SUMIF($C$2:$BJ$2,BQ$2,$C45:$BJ45) -> 12.762816
A46: =Цены!A52 -> - | B46: Прочие | C46: =IF(C$3<Допущения!$E$4,0,Цены!L52/1000) -> 0 | D46: =IF(D$3<Допущения!$E$4,0,Цены!M52/1000) -> 0 | E46: =IF(E$3<Допущения!$E$4,0,Цены!N52/1000) -> 0 | F46: =IF(F$3<Допущения!$E$4,0,Цены!O52/1000) -> 0 | G46: =IF(G$3<Допущения!$E$4,0,Цены!P52/1000) -> 0 | H46: =IF(H$3<Допущения!$E$4,0,Цены!Q52/1000) -> 0 | I46: =IF(I$3<Допущения!$E$4,0,Цены!R52/1000) -> 0 | J46: =IF(J$3<Допущения!$E$4,0,Цены!S52/1000) -> 0 | ... BJ46: =IF(BJ$3<Допущения!$E$4,0,Цены!BS52/1000) -> 0 | BL46: =SUMIF($C$2:$BJ$2,BL$2,$C46:$BJ46) -> 0 | BM46: =SUMIF($C$2:$BJ$2,BM$2,$C46:$BJ46) -> 0 | BN46: =SUMIF($C$2:$BJ$2,BN$2,$C46:$BJ46) -> 0 | BO46: =SUMIF($C$2:$BJ$2,BO$2,$C46:$BJ46) -> 0 | BP46: =SUMIF($C$2:$BJ$2,BP$2,$C46:$BJ46) -> 0 | BQ46: =SUMIF($C$2:$BJ$2,BQ$2,$C46:$BJ46) -> 0
A47: =Цены!A53 -> - | B47: Прочие | C47: =IF(C$3<Допущения!$E$4,0,Цены!L53/1000) -> 0 | D47: =IF(D$3<Допущения!$E$4,0,Цены!M53/1000) -> 0 | E47: =IF(E$3<Допущения!$E$4,0,Цены!N53/1000) -> 0 | F47: =IF(F$3<Допущения!$E$4,0,Цены!O53/1000) -> 0 | G47: =IF(G$3<Допущения!$E$4,0,Цены!P53/1000) -> 0 | H47: =IF(H$3<Допущения!$E$4,0,Цены!Q53/1000) -> 0 | I47: =IF(I$3<Допущения!$E$4,0,Цены!R53/1000) -> 0 | J47: =IF(J$3<Допущения!$E$4,0,Цены!S53/1000) -> 0 | ... BJ47: =IF(BJ$3<Допущения!$E$4,0,Цены!BS53/1000) -> 0 | BL47: =SUMIF($C$2:$BJ$2,BL$2,$C47:$BJ47) -> 0 | BM47: =SUMIF($C$2:$BJ$2,BM$2,$C47:$BJ47) -> 0 | BN47: =SUMIF($C$2:$BJ$2,BN$2,$C47:$BJ47) -> 0 | BO47: =SUMIF($C$2:$BJ$2,BO$2,$C47:$BJ47) -> 0 | BP47: =SUMIF($C$2:$BJ$2,BP$2,$C47:$BJ47) -> 0 | BQ47: =SUMIF($C$2:$BJ$2,BQ$2,$C47:$BJ47) -> 0
A48: =Цены!A54 -> - | B48: Прочие | C48: =IF(C$3<Допущения!$E$4,0,Цены!L54/1000) -> 0 | D48: =IF(D$3<Допущения!$E$4,0,Цены!M54/1000) -> 0 | E48: =IF(E$3<Допущения!$E$4,0,Цены!N54/1000) -> 0 | F48: =IF(F$3<Допущения!$E$4,0,Цены!O54/1000) -> 0 | G48: =IF(G$3<Допущения!$E$4,0,Цены!P54/1000) -> 0 | H48: =IF(H$3<Допущения!$E$4,0,Цены!Q54/1000) -> 0 | I48: =IF(I$3<Допущения!$E$4,0,Цены!R54/1000) -> 0 | J48: =IF(J$3<Допущения!$E$4,0,Цены!S54/1000) -> 0 | ... BJ48: =IF(BJ$3<Допущения!$E$4,0,Цены!BS54/1000) -> 0 | BL48: =SUMIF($C$2:$BJ$2,BL$2,$C48:$BJ48) -> 0 | BM48: =SUMIF($C$2:$BJ$2,BM$2,$C48:$BJ48) -> 0 | BN48: =SUMIF($C$2:$BJ$2,BN$2,$C48:$BJ48) -> 0 | BO48: =SUMIF($C$2:$BJ$2,BO$2,$C48:$BJ48) -> 0 | BP48: =SUMIF($C$2:$BJ$2,BP$2,$C48:$BJ48) -> 0 | BQ48: =SUMIF($C$2:$BJ$2,BQ$2,$C48:$BJ48) -> 0
A49: =Цены!A55 -> - | B49: Прочие | C49: =IF(C$3<Допущения!$E$4,0,Цены!L55/1000) -> 0 | D49: =IF(D$3<Допущения!$E$4,0,Цены!M55/1000) -> 0 | E49: =IF(E$3<Допущения!$E$4,0,Цены!N55/1000) -> 0 | F49: =IF(F$3<Допущения!$E$4,0,Цены!O55/1000) -> 0 | G49: =IF(G$3<Допущения!$E$4,0,Цены!P55/1000) -> 0 | H49: =IF(H$3<Допущения!$E$4,0,Цены!Q55/1000) -> 0 | I49: =IF(I$3<Допущения!$E$4,0,Цены!R55/1000) -> 0 | J49: =IF(J$3<Допущения!$E$4,0,Цены!S55/1000) -> 0 | ... BJ49: =IF(BJ$3<Допущения!$E$4,0,Цены!BS55/1000) -> 0 | BL49: =SUMIF($C$2:$BJ$2,BL$2,$C49:$BJ49) -> 0 | BM49: =SUMIF($C$2:$BJ$2,BM$2,$C49:$BJ49) -> 0 | BN49: =SUMIF($C$2:$BJ$2,BN$2,$C49:$BJ49) -> 0 | BO49: =SUMIF($C$2:$BJ$2,BO$2,$C49:$BJ49) -> 0 | BP49: =SUMIF($C$2:$BJ$2,BP$2,$C49:$BJ49) -> 0 | BQ49: =SUMIF($C$2:$BJ$2,BQ$2,$C49:$BJ49) -> 0
A50: Прочие затраты | B50: Прочие | C50: =SUM(C39:C49)*Допущения!$C$67 -> 49.3779 | D50: =SUM(D39:D49)*Допущения!$C$67 -> 49.3779 | E50: =SUM(E39:E49)*Допущения!$C$67 -> 49.3779 | F50: =SUM(F39:F49)*Допущения!$C$67 -> 50.3404 | G50: =SUM(G39:G49)*Допущения!$C$67 -> 51.869862 | H50: =SUM(H39:H49)*Допущения!$C$67 -> 51.869862 | I50: =SUM(I39:I49)*Допущения!$C$67 -> 51.869862 | J50: =SUM(J39:J49)*Допущения!$C$67 -> 51.869862 | ... BJ50: =SUM(BJ39:BJ49)*Допущения!$C$67 -> 58.47094 | BL50: =SUMIF($C$2:$BJ$2,BL$2,$C50:$BJ50) -> 198.4741 | BM50: =SUMIF($C$2:$BJ$2,BM$2,$C50:$BJ50) -> 622.43834 | BN50: =SUMIF($C$2:$BJ$2,BN$2,$C50:$BJ50) -> 641.35404 | BO50: =SUMIF($C$2:$BJ$2,BO$2,$C50:$BJ50) -> 660.84934 | BP50: =SUMIF($C$2:$BJ$2,BP$2,$C50:$BJ50) -> 680.94223 | BQ50: =SUMIF($C$2:$BJ$2,BQ$2,$C50:$BJ50) -> 467.76752
A51: Итого | C51: =SUM(C39:C50)*'Анализ чувствительности'!$B$8/100 -> 1695.3079 | D51: =SUM(D39:D50)*'Анализ чувствительности'!$B$8/100 -> 1695.3079 | E51: =SUM(E39:E50)*'Анализ чувствительности'!$B$8/100 -> 1695.3079 | F51: =SUM(F39:F50)*'Анализ чувствительности'!$B$8/100 -> 1728.3537 | G51: =SUM(G39:G50)*'Анализ чувствительности'!$B$8/100 -> 1780.8653 | H51: =SUM(H39:H50)*'Анализ чувствительности'!$B$8/100 -> 1780.8653 | I51: =SUM(I39:I50)*'Анализ чувствительности'!$B$8/100 -> 1780.8653 | J51: =SUM(J39:J50)*'Анализ чувствительности'!$B$8/100 -> 1780.8653 | ... BJ51: =SUM(BJ39:BJ50)*'Анализ чувствительности'!$B$8/100 -> 2007.5023 | BL51: =SUMIF($C$2:$BJ$2,BL$2,$C51:$BJ51) -> 6814.2774 | BM51: =SUMIF($C$2:$BJ$2,BM$2,$C51:$BJ51) -> 21370.383 | BN51: =SUMIF($C$2:$BJ$2,BN$2,$C51:$BJ51) -> 22019.822 | BO51: =SUMIF($C$2:$BJ$2,BO$2,$C51:$BJ51) -> 22689.161 | BP51: =SUMIF($C$2:$BJ$2,BP$2,$C51:$BJ51) -> 23379.017 | BQ51: =SUMIF($C$2:$BJ$2,BQ$2,$C51:$BJ51) -> 16060.018
A53: Итого: | C53: =(C28+C36+C51) -> 1695.3079 | D53: =(D28+D36+D51) -> 1695.3079 | E53: =(E28+E36+E51) -> 30621.141 | F53: =(F28+F36+F51) -> 70327.767 | G53: =(G28+G36+G51) -> 103967.95 | H53: =(H28+H36+H51) -> 134340.08 | I53: =(I28+I36+I51) -> 164712.2 | J53: =(J28+J36+J51) -> 164712.2 | ... BJ53: =(BJ28+BJ36+BJ51) -> 14483.087 | BL53: =SUMIF($C$2:$BJ$2,BL$2,$C53:$BJ53) -> 104339.52 | BM53: =SUMIF($C$2:$BJ$2,BM$2,$C53:$BJ53) -> 1885430 | BN53: =SUMIF($C$2:$BJ$2,BN$2,$C53:$BJ53) -> 2072318.7 | BO53: =SUMIF($C$2:$BJ$2,BO$2,$C53:$BJ53) -> 2172802.2 | BP53: =SUMIF($C$2:$BJ$2,BP$2,$C53:$BJ53) -> 2278230.2 | BQ53: =SUMIF($C$2:$BJ$2,BQ$2,$C53:$BJ53) -> 1407977.5
A55: Группировка затрат по экономическим элементам, тыс. руб. без НДС
A56: Оплата труда | C56: =SUMIF($B$8:$B$51,$A56,C$8:C$51) -> 1151 | D56: =SUMIF($B$8:$B$51,$A56,D$8:D$51) -> 1151 | E56: =SUMIF($B$8:$B$51,$A56,E$8:E$51) -> 1151 | F56: =SUMIF($B$8:$B$51,$A56,F$8:F$51) -> 7082 | G56: =SUMIF($B$8:$B$51,$A56,G$8:G$51) -> 7294.46 | H56: =SUMIF($B$8:$B$51,$A56,H$8:H$51) -> 7294.46 | I56: =SUMIF($B$8:$B$51,$A56,I$8:I$51) -> 7294.46 | J56: =SUMIF($B$8:$B$51,$A56,J$8:J$51) -> 7294.46 | ... BJ56: =SUMIF($B$8:$B$51,$A56,BJ$8:BJ$51) -> 8209.979 | BL56: =SUMIF($C$2:$BJ$2,BL$2,$C56:$BJ56) -> 10535 | BM56: =SUMIF($C$2:$BJ$2,BM$2,$C56:$BJ56) -> 87533.52 | BN56: =SUMIF($C$2:$BJ$2,BN$2,$C56:$BJ56) -> 90159.526 | BO56: =SUMIF($C$2:$BJ$2,BO$2,$C56:$BJ56) -> 92864.311 | BP56: =SUMIF($C$2:$BJ$2,BP$2,$C56:$BJ56) -> 95650.241 | BQ56: =SUMIF($C$2:$BJ$2,BQ$2,$C56:$BJ56) -> 65679.832 | BR56: =SUM(BL56:BQ56) -> 442422.43 | BS56: =BR56/$BR$64 -> 0.044594099
A57: Налоговые отчисления на оплату труда | C57: =SUMIF($B$8:$B$51,$A57,C$8:C$51) -> 494.93 | D57: =SUMIF($B$8:$B$51,$A57,D$8:D$51) -> 494.93 | E57: =SUMIF($B$8:$B$51,$A57,E$8:E$51) -> 494.93 | F57: =SUMIF($B$8:$B$51,$A57,F$8:F$51) -> 3045.26 | G57: =SUMIF($B$8:$B$51,$A57,G$8:G$51) -> 3136.6178 | H57: =SUMIF($B$8:$B$51,$A57,H$8:H$51) -> 3136.6178 | I57: =SUMIF($B$8:$B$51,$A57,I$8:I$51) -> 3136.6178 | J57: =SUMIF($B$8:$B$51,$A57,J$8:J$51) -> 3136.6178 | ... BJ57: =SUMIF($B$8:$B$51,$A57,BJ$8:BJ$51) -> 3530.291 | BL57: =SUMIF($C$2:$BJ$2,BL$2,$C57:$BJ57) -> 4530.05 | BM57: =SUMIF($C$2:$BJ$2,BM$2,$C57:$BJ57) -> 37639.414 | BN57: =SUMIF($C$2:$BJ$2,BN$2,$C57:$BJ57) -> 38768.596 | BO57: =SUMIF($C$2:$BJ$2,BO$2,$C57:$BJ57) -> 39931.654 | BP57: =SUMIF($C$2:$BJ$2,BP$2,$C57:$BJ57) -> 41129.604 | BQ57: =SUMIF($C$2:$BJ$2,BQ$2,$C57:$BJ57) -> 28242.328 | BR57: =SUM(BL57:BQ57) -> 190241.64 | BS57: =BR57/$BR$64 -> 0.019175463
A58: Сырье | C58: =SUMIF($B$8:$B$51,$A58,C$8:C$51) -> 0 | D58: =SUMIF($B$8:$B$51,$A58,D$8:D$51) -> 0 | E58: =SUMIF($B$8:$B$51,$A58,E$8:E$51) -> 28083.333 | F58: =SUMIF($B$8:$B$51,$A58,F$8:F$51) -> 56166.667 | G58: =SUMIF($B$8:$B$51,$A58,G$8:G$51) -> 88462.5 | H58: =SUMIF($B$8:$B$51,$A58,H$8:H$51) -> 117950 | I58: =SUMIF($B$8:$B$51,$A58,I$8:I$51) -> 147437.5 | J58: =SUMIF($B$8:$B$51,$A58,J$8:J$51) -> 147437.5 | ... BJ58: =SUMIF($B$8:$B$51,$A58,BJ$8:BJ$51) -> 0 | BL58: =SUMIF($C$2:$BJ$2,BL$2,$C58:$BJ58) -> 84250 | BM58: =SUMIF($C$2:$BJ$2,BM$2,$C58:$BJ58) -> 1680787.5 | BN58: =SUMIF($C$2:$BJ$2,BN$2,$C58:$BJ58) -> 1857712.5 | BO58: =SUMIF($C$2:$BJ$2,BO$2,$C58:$BJ58) -> 1950598.1 | BP58: =SUMIF($C$2:$BJ$2,BP$2,$C58:$BJ58) -> 2048128 | BQ58: =SUMIF($C$2:$BJ$2,BQ$2,$C58:$BJ58) -> 1254478.4 | BR58: =SUM(BL58:BQ58) -> 8875954.6 | BS58: =BR58/$BR$64 -> 0.89465446
A59: Материальные расходы | C59: =SUMIF($B$8:$B$51,$A59,C$8:C$51) -> 0 | D59: =SUMIF($B$8:$B$51,$A59,D$8:D$51) -> 0 | E59: =SUMIF($B$8:$B$51,$A59,E$8:E$51) -> 0 | F59: =SUMIF($B$8:$B$51,$A59,F$8:F$51) -> 41.666667 | G59: =SUMIF($B$8:$B$51,$A59,G$8:G$51) -> 43.75 | H59: =SUMIF($B$8:$B$51,$A59,H$8:H$51) -> 43.75 | I59: =SUMIF($B$8:$B$51,$A59,I$8:I$51) -> 43.75 | J59: =SUMIF($B$8:$B$51,$A59,J$8:J$51) -> 43.75 | ... BJ59: =SUMIF($B$8:$B$51,$A59,BJ$8:BJ$51) -> 53.178398 | BL59: =SUMIF($C$2:$BJ$2,BL$2,$C59:$BJ59) -> 41.666667 | BM59: =SUMIF($C$2:$BJ$2,BM$2,$C59:$BJ59) -> 525 | BN59: =SUMIF($C$2:$BJ$2,BN$2,$C59:$BJ59) -> 551.25 | BO59: =SUMIF($C$2:$BJ$2,BO$2,$C59:$BJ59) -> 578.8125 | BP59: =SUMIF($C$2:$BJ$2,BP$2,$C59:$BJ59) -> 607.75313 | BQ59: =SUMIF($C$2:$BJ$2,BQ$2,$C59:$BJ59) -> 425.42719 | BR59: =SUM(BL59:BQ59) -> 2729.9095 | BS59: =BR59/$BR$64 -> 0.00027516203
A60: Коммунальные расходы | C60: =SUMIF($B$8:$B$51,$A60,C$8:C$51) -> 0 | D60: =SUMIF($B$8:$B$51,$A60,D$8:D$51) -> 0 | E60: =SUMIF($B$8:$B$51,$A60,E$8:E$51) -> 0 | F60: =SUMIF($B$8:$B$51,$A60,F$8:F$51) -> 974 | G60: =SUMIF($B$8:$B$51,$A60,G$8:G$51) -> 1022.7 | H60: =SUMIF($B$8:$B$51,$A60,H$8:H$51) -> 1022.7 | I60: =SUMIF($B$8:$B$51,$A60,I$8:I$51) -> 1022.7 | J60: =SUMIF($B$8:$B$51,$A60,J$8:J$51) -> 1022.7 | ... BJ60: =SUMIF($B$8:$B$51,$A60,BJ$8:BJ$51) -> 1243.0982 | BL60: =SUMIF($C$2:$BJ$2,BL$2,$C60:$BJ60) -> 974 | BM60: =SUMIF($C$2:$BJ$2,BM$2,$C60:$BJ60) -> 12272.4 | BN60: =SUMIF($C$2:$BJ$2,BN$2,$C60:$BJ60) -> 12886.02 | BO60: =SUMIF($C$2:$BJ$2,BO$2,$C60:$BJ60) -> 13530.321 | BP60: =SUMIF($C$2:$BJ$2,BP$2,$C60:$BJ60) -> 14206.837 | BQ60: =SUMIF($C$2:$BJ$2,BQ$2,$C60:$BJ60) -> 9944.7859 | BR60: =SUM(BL60:BQ60) -> 63814.364 | BS60: =BR60/$BR$64 -> 0.0064321876
A61: Маркетинг и реклама | C61: =SUMIF($B$8:$B$51,$A61,C$8:C$51) -> 0 | D61: =SUMIF($B$8:$B$51,$A61,D$8:D$51) -> 0 | E61: =SUMIF($B$8:$B$51,$A61,E$8:E$51) -> 0 | F61: =SUMIF($B$8:$B$51,$A61,F$8:F$51) -> 166.66667 | G61: =SUMIF($B$8:$B$51,$A61,G$8:G$51) -> 175 | H61: =SUMIF($B$8:$B$51,$A61,H$8:H$51) -> 175 | I61: =SUMIF($B$8:$B$51,$A61,I$8:I$51) -> 175 | J61: =SUMIF($B$8:$B$51,$A61,J$8:J$51) -> 175 | ... BJ61: =SUMIF($B$8:$B$51,$A61,BJ$8:BJ$51) -> 212.71359 | BL61: =SUMIF($C$2:$BJ$2,BL$2,$C61:$BJ61) -> 166.66667 | BM61: =SUMIF($C$2:$BJ$2,BM$2,$C61:$BJ61) -> 2100 | BN61: =SUMIF($C$2:$BJ$2,BN$2,$C61:$BJ61) -> 2205 | BO61: =SUMIF($C$2:$BJ$2,BO$2,$C61:$BJ61) -> 2315.25 | BP61: =SUMIF($C$2:$BJ$2,BP$2,$C61:$BJ61) -> 2431.0125 | BQ61: =SUMIF($C$2:$BJ$2,BQ$2,$C61:$BJ61) -> 1701.7088 | BR61: =SUM(BL61:BQ61) -> 10919.638 | BS61: =BR61/$BR$64 -> 0.0011006481
A62: Прочие | C62: =SUMIF($B$8:$B$51,$A62,C$8:C$51) -> 49.3779 | D62: =SUMIF($B$8:$B$51,$A62,D$8:D$51) -> 49.3779 | E62: =SUMIF($B$8:$B$51,$A62,E$8:E$51) -> 891.8779 | F62: =SUMIF($B$8:$B$51,$A62,F$8:F$51) -> 2080.4649 | G62: =SUMIF($B$8:$B$51,$A62,G$8:G$51) -> 3061.8802 | H62: =SUMIF($B$8:$B$51,$A62,H$8:H$51) -> 3946.5052 | I62: =SUMIF($B$8:$B$51,$A62,I$8:I$51) -> 4831.1302 | J62: =SUMIF($B$8:$B$51,$A62,J$8:J$51) -> 4831.1302 | ... BJ62: =SUMIF($B$8:$B$51,$A62,BJ$8:BJ$51) -> 462.78486 | BL62: =SUMIF($C$2:$BJ$2,BL$2,$C62:$BJ62) -> 3071.0986 | BM62: =SUMIF($C$2:$BJ$2,BM$2,$C62:$BJ62) -> 55319.688 | BN62: =SUMIF($C$2:$BJ$2,BN$2,$C62:$BJ62) -> 60783.258 | BO62: =SUMIF($C$2:$BJ$2,BO$2,$C62:$BJ62) -> 63731.186 | BP62: =SUMIF($C$2:$BJ$2,BP$2,$C62:$BJ62) -> 66824.188 | BQ62: =SUMIF($C$2:$BJ$2,BQ$2,$C62:$BJ62) -> 41336.631 | BR62: =SUM(BL62:BQ62) -> 291066.05 | BS62: =BR62/$BR$64 -> 0.029338088
A63: Амортизация | C63: =SUMIF($B$8:$B$51,$A63,C$8:C$51) -> 0 | D63: =SUMIF($B$8:$B$51,$A63,D$8:D$51) -> 0 | E63: =SUMIF($B$8:$B$51,$A63,E$8:E$51) -> 0 | F63: =SUMIF($B$8:$B$51,$A63,F$8:F$51) -> 771.04206 | G63: =SUMIF($B$8:$B$51,$A63,G$8:G$51) -> 771.04206 | H63: =SUMIF($B$8:$B$51,$A63,H$8:H$51) -> 771.04206 | I63: =SUMIF($B$8:$B$51,$A63,I$8:I$51) -> 771.04206 | J63: =SUMIF($B$8:$B$51,$A63,J$8:J$51) -> 771.04206 | ... BJ63: =SUMIF($B$8:$B$51,$A63,BJ$8:BJ$51) -> 771.04206 | BL63: =SUMIF($C$2:$BJ$2,BL$2,$C63:$BJ63) -> 771.04206 | BM63: =SUMIF($C$2:$BJ$2,BM$2,$C63:$BJ63) -> 9252.5047 | BN63: =SUMIF($C$2:$BJ$2,BN$2,$C63:$BJ63) -> 9252.5047 | BO63: =SUMIF($C$2:$BJ$2,BO$2,$C63:$BJ63) -> 9252.5047 | BP63: =SUMIF($C$2:$BJ$2,BP$2,$C63:$BJ63) -> 9252.5047 | BQ63: =SUMIF($C$2:$BJ$2,BQ$2,$C63:$BJ63) -> 6168.3365 | BR63: =SUM(BL63:BQ63) -> 43949.397 | BS63: =BR63/$BR$64 -> 0.0044298925
A64: Итого по проекту: | C64: =SUM(C56:C63) -> 1695.3079 | D64: =SUM(D56:D63) -> 1695.3079 | E64: =SUM(E56:E63) -> 30621.141 | F64: =SUM(F56:F63) -> 70327.767 | G64: =SUM(G56:G63) -> 103967.95 | H64: =SUM(H56:H63) -> 134340.08 | I64: =SUM(I56:I63) -> 164712.2 | J64: =SUM(J56:J63) -> 164712.2 | ... BJ64: =SUM(BJ56:BJ63) -> 14483.087 | BL64: =SUMIF($C$2:$BJ$2,BL$2,$C64:$BJ64) -> 104339.52 | BM64: =SUMIF($C$2:$BJ$2,BM$2,$C64:$BJ64) -> 1885430 | BN64: =SUMIF($C$2:$BJ$2,BN$2,$C64:$BJ64) -> 2072318.7 | BO64: =SUMIF($C$2:$BJ$2,BO$2,$C64:$BJ64) -> 2172802.2 | BP64: =SUMIF($C$2:$BJ$2,BP$2,$C64:$BJ64) -> 2278230.2 | BQ64: =SUMIF($C$2:$BJ$2,BQ$2,$C64:$BJ64) -> 1407977.5 | BR64: =SUM(BL64:BQ64) -> 9921098
C66: Распределение затрат по группам (усредненно)

Sheet Налоги
A1: Квартал (порядковый № в году) | D1: =IF(OR(MONTH(D3)=1,MONTH(D3)=2,MONTH(D3)=3),1,IF(OR(MONTH(D3)=4,MONTH(D3)=5,MONTH(D3)=6),2,IF(OR(MONTH(D3)=7,MONTH(D3)=8,MONTH(D3)=9),3,4))) -> 3 | E1: =IF(OR(MONTH(E3)=1,MONTH(E3)=2,MONTH(E3)=3),1,IF(OR(MONTH(E3)=4,MONTH(E3)=5,MONTH(E3)=6),2,IF(OR(MONTH(E3)=7,MONTH(E3)=8,MONTH(E3)=9),3,4))) -> 4 | F1: =IF(OR(MONTH(F3)=1,MONTH(F3)=2,MONTH(F3)=3),1,IF(OR(MONTH(F3)=4,MONTH(F3)=5,MONTH(F3)=6),2,IF(OR(MONTH(F3)=7,MONTH(F3)=8,MONTH(F3)=9),3,4))) -> 4 | G1: =IF(OR(MONTH(G3)=1,MONTH(G3)=2,MONTH(G3)=3),1,IF(OR(MONTH(G3)=4,MONTH(G3)=5,MONTH(G3)=6),2,IF(OR(MONTH(G3)=7,MONTH(G3)=8,MONTH(G3)=9),3,4))) -> 4 | H1: =IF(OR(MONTH(H3)=1,MONTH(H3)=2,MONTH(H3)=3),1,IF(OR(MONTH(H3)=4,MONTH(H3)=5,MONTH(H3)=6),2,IF(OR(MONTH(H3)=7,MONTH(H3)=8,MONTH(H3)=9),3,4))) -> 1 | I1: =IF(OR(MONTH(I3)=1,MONTH(I3)=2,MONTH(I3)=3),1,IF(OR(MONTH(I3)=4,MONTH(I3)=5,MONTH(I3)=6),2,IF(OR(MONTH(I3)=7,MONTH(I3)=8,MONTH(I3)=9),3,4))) -> 1 | J1: =IF(OR(MONTH(J3)=1,MONTH(J3)=2,MONTH(J3)=3),1,IF(OR(MONTH(J3)=4,MONTH(J3)=5,MONTH(J3)=6),2,IF(OR(MONTH(J3)=7,MONTH(J3)=8,MONTH(J3)=9),3,4))) -> 1 | K1: =IF(OR(MONTH(K3)=1,MONTH(K3)=2,MONTH(K3)=3),1,IF(OR(MONTH(K3)=4,MONTH(K3)=5,MONTH(K3)=6),2,IF(OR(MONTH(K3)=7,MONTH(K3)=8,MONTH(K3)=9),3,4))) -> 2 | ... BK1: =IF(OR(MONTH(BK3)=1,MONTH(BK3)=2,MONTH(BK3)=3),1,IF(OR(MONTH(BK3)=4,MONTH(BK3)=5,MONTH(BK3)=6),2,IF(OR(MONTH(BK3)=7,MONTH(BK3)=8,MONTH(BK3)=9),3,4))) -> 3
A2: Год | D2: =YEAR(D3) -> 2025 | E2: =YEAR(E3) -> 2025 | F2: =YEAR(F3) -> 2025 | G2: =YEAR(G3) -> 2025 | H2: =YEAR(H3) -> 2026 | I2: =YEAR(I3) -> 2026 | J2: =YEAR(J3) -> 2026 | K2: =YEAR(K3) -> 2026 | ... BK2: =YEAR(BK3) -> 2030 | BM2: =YEAR(Допущения!C4) -> 2025 | BN2: =BM2+1 -> 2026 | BO2: =BN2+1 -> 2027 | BP2: =BO2+1 -> 2028 | BQ2: =BP2+1 -> 2029 | BR2: =BQ2+1 -> 2030
A3: Месяц | D3: =Допущения!C4 -> 45901 | E3: =DATE(YEAR(D3),MONTH(D3)+1,1) -> 45931 | F3: =DATE(YEAR(E3),MONTH(E3)+1,1) -> 45962 | G3: =DATE(YEAR(F3),MONTH(F3)+1,1) -> 45992 | H3: =DATE(YEAR(G3),MONTH(G3)+1,1) -> 46023 | I3: =DATE(YEAR(H3),MONTH(H3)+1,1) -> 46054 | J3: =DATE(YEAR(I3),MONTH(I3)+1,1) -> 46082 | K3: =DATE(YEAR(J3),MONTH(J3)+1,1) -> 46113 | L3: =DATE(YEAR(K3),MONTH(K3)+1,1) -> 46143 | ... BL3: =DATE(YEAR(BK3),MONTH(BK3)+1,1) -> 47727
A4: К-во дней в месяце | D4: =E3-D3 -> 30 | E4: =F3-E3 -> 31 | F4: =G3-F3 -> 30 | G4: =H3-G3 -> 31 | H4: =I3-H3 -> 31 | I4: =J3-I3 -> 28 | J4: =K3-J3 -> 31 | K4: =L3-K3 -> 30 | ... BK4: =BL3-BK3 -> 31
A5: Порядковый № периода | D5: 1 | E5: =D5+1 -> 2 | F5: =E5+1 -> 3 | G5: =F5+1 -> 4 | H5: =G5+1 -> 5 | I5: =H5+1 -> 6 | J5: =I5+1 -> 7 | K5: =J5+1 -> 8 | L5: =K5+1 -> 9 | ... BK5: =BJ5+1 -> 60
A7: Полученный НДС от контрагентов | B7: Ед. изм. | C7: Ставка
A8: Продукция | B8: тыс. руб. | C8: =Допущения!$C$68 -> 0.2 | D8: =$C8*Выручка!B19 -> 0 | E8: =$C8*Выручка!C19 -> 0 | F8: =$C8*Выручка!D19 -> 0 | G8: =$C8*Выручка!E19 -> 9672.6667 | H8: =$C8*Выручка!F19 -> 20312.6 | I8: =$C8*Выручка!G19 -> 30468.9 | J8: =$C8*Выручка!H19 -> 40625.2 | K8: =$C8*Выручка!I19 -> 50781.5 | ... BK8: =$C8*Выручка!BI19 -> 61725.231 | BM8: =SUMIF($D$2:$BK$2,BM$2,$D8:$BK8) -> 9672.6667 | BN8: =SUMIF($D$2:$BK$2,BN$2,$D8:$BK8) -> 548440.2 | BO8: =SUMIF($D$2:$BK$2,BO$2,$D8:$BK8) -> 639846.9 | BP8: =SUMIF($D$2:$BK$2,BP$2,$D8:$BK8) -> 671839.25 | BQ8: =SUMIF($D$2:$BK$2,BQ$2,$D8:$BK8) -> 705431.21 | BR8: =SUMIF($D$2:$BK$2,BR$2,$D8:$BK8) -> 493801.85
A9: Итого | B9: тыс. руб. | D9: =SUM(D8:D8) -> 0 | E9: =SUM(E8:E8) -> 0 | F9: =SUM(F8:F8) -> 0 | G9: =SUM(G8:G8) -> 9672.6667 | H9: =SUM(H8:H8) -> 20312.6 | I9: =SUM(I8:I8) -> 30468.9 | J9: =SUM(J8:J8) -> 40625.2 | K9: =SUM(K8:K8) -> 50781.5 | ... BK9: =SUM(BK8:BK8) -> 61725.231 | BM9: =SUMIF($D$2:$BK$2,BM$2,$D9:$BK9) -> 9672.6667 | BN9: =SUMIF($D$2:$BK$2,BN$2,$D9:$BK9) -> 548440.2 | BO9: =SUMIF($D$2:$BK$2,BO$2,$D9:$BK9) -> 639846.9 | BP9: =SUMIF($D$2:$BK$2,BP$2,$D9:$BK9) -> 671839.25 | BQ9: =SUMIF($D$2:$BK$2,BQ$2,$D9:$BK9) -> 705431.21 | BR9: =SUMIF($D$2:$BK$2,BR$2,$D9:$BK9) -> 493801.85
A11: Уплаченный НДС контрагентам | B11: Ед. изм. | C11: Ставка
A12: Капитальные вложения | B12: тыс. руб. | C12: =Допущения!$C$68 -> 0.2 | D12: =$C12*Капвложения!B$17 -> 21613.616 | E12: =$C12*Капвложения!C$17 -> 4068.1695 | F12: =$C12*Капвложения!D$17 -> 2712.113 | G12: =$C12*Капвложения!E$17 -> 0 | H12: =$C12*Капвложения!F$17 -> 0 | I12: =$C12*Капвложения!G$17 -> 0 | J12: =$C12*Капвложения!H$17 -> 0 | K12: =$C12*Капвложения!I$17 -> 0 | ... BK12: =$C12*Капвложения!BI$17 -> 0 | BM12: =SUMIF($D$2:$BK$2,BM$2,$D12:$BK12) -> 28393.898 | BN12: =SUMIF($D$2:$BK$2,BN$2,$D12:$BK12) -> 0 | BO12: =SUMIF($D$2:$BK$2,BO$2,$D12:$BK12) -> 0 | BP12: =SUMIF($D$2:$BK$2,BP$2,$D12:$BK12) -> 0 | BQ12: =SUMIF($D$2:$BK$2,BQ$2,$D12:$BK12) -> 0 | BR12: =SUMIF($D$2:$BK$2,BR$2,$D12:$BK12) -> 0
A13: Операционные затраты | B13: тыс. руб. | C13: =Допущения!$C$68 -> 0.2 | D13: =$C13*(Затраты!C64-Затраты!C63-Затраты!C57-Затраты!C56) -> 9.87558 | E13: =$C13*(Затраты!D64-Затраты!D63-Затраты!D57-Затраты!D56) -> 9.87558 | F13: =$C13*(Затраты!E64-Затраты!E63-Затраты!E57-Затраты!E56) -> 5795.0422 | G13: =$C13*(Затраты!F64-Затраты!F63-Затраты!F57-Затраты!F56) -> 11885.893 | H13: =$C13*(Затраты!G64-Затраты!G63-Затраты!G57-Затраты!G56) -> 18553.166 | I13: =$C13*(Затраты!H64-Затраты!H63-Затраты!H57-Затраты!H56) -> 24627.591 | J13: =$C13*(Затраты!I64-Затраты!I63-Затраты!I57-Затраты!I56) -> 30702.016 | K13: =$C13*(Затраты!J64-Затраты!J63-Затраты!J57-Затраты!J56) -> 30702.016 | ... BK13: =$C13*(Затраты!BJ64-Затраты!BJ63-Затраты!BJ57-Затраты!BJ56) -> 394.35502 | BM13: =SUMIF($D$2:$BK$2,BM$2,$D13:$BK13) -> 17700.686 | BN13: =SUMIF($D$2:$BK$2,BN$2,$D13:$BK13) -> 350200.92 | BO13: =SUMIF($D$2:$BK$2,BO$2,$D13:$BK13) -> 386827.61 | BP13: =SUMIF($D$2:$BK$2,BP$2,$D13:$BK13) -> 406150.74 | BQ13: =SUMIF($D$2:$BK$2,BQ$2,$D13:$BK13) -> 426439.56 | BR13: =SUMIF($D$2:$BK$2,BR$2,$D13:$BK13) -> 261577.39
A14: Итого | B14: тыс. руб. | D14: =SUM(D12:D13) -> 21623.491 | E14: =SUM(E12:E13) -> 4078.0451 | F14: =SUM(F12:F13) -> 8507.1552 | G14: =SUM(G12:G13) -> 11885.893 | H14: =SUM(H12:H13) -> 18553.166 | I14: =SUM(I12:I13) -> 24627.591 | J14: =SUM(J12:J13) -> 30702.016 | K14: =SUM(K12:K13) -> 30702.016 | ... BK14: =SUM(BK12:BK13) -> 394.35502 | BM14: =SUMIF($D$2:$BK$2,BM$2,$D14:$BK14) -> 46094.585 | BN14: =SUMIF($D$2:$BK$2,BN$2,$D14:$BK14) -> 350200.92 | BO14: =SUMIF($D$2:$BK$2,BO$2,$D14:$BK14) -> 386827.61 | BP14: =SUMIF($D$2:$BK$2,BP$2,$D14:$BK14) -> 406150.74 | BQ14: =SUMIF($D$2:$BK$2,BQ$2,$D14:$BK14) -> 426439.56 | BR14: =SUMIF($D$2:$BK$2,BR$2,$D14:$BK14) -> 261577.39
A16: Уплаченный НДС в бюджет | B16: Ед. изм.
A17: Остаток на начало НДС к возмещению | B17: тыс. руб. | D17: =C20 -> 0 | E17: =D20 -> 21623.491 | F17: =E20 -> 25701.536 | G17: =F20 -> 34208.692 | H17: =G20 -> 36421.918 | I17: =H20 -> 34662.484 | J17: =I20 -> 28821.175 | K17: =J20 -> 18897.991 | ... BK17: =BJ20 -> 0 | BM17: =SUMIF($D$2:$BK$2,BM$2,$D17:$BK17) -> 81533.72 | BN17: =SUMIF($D$2:$BK$2,BN$2,$D17:$BK17) -> 118803.57 | BO17: =SUMIF($D$2:$BK$2,BO$2,$D17:$BK17) -> 0 | BP17: =SUMIF($D$2:$BK$2,BP$2,$D17:$BK17) -> 0 | BQ17: =SUMIF($D$2:$BK$2,BQ$2,$D17:$BK17) -> 0 | BR17: =SUMIF($D$2:$BK$2,BR$2,$D17:$BK17) -> 0
A18: Уплаченный НДС | B18: тыс. руб. | D18: =D14 -> 21623.491 | E18: =E14 -> 4078.0451 | F18: =F14 -> 8507.1552 | G18: =G14 -> 11885.893 | H18: =H14 -> 18553.166 | I18: =I14 -> 24627.591 | J18: =J14 -> 30702.016 | K18: =K14 -> 30702.016 | ... BK18: =BK14 -> 394.35502 | BM18: =SUMIF($D$2:$BK$2,BM$2,$D18:$BK18) -> 46094.585 | BN18: =SUMIF($D$2:$BK$2,BN$2,$D18:$BK18) -> 350200.92 | BO18: =SUMIF($D$2:$BK$2,BO$2,$D18:$BK18) -> 386827.61 | BP18: =SUMIF($D$2:$BK$2,BP$2,$D18:$BK18) -> 406150.74 | BQ18: =SUMIF($D$2:$BK$2,BQ$2,$D18:$BK18) -> 426439.56 | BR18: =SUMIF($D$2:$BK$2,BR$2,$D18:$BK18) -> 261577.39
A19: Полученный НДС | B19: тыс. руб. | D19: =-D9 -> 0 | E19: =-E9 -> 0 | F19: =-F9 -> 0 | G19: =-G9 -> -9672.6667 | H19: =-H9 -> -20312.6 | I19: =-I9 -> -30468.9 | J19: =-J9 -> -40625.2 | K19: =-K9 -> -50781.5 | ... BK19: =-BK9 -> -61725.231 | BM19: =SUMIF($D$2:$BK$2,BM$2,$D19:$BK19) -> -9672.6667 | BN19: =SUMIF($D$2:$BK$2,BN$2,$D19:$BK19) -> -548440.2 | BO19: =SUMIF($D$2:$BK$2,BO$2,$D19:$BK19) -> -639846.9 | BP19: =SUMIF($D$2:$BK$2,BP$2,$D19:$BK19) -> -671839.25 | BQ19: =SUMIF($D$2:$BK$2,BQ$2,$D19:$BK19) -> -705431.21 | BR19: =SUMIF($D$2:$BK$2,BR$2,$D19:$BK19) -> -493801.85
A20: Остаток на конец НДС к возмещению | B20: тыс. руб. | D20: =IF(-D19>(D17+D18),0,SUM(D17:D19)) -> 21623.491 | E20: =IF(-E19>(E17+E18),0,SUM(E17:E19)) -> 25701.536 | F20: =IF(-F19>(F17+F18),0,SUM(F17:F19)) -> 34208.692 | G20: =IF(-G19>(G17+G18),0,SUM(G17:G19)) -> 36421.918 | H20: =IF(-H19>(H17+H18),0,SUM(H17:H19)) -> 34662.484 | I20: =IF(-I19>(I17+I18),0,SUM(I17:I19)) -> 28821.175 | J20: =IF(-J19>(J17+J18),0,SUM(J17:J19)) -> 18897.991 | K20: =IF(-K19>(K17+K18),0,SUM(K17:K19)) -> 0 | ... BK20: =IF(-BK19>(BK17+BK18),0,SUM(BK17:BK19)) -> 0 | BM20: =SUMIF($D$2:$BK$2,BM$2,$D20:$BK20) -> 117955.64 | BN20: =SUMIF($D$2:$BK$2,BN$2,$D20:$BK20) -> 82381.65 | BO20: =SUMIF($D$2:$BK$2,BO$2,$D20:$BK20) -> 0 | BP20: =SUMIF($D$2:$BK$2,BP$2,$D20:$BK20) -> 0 | BQ20: =SUMIF($D$2:$BK$2,BQ$2,$D20:$BK20) -> 0 | BR20: =SUMIF($D$2:$BK$2,BR$2,$D20:$BK20) -> 0
A21: Итого налоговых отчислений: | B21: тыс. руб. | D21: =IF(-D19>(D17+D18),SUM(D17:D19),0) -> 0 | E21: =IF(-E19>(E17+E18),SUM(E17:E19),0) -> 0 | F21: =IF(-F19>(F17+F18),SUM(F17:F19),0) -> 0 | G21: =IF(-G19>(G17+G18),SUM(G17:G19),0) -> 0 | H21: =IF(-H19>(H17+H18),SUM(H17:H19),0) -> 0 | I21: =IF(-I19>(I17+I18),SUM(I17:I19),0) -> 0 | J21: =IF(-J19>(J17+J18),SUM(J17:J19),0) -> 0 | K21: =IF(-K19>(K17+K18),SUM(K17:K19),0) -> -1181.4928 | ... BK21: =IF(-BK19>(BK17+BK18),SUM(BK17:BK19),0) -> -61330.876 | BM21: =SUMIF($D$2:$BK$2,BM$2,$D21:$BK21) -> 0 | BN21: =SUMIF($D$2:$BK$2,BN$2,$D21:$BK21) -> -161817.36 | BO21: =SUMIF($D$2:$BK$2,BO$2,$D21:$BK21) -> -253019.29 | BP21: =SUMIF($D$2:$BK$2,BP$2,$D21:$BK21) -> -265688.51 | BQ21: =SUMIF($D$2:$BK$2,BQ$2,$D21:$BK21) -> -278991.64 | BR21: =SUMIF($D$2:$BK$2,BR$2,$D21:$BK21) -> -232224.45
A23: Налогообложение прибыли предприятия | B23: Ед. изм.
A24: Ставка налога | B24: % | D24: =Допущения!$C$69 -> 0.25 | E24: =Допущения!$C$69 -> 0.25 | F24: =Допущения!$C$69 -> 0.25 | G24: =Допущения!$C$69 -> 0.25 | H24: =Допущения!$C$69 -> 0.25 | I24: =Допущения!$C$69 -> 0.25 | J24: =Допущения!$C$69 -> 0.25 | K24: =Допущения!$C$69 -> 0.25 | ... BK24: =Допущения!$C$69 -> 0.25 | BM24: =IF(ISERR(AVERAGEIF($D$2:$BK$2,BM$2,$D24:$BK24)),0,AVERAGEIF($D$2:$BK$2,BM$2,$D24:$BK24)) -> 0.25 | BN24: =IF(ISERR(AVERAGEIF($D$2:$BK$2,BN$2,$D24:$BK24)),0,AVERAGEIF($D$2:$BK$2,BN$2,$D24:$BK24)) -> 0.25 | BO24: =IF(ISERR(AVERAGEIF($D$2:$BK$2,BO$2,$D24:$BK24)),0,AVERAGEIF($D$2:$BK$2,BO$2,$D24:$BK24)) -> 0.25 | BP24: =IF(ISERR(AVERAGEIF($D$2:$BK$2,BP$2,$D24:$BK24)),0,AVERAGEIF($D$2:$BK$2,BP$2,$D24:$BK24)) -> 0.25 | BQ24: =IF(ISERR(AVERAGEIF($D$2:$BK$2,BQ$2,$D24:$BK24)),0,AVERAGEIF($D$2:$BK$2,BQ$2,$D24:$BK24)) -> 0.25 | BR24: =IF(ISERR(AVERAGEIF($D$2:$BK$2,BR$2,$D24:$BK24)),0,AVERAGEIF($D$2:$BK$2,BR$2,$D24:$BK24)) -> 0.25
A25: Налоговая база | B25: тыс. руб. | D25: =ОПУ!B17 -> -4820.3079 | E25: =ОПУ!C17 -> -4793.6892 | F25: =ОПУ!D17 -> -33692.349 | G25: =ОПУ!E17 -> -25007.902 | H25: =ОПУ!F17 -> -5420.1014 | I25: =ОПУ!G17 -> 15018.181 | J25: =ОПУ!H17 -> 35457.065 | K25: =ОПУ!I17 -> 86268.69 | ... BK25: =ОПУ!BI17 -> 294053.22 | BM25: =SUMIF($D$2:$BK$2,BM$2,$D25:$BK25) -> -68314.249 | BN25: =SUMIF($D$2:$BK$2,BN$2,$D25:$BK25) -> 822635.95 | BO25: =SUMIF($D$2:$BK$2,BO$2,$D25:$BK25) -> 1098029.8 | BP25: =SUMIF($D$2:$BK$2,BP$2,$D25:$BK25) -> 1164230.5 | BQ25: =SUMIF($D$2:$BK$2,BQ$2,$D25:$BK25) -> 1235372 | BR25: =SUMIF($D$2:$BK$2,BR$2,$D25:$BK25) -> 1057946.5
A26: Итого налоговых отчислений: | B26: тыс. руб. | D26: =IF(MONTH(D$3)=1,D28,IF((D28-C28)<0,0,(D28-C28))) -> 0 | E26: =IF(MONTH(E$3)=1,E28,IF((E28-D28)<0,0,(E28-D28))) -> 0 | F26: =IF(MONTH(F$3)=1,F28,IF((F28-E28)<0,0,(F28-E28))) -> 0 | G26: =IF(MONTH(G$3)=1,G28,IF((G28-F28)<0,0,(G28-F28))) -> 0 | H26: =IF(MONTH(H$3)=1,H28,IF((H28-G28)<0,0,(H28-G28))) -> 0 | I26: =IF(MONTH(I$3)=1,I28,IF((I28-H28)<0,0,(I28-H28))) -> 0 | J26: =IF(MONTH(J$3)=1,J28,IF((J28-I28)<0,0,(J28-I28))) -> 0 | K26: =IF(MONTH(K$3)=1,K28,IF((K28-J28)<0,0,(K28-J28))) -> 15752.396 | ... BK26: =IF(MONTH(BK$3)=1,BK28,IF((BK28-BJ28)<0,0,(BK28-BJ28))) -> 73513.304 | BM26: =SUMIF($D$2:$BK$2,BM$2,$D26:$BK26) -> 0 | BN26: =SUMIF($D$2:$BK$2,BN$2,$D26:$BK26) -> 188580.43 | BO26: =SUMIF($D$2:$BK$2,BO$2,$D26:$BK26) -> 274507.44 | BP26: =SUMIF($D$2:$BK$2,BP$2,$D26:$BK26) -> 291057.61 | BQ26: =SUMIF($D$2:$BK$2,BQ$2,$D26:$BK26) -> 308842.99 | BR26: =SUMIF($D$2:$BK$2,BR$2,$D26:$BK26) -> 264486.63
A28: Налог с начала года | B28: тыс. руб. | D28: =D24*IF(D30<0,0,D30) -> 0 | E28: =E24*IF(E30<0,0,E30) -> 0 | F28: =F24*IF(F30<0,0,F30) -> 0 | G28: =G24*IF(G30<0,0,G30) -> 0 | H28: =H24*IF(H30<0,0,H30) -> 0 | I28: =I24*IF(I30<0,0,I30) -> 0 | J28: =J24*IF(J30<0,0,J30) -> 0 | K28: =K24*IF(K30<0,0,K30) -> 15752.396 | ... BK28: =BK24*IF(BK30<0,0,BK30) -> 264486.63
A29: Прибыль с начала года | B29: тыс. руб. | D29: =IF(MONTH(D$3)=1,D25,C29+D25) -> -4820.3079 | E29: =IF(MONTH(E$3)=1,E25,D29+E25) -> -9613.9971 | F29: =IF(MONTH(F$3)=1,F25,E29+F25) -> -43306.346 | G29: =IF(MONTH(G$3)=1,G25,F29+G25) -> -68314.249 | H29: =IF(MONTH(H$3)=1,H25,G29+H25) -> -5420.1014 | I29: =IF(MONTH(I$3)=1,I25,H29+I25) -> 9598.0794 | J29: =IF(MONTH(J$3)=1,J25,I29+J25) -> 45055.145 | K29: =IF(MONTH(K$3)=1,K25,J29+K25) -> 131323.83 | ... BK29: =IF(MONTH(BK$3)=1,BK25,BJ29+BK25) -> 1057946.5
A30: Прибыль с начала года за минусом накопленного убытка | B30: тыс. руб. | D30: =IF(AND(MONTH(D$3)=1,C30>0),D25,C30+D25) -> -4820.3079 | E30: =IF(AND(MONTH(E$3)=1,D30>0),E25,D30+E25) -> -9613.9971 | F30: =IF(AND(MONTH(F$3)=1,E30>0),F25,E30+F25) -> -43306.346 | G30: =IF(AND(MONTH(G$3)=1,F30>0),G25,F30+G25) -> -68314.249 | H30: =IF(AND(MONTH(H$3)=1,G30>0),H25,G30+H25) -> -73734.35 | I30: =IF(AND(MONTH(I$3)=1,H30>0),I25,H30+I25) -> -58716.169 | J30: =IF(AND(MONTH(J$3)=1,I30>0),J25,I30+J25) -> -23259.104 | K30: =IF(AND(MONTH(K$3)=1,J30>0),K25,J30+K25) -> 63009.586 | ... BK30: =IF(AND(MONTH(BK$3)=1,BJ30>0),BK25,BJ30+BK25) -> 1057946.5
A33: Распределение налогов | C33: Сумма | D33: =YEAR(Допущения!C4) -> 2025 | E33: =D33+1 -> 2026 | F33: =E33+1 -> 2027 | G33: =F33+1 -> 2028 | H33: =G33+1 -> 2029 | I33: =H33+1 -> 2030
A34: НДС | B34: тыс. руб. | C34: =SUM(D34:I34) -> 1191741.3 | D34: =-SUMIF($D$2:$BK$2,D33,$D$21:$BK$21) -> 0 | E34: =-SUMIF($D$2:$BK$2,E33,$D$21:$BK$21) -> 161817.36 | F34: =-SUMIF($D$2:$BK$2,F33,$D$21:$BK$21) -> 253019.29 | G34: =-SUMIF($D$2:$BK$2,G33,$D$21:$BK$21) -> 265688.51 | H34: =-SUMIF($D$2:$BK$2,H33,$D$21:$BK$21) -> 278991.64 | I34: =-SUMIF($D$2:$BK$2,I33,$D$21:$BK$21) -> 232224.45
A35: Налог на прибыль предприятия | B35: тыс. руб. | C35: =SUM(D35:I35) -> 1327475.1 | D35: =SUMIF($D$2:$BK$2,D33,$D$26:$BK$26) -> 0 | E35: =SUMIF($D$2:$BK$2,E33,$D$26:$BK$26) -> 188580.43 | F35: =SUMIF($D$2:$BK$2,F33,$D$26:$BK$26) -> 274507.44 | G35: =SUMIF($D$2:$BK$2,G33,$D$26:$BK$26) -> 291057.61 | H35: =SUMIF($D$2:$BK$2,H33,$D$26:$BK$26) -> 308842.99 | I35: =SUMIF($D$2:$BK$2,I33,$D$26:$BK$26) -> 264486.63
A36: Налог на ФОТ | B36: тыс. руб. | C36: =SUM(D36:I36) -> 190241.64 | D36: =SUMIF(Персонал!$BL$2:$BQ$2,Налоги!D33,Персонал!$BL$109:$BQ$109) -> 4530.05 | E36: =SUMIF(Персонал!$BL$2:$BQ$2,Налоги!E33,Персонал!$BL$109:$BQ$109) -> 37639.414 | F36: =SUMIF(Персонал!$BL$2:$BQ$2,Налоги!F33,Персонал!$BL$109:$BQ$109) -> 38768.596 | G36: =SUMIF(Персонал!$BL$2:$BQ$2,Налоги!G33,Персонал!$BL$109:$BQ$109) -> 39931.654 | H36: =SUMIF(Персонал!$BL$2:$BQ$2,Налоги!H33,Персонал!$BL$109:$BQ$109) -> 41129.604 | I36: =SUMIF(Персонал!$BL$2:$BQ$2,Налоги!I33,Персонал!$BL$109:$BQ$109) -> 28242.328

Sheet СОК
A1: Квартал (порядковый № в году) | C1: =IF(OR(MONTH(C3)=1,MONTH(C3)=2,MONTH(C3)=3),1,IF(OR(MONTH(C3)=4,MONTH(C3)=5,MONTH(C3)=6),2,IF(OR(MONTH(C3)=7,MONTH(C3)=8,MONTH(C3)=9),3,4))) -> 3 | D1: =IF(OR(MONTH(D3)=1,MONTH(D3)=2,MONTH(D3)=3),1,IF(OR(MONTH(D3)=4,MONTH(D3)=5,MONTH(D3)=6),2,IF(OR(MONTH(D3)=7,MONTH(D3)=8,MONTH(D3)=9),3,4))) -> 4 | E1: =IF(OR(MONTH(E3)=1,MONTH(E3)=2,MONTH(E3)=3),1,IF(OR(MONTH(E3)=4,MONTH(E3)=5,MONTH(E3)=6),2,IF(OR(MONTH(E3)=7,MONTH(E3)=8,MONTH(E3)=9),3,4))) -> 4 | F1: =IF(OR(MONTH(F3)=1,MONTH(F3)=2,MONTH(F3)=3),1,IF(OR(MONTH(F3)=4,MONTH(F3)=5,MONTH(F3)=6),2,IF(OR(MONTH(F3)=7,MONTH(F3)=8,MONTH(F3)=9),3,4))) -> 4 | G1: =IF(OR(MONTH(G3)=1,MONTH(G3)=2,MONTH(G3)=3),1,IF(OR(MONTH(G3)=4,MONTH(G3)=5,MONTH(G3)=6),2,IF(OR(MONTH(G3)=7,MONTH(G3)=8,MONTH(G3)=9),3,4))) -> 1 | H1: =IF(OR(MONTH(H3)=1,MONTH(H3)=2,MONTH(H3)=3),1,IF(OR(MONTH(H3)=4,MONTH(H3)=5,MONTH(H3)=6),2,IF(OR(MONTH(H3)=7,MONTH(H3)=8,MONTH(H3)=9),3,4))) -> 1 | I1: =IF(OR(MONTH(I3)=1,MONTH(I3)=2,MONTH(I3)=3),1,IF(OR(MONTH(I3)=4,MONTH(I3)=5,MONTH(I3)=6),2,IF(OR(MONTH(I3)=7,MONTH(I3)=8,MONTH(I3)=9),3,4))) -> 1 | J1: =IF(OR(MONTH(J3)=1,MONTH(J3)=2,MONTH(J3)=3),1,IF(OR(MONTH(J3)=4,MONTH(J3)=5,MONTH(J3)=6),2,IF(OR(MONTH(J3)=7,MONTH(J3)=8,MONTH(J3)=9),3,4))) -> 2 | ... BJ1: =IF(OR(MONTH(BJ3)=1,MONTH(BJ3)=2,MONTH(BJ3)=3),1,IF(OR(MONTH(BJ3)=4,MONTH(BJ3)=5,MONTH(BJ3)=6),2,IF(OR(MONTH(BJ3)=7,MONTH(BJ3)=8,MONTH(BJ3)=9),3,4))) -> 3
A2: Год | C2: =YEAR(C3) -> 2025 | D2: =YEAR(D3) -> 2025 | E2: =YEAR(E3) -> 2025 | F2: =YEAR(F3) -> 2025 | G2: =YEAR(G3) -> 2026 | H2: =YEAR(H3) -> 2026 | I2: =YEAR(I3) -> 2026 | J2: =YEAR(J3) -> 2026 | ... BJ2: =YEAR(BJ3) -> 2030 | BL2: =YEAR(C3) -> 2025 | BM2: =BL2+1 -> 2026 | BN2: =BM2+1 -> 2027 | BO2: =BN2+1 -> 2028 | BP2: =BO2+1 -> 2029 | BQ2: =BP2+1 -> 2030
A3: Месяц | C3: =Допущения!$C$4 -> 45901 | D3: =DATE(YEAR(C3),MONTH(C3)+1,1) -> 45931 | E3: =DATE(YEAR(D3),MONTH(D3)+1,1) -> 45962 | F3: =DATE(YEAR(E3),MONTH(E3)+1,1) -> 45992 | G3: =DATE(YEAR(F3),MONTH(F3)+1,1) -> 46023 | H3: =DATE(YEAR(G3),MONTH(G3)+1,1) -> 46054 | I3: =DATE(YEAR(H3),MONTH(H3)+1,1) -> 46082 | J3: =DATE(YEAR(I3),MONTH(I3)+1,1) -> 46113 | K3: =DATE(YEAR(J3),MONTH(J3)+1,1) -> 46143 | ... BK3: =DATE(YEAR(BJ3),MONTH(BJ3)+1,1) -> 47727
A4: К-во дней в месяце | C4: =D3-C3 -> 30 | D4: =E3-D3 -> 31 | E4: =F3-E3 -> 30 | F4: =G3-F3 -> 31 | G4: =H3-G3 -> 31 | H4: =I3-H3 -> 28 | I4: =J3-I3 -> 31 | J4: =K3-J3 -> 30 | ... BJ4: =BK3-BJ3 -> 31
A5: Порядковый № периода | C5: 1 | D5: =C5+1 -> 2 | E5: =D5+1 -> 3 | F5: =E5+1 -> 4 | G5: =F5+1 -> 5 | H5: =G5+1 -> 6 | I5: =H5+1 -> 7 | J5: =I5+1 -> 8 | K5: =J5+1 -> 9 | ... BJ5: =BI5+1 -> 60
A8: Собственный оборотный капитал, тыс. руб. без НДС
A9: Запасы | C9: =SUM(C10:C12) -> 0 | D9: =SUM(D10:D12) -> 0 | E9: =SUM(E10:E12) -> 9361.1111 | F9: =SUM(F10:F12) -> 22818.763 | G9: =SUM(G10:G12) -> 38386.137 | H9: =SUM(H10:H12) -> 58471.063 | I9: =SUM(I10:I12) -> 67239.008 | J9: =SUM(J10:J12) -> 74558.458 | ... BJ9: =SUM(BJ10:BJ12) -> 4551.6718 | BL9: =SUMIF($C$2:$BJ$2,BL$2,$C9:$BJ9) -> 32179.875 | BM9: =SUMIF($C$2:$BJ$2,BM$2,$C9:$BJ9) -> 823096.77 | BN9: =SUMIF($C$2:$BJ$2,BN$2,$C9:$BJ9) -> 927350.89 | BO9: =SUMIF($C$2:$BJ$2,BO$2,$C9:$BJ9) -> 739857.28 | BP9: =SUMIF($C$2:$BJ$2,BP$2,$C9:$BJ9) -> 725515.48 | BQ9: =SUMIF($C$2:$BJ$2,BQ$2,$C9:$BJ9) -> 450376.79
A10: - Сырье и материалы | C10: =C21 -> 0 | D10: =D21 -> 0 | E10: =E21 -> 9361.1111 | F10: =F21 -> 18138.441 | G10: =G21 -> 28557.46 | H10: =H21 -> 42148.438 | I10: =I21 -> 47581.653 | J10: =J21 -> 49167.708 | ... BJ10: =BJ21 -> 25.731483 | BL10: =SUMIF($C$2:$BJ$2,BL$2,$C10:$BJ10) -> 27499.552 | BM10: =SUMIF($C$2:$BJ$2,BM$2,$C10:$BJ10) -> 552866.65 | BN10: =SUMIF($C$2:$BJ$2,BN$2,$C10:$BJ10) -> 611543.2 | BO10: =SUMIF($C$2:$BJ$2,BO$2,$C10:$BJ10) -> 640117.62 | BP10: =SUMIF($C$2:$BJ$2,BP$2,$C10:$BJ10) -> 674226.38 | BQ10: =SUMIF($C$2:$BJ$2,BQ$2,$C10:$BJ10) -> 414928.72
A11: - Готовая продукция и товары для перепродажи | C11: =C26 -> 0 | D11: =D26 -> 0 | E11: =E26 -> 0 | F11: =F26 -> 4680.3226 | G11: =G26 -> 9828.6774 | H11: =H26 -> 16322.625 | I11: =I26 -> 19657.355 | J11: =J26 -> 25390.75 | ... BJ11: =BJ26 -> 4525.9403 | BL11: =SUMIF($C$2:$BJ$2,BL$2,$C11:$BJ11) -> 4680.3226 | BM11: =SUMIF($C$2:$BJ$2,BM$2,$C11:$BJ11) -> 270230.12 | BN11: =SUMIF($C$2:$BJ$2,BN$2,$C11:$BJ11) -> 315807.69 | BO11: =SUMIF($C$2:$BJ$2,BO$2,$C11:$BJ11) -> 99739.663 | BP11: =SUMIF($C$2:$BJ$2,BP$2,$C11:$BJ11) -> 51289.103 | BQ11: =SUMIF($C$2:$BJ$2,BQ$2,$C11:$BJ11) -> 35448.068
A12: - Расходы будущих периодов | C12: 0 | D12: 0 | E12: 0 | F12: 0 | G12: 0 | H12: 0 | I12: 0 | J12: 0 | K12: 0 | L12: 0 | M12: 0 | N12: 0 | O12: 0 | P12: 0 | Q12: 0 | R12: 0 | S12: 0 | T12: 0 | U12: 0 | V12: 0 | W12: 0 | X12: 0 | Y12: 0 | Z12: 0 | AA12: 0 | AB12: 0 | AC12: 0 | AD12: 0 | AE12: 0 | AF12: 0 | AG12: 0 | AH12: 0 | AI12: 0 | AJ12: 0 | AK12: 0 | AL12: 0 | AM12: 0 | AN12: 0 | AO12: 0 | AP12: 0 | AQ12: 0 | AR12: 0 | AS12: 0 | AT12: 0 | AU12: 0 | AV12: 0 | AW12: 0 | AX12: 0 | AY12: 0 | AZ12: 0 | BA12: 0 | BB12: 0 | BC12: 0 | BD12: 0 | BE12: 0 | BF12: 0 | BG12: 0 | BH12: 0 | BI12: 0 | BJ12: 0 | BL12: =SUMIF($C$2:$BJ$2,BL$2,$C12:$BJ12) -> 0 | BM12: =SUMIF($C$2:$BJ$2,BM$2,$C12:$BJ12) -> 0 | BN12: =SUMIF($C$2:$BJ$2,BN$2,$C12:$BJ12) -> 0 | BO12: =SUMIF($C$2:$BJ$2,BO$2,$C12:$BJ12) -> 0 | BP12: =SUMIF($C$2:$BJ$2,BP$2,$C12:$BJ12) -> 0 | BQ12: =SUMIF($C$2:$BJ$2,BQ$2,$C12:$BJ12) -> 0
A13: Дебиторская задолженность | C13: =Выручка!B$19*СОК!$B38/СОК!C$4 -> 0 | D13: =Выручка!C$19*СОК!$B38/СОК!D$4 -> 0 | E13: =Выручка!D$19*СОК!$B38/СОК!E$4 -> 0 | F13: =Выручка!E$19*СОК!$B38/СОК!F$4 -> 21841.505 | G13: =Выручка!F$19*СОК!$B38/СОК!G$4 -> 45867.161 | H13: =Выручка!G$19*СОК!$B38/СОК!H$4 -> 76172.25 | I13: =Выручка!H$19*СОК!$B38/СОК!I$4 -> 91734.323 | J13: =Выручка!I$19*СОК!$B38/СОК!J$4 -> 118490.17 | ... BJ13: =Выручка!BI$19*СОК!$B38/СОК!BJ$4 -> 139379.55 | BL13: =SUMIF($C$2:$BJ$2,BL$2,$C13:$BJ13) -> 21841.505 | BM13: =SUMIF($C$2:$BJ$2,BM$2,$C13:$BJ13) -> 1261073.9 | BN13: =SUMIF($C$2:$BJ$2,BN$2,$C13:$BJ13) -> 1473769.2 | BO13: =SUMIF($C$2:$BJ$2,BO$2,$C13:$BJ13) -> 1542631.3 | BP13: =SUMIF($C$2:$BJ$2,BP$2,$C13:$BJ13) -> 1624830.6 | BQ13: =SUMIF($C$2:$BJ$2,BQ$2,$C13:$BJ13) -> 1139261.9
A14: Кредиторская задолженность | C14: =(Затраты!C64-Затраты!C57-Затраты!C56-Затраты!C63+(-Налоги!D$21)+Налоги!D$26)*СОК!$B39/СОК!C$4+СОК!C30 -> 872.3429 | D14: =(Затраты!D64-Затраты!D57-Затраты!D56-Затраты!D63+(-Налоги!E$21)+Налоги!E$26)*СОК!$B39/СОК!D$4+СОК!D30 -> 844.20281 | E14: =(Затраты!E64-Затраты!E57-Затраты!E56-Затраты!E63+(-Налоги!F$21)+Налоги!F$26)*СОК!$B39/СОК!E$4+СОК!E30 -> 29798.176 | F14: =(Затраты!F64-Затраты!F57-Затраты!F56-Затраты!F63+(-Налоги!G$21)+Налоги!G$26)*СОК!$B39/СОК!F$4+СОК!F30 -> 62412.672 | G14: =(Затраты!G64-Затраты!G57-Затраты!G56-Затраты!G63+(-Налоги!H$21)+Налоги!H$26)*СОК!$B39/СОК!G$4+СОК!G30 -> 94820.68 | H14: =(Затраты!H64-Затраты!H57-Затраты!H56-Затраты!H63+(-Налоги!I$21)+Налоги!I$26)*СОК!$B39/СОК!H$4+СОК!H30 -> 137521.6 | I14: =(Затраты!I64-Затраты!I57-Затраты!I56-Затраты!I63+(-Налоги!J$21)+Налоги!J$26)*СОК!$B39/СОК!I$4+СОК!I30 -> 153605.44 | J14: =(Затраты!J64-Затраты!J57-Затраты!J56-Затраты!J63+(-Налоги!K$21)+Налоги!K$26)*СОК!$B39/СОК!J$4+СОК!J30 -> 175659.51 | ... BJ14: =(Затраты!BJ64-Затраты!BJ57-Затраты!BJ56-Затраты!BJ63+(-Налоги!BK$21)+Налоги!BK$26)*СОК!$B39/СОК!BJ$4+СОК!BJ30 -> 138083.31 | BL14: =SUMIF($C$2:$BJ$2,BL$2,$C14:$BJ14) -> 93927.394 | BM14: =SUMIF($C$2:$BJ$2,BM$2,$C14:$BJ14) -> 2132552.2 | BN14: =SUMIF($C$2:$BJ$2,BN$2,$C14:$BJ14) -> 2493627.2 | BO14: =SUMIF($C$2:$BJ$2,BO$2,$C14:$BJ14) -> 2611582.8 | BP14: =SUMIF($C$2:$BJ$2,BP$2,$C14:$BJ14) -> 2752544.2 | BQ14: =SUMIF($C$2:$BJ$2,BQ$2,$C14:$BJ14) -> 1832890.9
A15: Потребность в СОК | C15: =C13+C9-C14 -> -872.3429 | D15: =D13+D9-D14 -> -844.20281 | E15: =E13+E9-E14 -> -20437.065 | F15: =F13+F9-F14 -> -17752.404 | G15: =G13+G9-G14 -> -10567.381 | H15: =H13+H9-H14 -> -2878.2883 | I15: =I13+I9-I14 -> 5367.8928 | J15: =J13+J9-J14 -> 17389.117 | ... BJ15: =BJ13+BJ9-BJ14 -> 5847.9125 | BL15: =SUMIF($C$2:$BJ$2,BL$2,$C15:$BJ15) -> -39906.014 | BM15: =SUMIF($C$2:$BJ$2,BM$2,$C15:$BJ15) -> -48381.546 | BN15: =SUMIF($C$2:$BJ$2,BN$2,$C15:$BJ15) -> -92507.08 | BO15: =SUMIF($C$2:$BJ$2,BO$2,$C15:$BJ15) -> -329094.22 | BP15: =SUMIF($C$2:$BJ$2,BP$2,$C15:$BJ15) -> -402198.14 | BQ15: =SUMIF($C$2:$BJ$2,BQ$2,$C15:$BJ15) -> -243252.21
A16: Изменение СОК | C16: =C15-B15 -> -872.3429 | D16: =D15-C15 -> 28.140094 | E16: =E15-D15 -> -19592.862 | F16: =F15-E15 -> 2684.6615 | G16: =G15-F15 -> 7185.0223 | H16: =H15-G15 -> 7689.0931 | I16: =I15-H15 -> 8246.1811 | J16: =J15-I15 -> 12021.224 | ... BJ16: =BJ15-BI15 -> 40632.367 | BL16: =BL15-BK15 -> -39906.014 | BM16: =BM15-BL15 -> -8475.5317 | BN16: =BN15-BM15 -> -44125.533 | BO16: =BO15-BN15 -> -236587.14 | BP16: =BP15-BO15 -> -73103.923 | BQ16: =BQ15-BP15 -> 158945.93
A18: Сырье и материалы, тыс. руб. без НДС
